Workbook
Name Pensioen_dropdown: Data_overig!$B$7:$B$8

Sheet Stap 1. Handleiding
A1: Handleiding
B3: In dit tabblad beschrijven we stap voor stap de wijze waarop de rekentool kosten wijkverpleging gebruikt dient te worden.
B6: Stap 1. Handleiding
B7: 0. | C7: Voor de betekenis van de verschillende kleurenvelden kunt u onderstaande legenda gebruiken. De lichtgroene velden dient u in te vullen.
B17: Stap 2. Invulblad
B18: 1. | C18: Vul bij 'kosten van de beroepskracht' de schalen en de gewogen gemiddelde periodiek in voor wijkverpleging. Vul vervolgens in welk percentage van de functiemix wordt ingezet voor inhuur. Tot slot vul je voor de schalen en periodieken het aantal fte in voor de wijkverpleging. De functiemix wordt vervolgens automatisch berekend. LET OP: DE REEDS INGEVULDE PERIODIEK IS EEN VOORBEELD, DIE TIJDENS HET INVULLEN AANGEPAST DIENT TE WORDEN.
B19: 1a. | C19: De vooringevulde schalen en periodieken dienen uitdrukkelijk als suggestie. Het is mogelijk om dezelfde schaal meerdere keren te selecteren, waardoor er meerdere periodieken voor dezelfde schaal kunnen worden gekozen indien dit wenselijk is. Een schaal/periodiek-combinatie kan ook leeg worden gelaten, let er dan op dat het vak voor de schalenmix ook leeg wordt gelaten. Het bruto uurloon behorend bij de gekozen schaal en periodiek wordt vervolgens met de functies index en vergelijken gezocht op het tabblad CAO VVT. Het is mogelijk om het bruto uurloon te indexeren.
B20: 2. | C20: Vul vervolgens de gemiddelde opslag voor ORT in (op totaalniveau of per schaal), in procenten en indien deze in de CAO zijn afgesproken, de eenmalige uitkeringen per FTE in euro's.
B21: 3. | C21: Vervolgens kunnen de sociale lasten worden ingevuld. Dit kan op twee manieren, door een vast percentage in te vullen (dat daarmee geldt voor alle schalen) of door dit zelf te berekenen. In de eerste vraag in het blok Sociale lasten kiest u of u wilt werken met een 'opslag' (vaste opslag) of 'berekening'. Indien u kiest voor een vaste opslag, dan kunt u vervolgens uw eigen opslagpercentage invullen. Indien u kiest voor een berekening, wordt op basis van de werkelijke percentages per caoschaal een opslag berekend, hiervoor dient u een aantal percentages zelf in te vullen op basis van de eigen situatie.
B22: 4. | C22: De niet-productieve uren kunnen worden ingevuld door deze uit te splitsen naar de verschillende categorieën. Hier kan een percentage worden ingevuld voor aanvullend verlof, ziekteverzuim (hiervoor wordt een suggestie gegeven), doorbetaalde pauzes, scholing, professionele ontwikkeling, administratie en overleg en no-show. Voor het insturen van het rekenmodel naar zorgverzekeraars is het verplicht om percentages in te vullen voor verlof, aanvullend verlof, ziekteverzuim en zakelijke reistijd. Vul tevens het aantal declarabele uren per jaar voor ingehuurd personeel in (indien van toepassing).
B23: 5. | C23: Vul vervolgens bij reiskosten de gemiddelde materiële reiskosten per declarabel uur in. Reiskosten moeten worden omgerekend naar kosten per declarabel uur en in euro's worden ingevuld.
B24: 6. | C24: Vul bij overheadkosten de procentuele kosten (als percentage van totale kosten) voor het overheadpersoneel, inhuur/uitbesteding van overheadtaken, materiële overheadkosten, kosten voor vastgoed en overige materiële personele kosten in als percentage van de totale kosten. Definities staan op het tabblad "Uitgangspunten". Voor vastgoed betreft het hier de vastgoedkosten die zijn toe te schrijven aan de geleverde zorg plus de vastgoedkosten die gepaard gaat met overheadpersoneel/-diensten (kantoren). Deze kosten worden ingevuld als % van de totale kosten. Vervolgens wordt onderaan elk tabblad dit percentage van de totale kosten omgerekend naar een opslag op het uurloon primair proces door de percentages te delen door het percentage voor de kosten van het personeel voor het primair proces.
B25: 7. | C25: Vul vervolgens de opslagen in voor risico, marge en innovatie als percentage. Indien het rekenmodel wordt ingestuurd naar de zorgverzekeraar en er worden percentages opgenomen bij respectievelijk risico-opslag, innovatie en marge, dan is hierbij een toelichting per onderwerp verplicht. Deze kan worden op het tabblad "Stap 4. Algemene toelichting".
B26: 8. | C26: Vul tot slot de overige opbrengsten in. Dit betreft opbrengsten buiten het integraal tarief Zvw wijkverpleging. Ook zorg binnen de Zvw wijkverpleging die op een andere manier wordt bekostigd (zoals een regionale lumpsum afspraak voor onplanbare nachtzorg, thuiszorgtechnologie en netwerkzorg dementie) valt buiten beschouwing van deze rekentool (zowel in de kosten als in de opbrengsten). Vul eerst de totale opbrengst voor de organisatie per jaar in. Geef vervolgens aan welk deel van de opbrengst betrekking heeft op de Zvw wijkverpleging.
B28: Stap 3. Uitkomsten rekentool
B29: 1. | C29: Op dit tabblad wordt op basis van de cao-afspraken en de ingevulde gegevens de bruto en netto gewogen kostprijs per uur berekend. De uiteindelijke gewogen kostprijs staat helemaal rechts in de tabel op de regel die wordt aangegeven met "gewogen totale kosten per uur netto". Een grafische weergave van de opbouw van de kostprijs staat hier boven van.
B31: Stap 4. Algemene toelichting
B32: 1. | C32: Op dit tabblad kan een algemene toelichting worden gegeven bij de input die is geleverd op de overige tabbladen. Daarnaast worden een aantal algemene organisatiegegevens uitgevraagd.

Sheet Stap 2. Invulblad
A1: Integrale kostprijs per uur wijkverpleging - cao VVT
B3: Vul hier de benodigde gegevens in (groene cellen). Voor de legenda en uitleg zie het tabblad 'Stap 1. Handleiding'.
A5: Opbouw van de kosten
B7: Kosten van de beroepskracht
B8: Bron: cao VVT 2025-2026
B9: Salarisschaal | C9: Indexatie % | S9: Leerlingen | T9: Inhuurkosten* | V9: * Dit zijn de inhuurkosten per uur incl. alle opslagen zoals sociale lasten, reiskosten, overheadkosten etc. Houd hierbij rekening dat u later nog een correctie kan aanbrengen voor de niet-productieve uren.
B10: Periodiek (gewogen gemiddelde) | S10: n.v.t. | T10: n.v.t.
D11: =D9&"_"&D10 -> _ | E11: =E9&"_"&E10 -> _ | F11: =F9&"_"&F10 -> _ | G11: =G9&"_"&G10 -> _ | H11: =H9&"_"&H10 -> _ | I11: =I9&"_"&I10 -> _ | J11: =J9&"_"&J10 -> _ | K11: =K9&"_"&K10 -> _ | ... T11: =T9&"_"&T10 -> Inhuurkosten*_n.v.t.
B13: Bruto uurloon (kalenderjaar 2025) | D13: =IF(D16>D15,D16,D15) | E13: =IF(E16>E15,E16,E15) | F13: =IF(F16>F15,F16,F15) | G13: =IF(G16>G15,G16,G15) | H13: =IF(H16>H15,H16,H15) | I13: =IF(I16>I15,I16,I15) | J13: =IF(J16>J15,J16,J15) | K13: =IF(K16>K15,K16,K15) | ... R13: =IF(R16>R15,R16,R15) | V13: Staat standaard op kalenderjaar 2025. Dit kan aangepast worden op het tabblad CAO_VVT.
B14: Bruto uurloon geïndexeerd | D14: =IF(D13="","",D13*(1+$C14)) | E14: =IF(E13="","",E13*(1+$C14)) | F14: =IF(F13="","",F13*(1+$C14)) | G14: =IF(G13="","",G13*(1+$C14)) | H14: =IF(H13="","",H13*(1+$C14)) | I14: =IF(I13="","",I13*(1+$C14)) | J14: =IF(J13="","",J13*(1+$C14)) | K14: =IF(K13="","",K13*(1+$C14)) | ... S14: =IF(S13="","",S13*(1+$C14)) | T14: =IF(T13="","",T13) | V14: Vul hier indien nodig het indexatiepercentage t.o.v. het bruto-uurloon. De inhuurkosten worden niet geïndexeerd.
B15: Bruto uurloon o.b.v. cao VVT | D15: =IFERROR(INDEX(CAO_VVT!$CA$17:$CA$237,MATCH('Stap 2. Invulblad'!D11,CAO_VVT!$BW$17:$BW$237,0)),"") | E15: =IFERROR(INDEX(CAO_VVT!$CA$17:$CA$237,MATCH('Stap 2. Invulblad'!E11,CAO_VVT!$BW$17:$BW$237,0)),"") | F15: =IFERROR(INDEX(CAO_VVT!$CA$17:$CA$237,MATCH('Stap 2. Invulblad'!F11,CAO_VVT!$BW$17:$BW$237,0)),"") | G15: =IFERROR(INDEX(CAO_VVT!$CA$17:$CA$237,MATCH('Stap 2. Invulblad'!G11,CAO_VVT!$BW$17:$BW$237,0)),"") | H15: =IFERROR(INDEX(CAO_VVT!$CA$17:$CA$237,MATCH('Stap 2. Invulblad'!H11,CAO_VVT!$BW$17:$BW$237,0)),"") | I15: =IFERROR(INDEX(CAO_VVT!$CA$17:$CA$237,MATCH('Stap 2. Invulblad'!I11,CAO_VVT!$BW$17:$BW$237,0)),"") | J15: =IFERROR(INDEX(CAO_VVT!$CA$17:$CA$237,MATCH('Stap 2. Invulblad'!J11,CAO_VVT!$BW$17:$BW$237,0)),"") | K15: =IFERROR(INDEX(CAO_VVT!$CA$17:$CA$237,MATCH('Stap 2. Invulblad'!K11,CAO_VVT!$BW$17:$BW$237,0)),"") | ... R15: =IFERROR(INDEX(CAO_VVT!$CA$17:$CA$237,MATCH('Stap 2. Invulblad'!R11,CAO_VVT!$BW$17:$BW$237,0)),"")
B16: Wettelijk minimumloon per 1 januari 2023 | D16: =IF(D11="_","",CAO_VVT!$D$11) | E16: =IF(E11="_","",CAO_VVT!$D$11) | F16: =IF(F11="_","",CAO_VVT!$D$11) | G16: =IF(G11="_","",CAO_VVT!$D$11) | H16: =IF(H11="_","",CAO_VVT!$D$11) | I16: =IF(I11="_","",CAO_VVT!$D$11) | J16: =IF(J11="_","",CAO_VVT!$D$11) | K16: =IF(K11="_","",CAO_VVT!$D$11) | ... R16: =IF(R11="_","",CAO_VVT!$D$11)
B18: Schalenmix | D18: =IFERROR((100%-$T18)*(D19/SUM($D19:$S19)),"") | E18: =IFERROR((100%-$T18)*(E19/SUM($D19:$S19)),"") | F18: =IFERROR((100%-$T18)*(F19/SUM($D19:$S19)),"") | G18: =IFERROR((100%-$T18)*(G19/SUM($D19:$S19)),"") | H18: =IFERROR((100%-$T18)*(H19/SUM($D19:$S19)),"") | I18: =IFERROR((100%-$T18)*(I19/SUM($D19:$S19)),"") | J18: =IFERROR((100%-$T18)*(J19/SUM($D19:$S19)),"") | K18: =IFERROR((100%-$T18)*(K19/SUM($D19:$S19)),"") | ... S18: =IFERROR((100%-$T18)*(S19/SUM($D19:$S19)),"") | V18: Vul hier het percentage van de functiemix in voor de inhuur.
B19: Gemiddeld aantal fte voor Zvw wijkverpleging | V19: Vul hier het gemiddeld aantal fte per jaar per loonschaal/periodiek in voor de Zvw wijkverpleging.
B20: Schalenmix eigen personeel (PIL) | C20: =SUM(D20:T20) -> 0 | D20: =IFERROR((D19/SUM($D19:$S19)),"") | E20: =IFERROR((E19/SUM($D19:$S19)),"") | F20: =IFERROR((F19/SUM($D19:$S19)),"") | G20: =IFERROR((G19/SUM($D19:$S19)),"") | H20: =IFERROR((H19/SUM($D19:$S19)),"") | I20: =IFERROR((I19/SUM($D19:$S19)),"") | J20: =IFERROR((J19/SUM($D19:$S19)),"") | K20: =IFERROR((K19/SUM($D19:$S19)),"") | ... S20: =IFERROR((S19/SUM($D19:$S19)),"")
B22: Totaal schalenmix + inhuur % | C22: =SUM(D18:T18) -> 0
B24: Onregelmatigheidstoeslag (ORT)
B26: Wilt u het ORT percentage voor alle schalen gelijk houden?
C27: Totaal | D27: =IF(D9="","",CONCATENATE("FWG",D9)) | E27: =IF(E9="","",CONCATENATE("FWG",E9)) | F27: =IF(F9="","",CONCATENATE("FWG",F9)) | G27: =IF(G9="","",CONCATENATE("FWG",G9)) | H27: =IF(H9="","",CONCATENATE("FWG",H9)) | I27: =IF(I9="","",CONCATENATE("FWG",I9)) | J27: =IF(J9="","",CONCATENATE("FWG",J9)) | K27: =IF(K9="","",CONCATENATE("FWG",K9)) | ... R27: =IF(R9="","",CONCATENATE("FWG",R9)) | S27: =IF(S9="","",CONCATENATE(,S9)) -> Leerlingen
B28: Opslag ORT | V28: Van toepassing op avond/nacht/weekend-diensten. Houdt hierbij rekening dat de correctie voor productiviteit ook over de opslag ort plaatsvindt.
B30: ORT: daadwerkelijk gebruikte percentages | D30: =IF($C$26="Ja",$C$28,D28) -> 0 | E30: =IF($C$26="Ja",$C$28,E28) -> 0 | F30: =IF($C$26="Ja",$C$28,F28) -> 0 | G30: =IF($C$26="Ja",$C$28,G28) -> 0 | H30: =IF($C$26="Ja",$C$28,H28) -> 0 | I30: =IF($C$26="Ja",$C$28,I28) -> 0 | J30: =IF($C$26="Ja",$C$28,J28) -> 0 | K30: =IF($C$26="Ja",$C$28,K28) -> 0 | ... S30: =IF($C$26="Ja",$C$28,S28) -> 0
B32: Cao-gebonden kosten
B34: Opslag eindejaarsuitkering | C34: 0.0833 | E34: Op basis van artikel 4.2.11
B36: Minimale eindejaarsuitkering | C36: =((2604.43*CAO_VVT!D6)+(2708.61*CAO_VVT!D7))/CAO_VVT!$D$10 -> 1.4145474 | E36: Op basis van artikel 4.2.11. Op basis van de gehanteerde weging zoals ingevuld op het tabblad CAO VVT.
B38: Opslag vakantiegeld | C38: 0.08 | E38: Op basis van artikel 4.2.12
B40: Minimale vakantietoeslag | C40: =((2466.41*CAO_VVT!D6)+(2565.07*CAO_VVT!D7))/CAO_VVT!$D$10 -> 1.3395847 | E40: Op basis van artikel 4.2.12, minimum toeslag gedeeld door gemiddeld aantal uren op jaarbasis. Op basis van de gehanteerde weging zoals ingevuld op het tabblad CAO VVT.
B42: Eenmalige uitkeringen (totaal per FTE, in euro) | E42: Eenmalig uitkeringen die voortkomen uit CAO afspraken, totaal per FTE
B44: Sociale lasten
B46: Manier van berekening | E46: Er kan zowel met één "opslag' worden gerekend, als met een stapsgewijze berekening
B48: Sociale lasten: opslag | C48: %
B50: Opslag sociale lasten | E50: Voor definitie zie tabblad uitgangspunten
B52: Sociale lasten: berekening
B54: =B9 -> Salarisschaal | D54: =IF(D9="","",CONCATENATE("FWG",D9)) | E54: =IF(E9="","",CONCATENATE("FWG",E9)) | F54: =IF(F9="","",CONCATENATE("FWG",F9)) | G54: =IF(G9="","",CONCATENATE("FWG",G9)) | H54: =IF(H9="","",CONCATENATE("FWG",H9)) | I54: =IF(I9="","",CONCATENATE("FWG",I9)) | J54: =IF(J9="","",CONCATENATE("FWG",J9)) | K54: =IF(K9="","",CONCATENATE("FWG",K9)) | ... R54: =IF(R9="","",CONCATENATE("FWG",R9)) | S54: =IF(S9="","",CONCATENATE(,S9)) -> Leerlingen
B55: =B10 -> Periodiek (gewogen gemiddelde) | D55: =IF(D9="","",D10) | E55: =IF(E9="","",E10) | F55: =IF(F9="","",F10) | G55: =IF(G9="","",G10) | H55: =IF(H9="","",H10) | I55: =IF(I9="","",I10) | J55: =IF(J9="","",J10) | K55: =IF(K9="","",K10) | ... S55: =IF(S9="","",S10) -> n.v.t.
B57: Fulltime salaris | D57: =IF(D14="","",'Stap 3. Uitkomsten rekentool'!D38*CAO_VVT!$D$10) | E57: =IF(E14="","",'Stap 3. Uitkomsten rekentool'!E38*CAO_VVT!$D$10) | F57: =IF(F14="","",'Stap 3. Uitkomsten rekentool'!F38*CAO_VVT!$D$10) | G57: =IF(G14="","",'Stap 3. Uitkomsten rekentool'!G38*CAO_VVT!$D$10) | H57: =IF(H14="","",'Stap 3. Uitkomsten rekentool'!H38*CAO_VVT!$D$10) | I57: =IF(I14="","",'Stap 3. Uitkomsten rekentool'!I38*CAO_VVT!$D$10) | J57: =IF(J14="","",'Stap 3. Uitkomsten rekentool'!J38*CAO_VVT!$D$10) | K57: =IF(K14="","",'Stap 3. Uitkomsten rekentool'!K38*CAO_VVT!$D$10) | ... S57: =IF(S14="","",'Stap 3. Uitkomsten rekentool'!S38*CAO_VVT!$D$10)
B58: OP premie (werkgeversdeel + werknemersdeel) (25,80% in 2025) | D58: =IF(D14="","",$C58) | E58: =IF(E14="","",$C58) | F58: =IF(F14="","",$C58) | G58: =IF(G14="","",$C58) | H58: =IF(H14="","",$C58) | I58: =IF(I14="","",$C58) | J58: =IF(J14="","",$C58) | K58: =IF(K14="","",$C58) | ... S58: =IF(S14="","",$C58)
B59: AOW franchise (€ 16.655,00 in 2025) | D59: =IF(D14="","",$C59) | E59: =IF(E14="","",$C59) | F59: =IF(F14="","",$C59) | G59: =IF(G14="","",$C59) | H59: =IF(H14="","",$C59) | I59: =IF(I14="","",$C59) | J59: =IF(J14="","",$C59) | K59: =IF(K14="","",$C59) | ... S59: =IF(S14="","",$C59)
B60: OP premie per jaar | D60: =IF(D14="","",(D57-D59)*D58) | E60: =IF(E14="","",(E57-E59)*E58) | F60: =IF(F14="","",(F57-F59)*F58) | G60: =IF(G14="","",(G57-G59)*G58) | H60: =IF(H14="","",(H57-H59)*H58) | I60: =IF(I14="","",(I57-I59)*I58) | J60: =IF(J14="","",(J57-J59)*J58) | K60: =IF(K14="","",(K57-K59)*K58) | ... S60: =IF(S14="","",(S57-S59)*S58)
B61: Werkgeversdeel OP (obv cao) | C61: =Data_overig!$B$28 -> 0.5 | D61: =IF(D14="","",(D60/D57)*$C61) | E61: =IF(E14="","",(E60/E57)*$C61) | F61: =IF(F14="","",(F60/F57)*$C61) | G61: =IF(G14="","",(G60/G57)*$C61) | H61: =IF(H14="","",(H60/H57)*$C61) | I61: =IF(I14="","",(I60/I57)*$C61) | J61: =IF(J14="","",(J60/J57)*$C61) | K61: =IF(K14="","",(K60/K57)*$C61) | ... S61: =IF(S14="","",(S60/S57)*$C61)
B62: AP premie (werkgeversdeel + werknemersdeel) (0,50% in 2025) | D62: =IF(D14="","",$C62) | E62: =IF(E14="","",$C62) | F62: =IF(F14="","",$C62) | G62: =IF(G14="","",$C62) | H62: =IF(H14="","",$C62) | I62: =IF(I14="","",$C62) | J62: =IF(J14="","",$C62) | K62: =IF(K14="","",$C62) | ... S62: =IF(S14="","",$C62)
B63: AP franchise (€ 28.405,00 in 2025) | D63: =IF(D14="","",$C63) | E63: =IF(E14="","",$C63) | F63: =IF(F14="","",$C63) | G63: =IF(G14="","",$C63) | H63: =IF(H14="","",$C63) | I63: =IF(I14="","",$C63) | J63: =IF(J14="","",$C63) | K63: =IF(K14="","",$C63) | ... S63: =IF(S14="","",$C63)
B64: AP premie per jaar | D64: =IF(D14="","",(D57-D63)*D62) | E64: =IF(E14="","",(E57-E63)*E62) | F64: =IF(F14="","",(F57-F63)*F62) | G64: =IF(G14="","",(G57-G63)*G62) | H64: =IF(H14="","",(H57-H63)*H62) | I64: =IF(I14="","",(I57-I63)*I62) | J64: =IF(J14="","",(J57-J63)*J62) | K64: =IF(K14="","",(K57-K63)*K62) | ... S64: =IF(S14="","",(S57-S63)*S62)
B65: Werkgeversdeel AP (obv cao) | C65: =Data_overig!$B$31 -> 0.5 | D65: =IF(D14="","",(D64/D57)*$C65) | E65: =IF(E14="","",(E64/E57)*$C65) | F65: =IF(F14="","",(F64/F57)*$C65) | G65: =IF(G14="","",(G64/G57)*$C65) | H65: =IF(H14="","",(H64/H57)*$C65) | I65: =IF(I14="","",(I64/I57)*$C65) | J65: =IF(J14="","",(J64/J57)*$C65) | K65: =IF(K14="","",(K64/K57)*$C65) | ... S65: =IF(S14="","",(S64/S57)*$C65)
B66: Totaal werkgeversdeel pensioenpremies | D66: =IF(D14="","",D65+D61) | E66: =IF(E14="","",E65+E61) | F66: =IF(F14="","",F65+F61) | G66: =IF(G14="","",G65+G61) | H66: =IF(H14="","",H65+H61) | I66: =IF(I14="","",I65+I61) | J66: =IF(J14="","",J65+J61) | K66: =IF(K14="","",K65+K61) | ... S66: =IF(S14="","",S65+S61)
D68: % vast | E68: % flexibel | F68: totaal
B69: WAO / WIA (IVA en WGA) | H69: Premie 2025; op basis van cijfers UWV; WIA bestaat uit IVA en WGA; 6,28% voor kleine ondernemers en 7,64% (middel)grote ondernemers. Tevens de mogelijkheid om de uniforme opslag voor de kinderopvang toe te voegen (0,5%).
B70: WW | C70: =(D70*2.64%)+(E70*7.64%) -> 0 | F70: =SUM(D70:E70) -> 0 | H70: U vult hier in welk aandeel van het personeel vast is en welk aandeel flexibel. Het totaal moet optellen tot 100%. Vervolgens wordt automatisch berekend wat de bijbehorende premie is. Premie 2025: op basis van cijfers UWV en de WAB; premie voor vaste krachten is 2,74%; voor flexibele krachten is deze 7,74%.
B71: ZVW | C71: 0.0651 | H71: 0.0651 | I71: Premie 2025; op basis van cijfers belastingdienst
B72: WHK | H72: Premie is afhankelijk van grote van werkgever obv premieplichtig loon; het UWV heeft een aparte tool waarmee een inschatting kan worden gemaakt
B73: WGA eigen risico; herverzekerd | H73: Eigenrisicodragerschap; keuze van werkgever voor privaat, publiekelijk of niet verzekeren
B74: Totaal sociale lasten (excl. pensioenpremies) | C74: =SUM(C69:C73) -> 0.0651
B76: Totale opslag sociale lasten | D76: =IF(D14="",0%,D66+$C74) -> 0 | E76: =IF(E14="",0%,E66+$C74) -> 0 | F76: =IF(F14="",0%,F66+$C74) -> 0 | G76: =IF(G14="",0%,G66+$C74) -> 0 | H76: =IF(H14="",0%,H66+$C74) -> 0 | I76: =IF(I14="",0%,I66+$C74) -> 0 | J76: =IF(J14="",0%,J66+$C74) -> 0 | K76: =IF(K14="",0%,K66+$C74) -> 0 | ... S76: =IF(S14="",0%,S66+$C74) -> 0
B78: Sociale lasten: daadwerkelijk gebruikte percentages | D78: =IF($C$46="Opslag",$C$50,D76) -> 0 | E78: =IF($C$46="Opslag",$C$50,E76) -> 0 | F78: =IF($C$46="Opslag",$C$50,F76) -> 0 | G78: =IF($C$46="Opslag",$C$50,G76) -> 0 | H78: =IF($C$46="Opslag",$C$50,H76) -> 0 | I78: =IF($C$46="Opslag",$C$50,I76) -> 0 | J78: =IF($C$46="Opslag",$C$50,J76) -> 0 | K78: =IF($C$46="Opslag",$C$50,K76) -> 0 | ... S78: =IF($C$46="Opslag",$C$50,S76) -> 0
B81: Niet-productieve uren
B82: Bron: cao VVT 2025-2026
B83: Productiviteit als: | C83: Opsplitsing | E83: De productiviteit kan alleen opgesplitst worden ingevuld. Voor het insturen van het rekenmodel naar zorgverzekeraars is het verplicht om percentages in te vullen voor verlof, aanvullend verlof, ziekteverzuim en zakelijke reistijd.
B85: FWG-schaal | D85: =IF(D9="","",CONCATENATE("FWG",D9)) | E85: =IF(E9="","",CONCATENATE("FWG",E9)) | F85: =IF(F9="","",CONCATENATE("FWG",F9)) | G85: =IF(G9="","",CONCATENATE("FWG",G9)) | H85: =IF(H9="","",CONCATENATE("FWG",H9)) | I85: =IF(I9="","",CONCATENATE("FWG",I9)) | J85: =IF(J9="","",CONCATENATE("FWG",J9)) | K85: =IF(K9="","",CONCATENATE("FWG",K9)) | ... R85: =IF(R9="","",CONCATENATE("FWG",R9)) | S85: Leerlingen | T85: Inhuurkosten
B86: Periodiek | C86: =IF(C10="","",C10) | D86: =IF(D10="","",D10) | E86: =IF(E10="","",E10) | F86: =IF(F10="","",F10) | G86: =IF(G10="","",G10) | H86: =IF(H10="","",H10) | I86: =IF(I10="","",I10) | J86: =IF(J10="","",J10) | ... R86: =IF(R10="","",R10)
B87: Bron: cao VVT 2025-2026
B88: Bruto uren | C88: Gewogen gemiddelde (excl. inhuur) | D88: =CAO_VVT!$D$10 -> 1878 | E88: =CAO_VVT!$D$10 -> 1878 | F88: =CAO_VVT!$D$10 -> 1878 | G88: =CAO_VVT!$D$10 -> 1878 | H88: =CAO_VVT!$D$10 -> 1878 | I88: =CAO_VVT!$D$10 -> 1878 | J88: =CAO_VVT!$D$10 -> 1878 | K88: =CAO_VVT!$D$10 -> 1878 | ... S88: =CAO_VVT!$D$10 -> 1878 | T88: 1 | V88: Gemiddeld aantal uren op jaarbasis (bijlage 2 algemene bepaling 20), alleen doorbetaling van loon, kosten voor vervanging vallen onder overhead. Voor de inhuur wordt uitgegaan van 100% productiviteit als basis.
B89: Ziekteverzuim (in procenten) | C89: =IF(SUM($D$20:$S$20)>0,SUMPRODUCT(D$20:S$20,D89:S89),"") | V89: Gemiddeld ziekteverzuim
B90: Verlof (in procenten) | C90: =IF(SUM($D$20:$S$20)>0,SUMPRODUCT(D$20:S$20,D90:S90),"") | D90: =IF($C$83="Totaalniveau","",(144+58.4+35)/1878) -> 0.12641108 | E90: =IF($C$83="Totaalniveau","",(144+58.4+35)/1878) -> 0.12641108 | F90: =IF($C$83="Totaalniveau","",(144+58.4+35)/1878) -> 0.12641108 | G90: =IF($C$83="Totaalniveau","",(144+58.4+35)/1878) -> 0.12641108 | H90: =IF($C$83="Totaalniveau","",(144+58.4+35)/1878) -> 0.12641108 | I90: =IF($C$83="Totaalniveau","",(144+58.4+35)/1878) -> 0.12641108 | J90: =IF($C$83="Totaalniveau","",(144+58.4+35)/1878) -> 0.12641108 | K90: =IF($C$83="Totaalniveau","",(144+58.4+35)/1878) -> 0.12641108 | ... S90: =IF($C$83="Totaalniveau","",(144+58.4+35)/1878) -> 0.12641108 | V90: Op basis van artikel 6.1.1: 144 wettelijke, 58,4 bovenwettelijke en 35 extra bovenwettelijke vakantie-uren.
B91: Aanvullend verlof (in procenten) | C91: =IF(SUM($D$20:$S$20)>0,SUMPRODUCT(D$20:S$20,D91:S91),"") | V91: Bijvoorbeeld leeftijdsgebonden verlof op basis van artikel 6
B92: Doorbetaalde pauzes (in procenten) | C92: =IF(SUM($D$20:$S$20)>0,SUMPRODUCT(D$20:S$20,D92:S92),"") | V92: Doorbetaalde pauzes per FTE
B93: Scholing (in procenten) | C93: =IF(SUM($D$20:$S$20)>0,SUMPRODUCT(D$20:S$20,D93:S93),"") | V93: Dit betreft tijd voor opleiding en scholing
B94: Professionele ontwikkeling, bijvoorbeeld reflectie (in procenten) | C94: =IF(SUM($D$20:$S$20)>0,SUMPRODUCT(D$20:S$20,D94:S94),"") | V94: Bijvoorbeeld teamreflectie, supervisie of intervisie
B95: Zakelijke reistijd (in procenten) | C95: =IF(SUM($D$20:$S$20)>0,SUMPRODUCT(D$20:S$20,D95:S95),"") | V95: Het gaat hierbij om de zakelijke reistijd tussen cliënten
B96: Administratie, overleg en planningstaken (in procenten) | C96: =IF(SUM($D$20:$S$20)>0,SUMPRODUCT(D$20:S$20,D96:S96),"") | V96: Bijvoorbeeld administratie, roostering & planning, organisatieoverleg, kwaliteitstaken, BHV, ketenoverleg en overige overheadgerelateerde taken
B97: Cliënt niet aanwezig (no-show) (in procenten) | C97: =IF(SUM($D$20:$S$20)>0,SUMPRODUCT(D$20:S$20,D97:S97),"") | V97: Uren per FTE waarvan kosten niet te verhalen zijn vanwege no-show
B98: Anders, namelijk: (in procenten)
C99: =IF(SUM($D$20:$S$20)>0,SUMPRODUCT(D$20:S$20,D99:S99),"") | V99: Vul hier indirecte tijd in die ontbreekt in de categoriën. Bijvoorbeeld Covidvaccinaties of andere niet cliëntgebonden zorgactiviteiten.
C100: =IF(SUM($D$20:$S$20)>0,SUMPRODUCT(D$20:S$20,D100:S100),"")
C101: =IF(SUM($D$20:$S$20)>0,SUMPRODUCT(D$20:S$20,D101:S101),"")
B102: Netto uren | C102: =IF(SUM($D$20:$S$20)>0,SUMPRODUCT(D$20:S$20,D102:S102),"") | D102: =IF($C$83="Totaalniveau","",D88-(SUM(D89:D97,D99:D101)*D88)) -> 1640.6 | E102: =IF($C$83="Totaalniveau","",E88-(SUM(E89:E97,E99:E101)*E88)) -> 1640.6 | F102: =IF($C$83="Totaalniveau","",F88-(SUM(F89:F97,F99:F101)*F88)) -> 1640.6 | G102: =IF($C$83="Totaalniveau","",G88-(SUM(G89:G97,G99:G101)*G88)) -> 1640.6 | H102: =IF($C$83="Totaalniveau","",H88-(SUM(H89:H97,H99:H101)*H88)) -> 1640.6 | I102: =IF($C$83="Totaalniveau","",I88-(SUM(I89:I97,I99:I101)*I88)) -> 1640.6 | J102: =IF($C$83="Totaalniveau","",J88-(SUM(J89:J97,J99:J101)*J88)) -> 1640.6 | K102: =IF($C$83="Totaalniveau","",K88-(SUM(K89:K97,K99:K101)*K88)) -> 1640.6 | ... S102: =IF($C$83="Totaalniveau","",S88-(SUM(S89:S97,S99:S101)*S88)) -> 1640.6 | T102: =IF($C$83="Totaalniveau","",T88-(SUM(T89:T97,T99:T101))) -> 1
B104: Productiviteit % | C104: =IF(SUM(D$20:$S20)>0,SUMPRODUCT(D$20:S$20,D104:S104),"") | D104: =IF(D102="","",D102/D88) -> 0.87358892 | E104: =IF(E102="","",E102/E88) -> 0.87358892 | F104: =IF(F102="","",F102/F88) -> 0.87358892 | G104: =IF(G102="","",G102/G88) -> 0.87358892 | H104: =IF(H102="","",H102/H88) -> 0.87358892 | I104: =IF(I102="","",I102/I88) -> 0.87358892 | J104: =IF(J102="","",J102/J88) -> 0.87358892 | K104: =IF(K102="","",K102/K88) -> 0.87358892 | ... T104: =IF(T102="","",T102/T88) -> 1
B106: Totaal aantal declarabele uren per jaar (incl. inhuur) | C106: =SUM(D106:T106) -> 0 | D106: =D102*D19 -> 0 | E106: =E102*E19 -> 0 | F106: =F102*F19 -> 0 | G106: =G102*G19 -> 0 | H106: =H102*H19 -> 0 | I106: =I102*I19 -> 0 | J106: =J102*J19 -> 0 | K106: =K102*K19 -> 0 | ... S106: =S102*S19 -> 0 | V106: Vul voor de ingehuurde formatie het totaal aantal declarabele uren per jaar in.
B108: Reiskosten
C110: Kosten/uur
B112: Materiële kosten woon-werkverkeer per declarabel uur | G112: Kosten dienen ingeschat te worden op basis van artikel 4.5 uit de CAO VVT 2025-2026. Let op, totale kosten per jaar moeten gedeeld worden door het totaal aantal declarabele uren per jaar
B113: Materiële kosten werk-werkverkeer per declarabel uur | G113: Kosten dienen ingeschat te worden op basis van artikel 4.5 uit de CAO VVT 2025-2026. Let op, totale kosten per jaar moeten gedeeld worden door het totaal aantal declarabele uren per jaar
B114: Totale materiële reiskosten | C114: =SUM(C112:C113) -> 0
B117: Overheadkosten
C119: Gemiddeld %
B121: Kosten overheadpersoneel (% van totale kosten) | G121: Voor definitie zie tabblad uitgangspunten
B122: Inhuur / uitbesteding overheadtaken (% van totale kosten) | G122: Voor definitie zie tabblad uitgangspunten
B123: Materiële overheadkosten (% van totale kosten) | G123: Voor definitie zie tabblad uitgangspunten
B124: Totale overheadkosten (% van totale kosten) | C124: =SUM(C121:C123) -> 0
B126: Kosten voor vastgoed gerelateerd aan dit product (% van totale kosten) | G126: Voor definitie zie tabblad uitgangspunten
B128: Overige materiële personele kosten (% van totale kosten) | G128: Voor definitie zie tabblad uitgangspunten
B131: Risico, innovatie en marge
C133: %
B135: Opslag voor risico | G135: Ondernemingen dragen verantwoordelijkheid voor het voortbestaan van hun organisatie. Dit komt met risico’s. Risico-opslag is een vergoeding voor het dragen van een risico (d.w.z. een post voor onvoorziene kosten). Indien een percentage is opgenomen, deze graag toelichten op tabblad "Stap 4. Algemene toelichting".
B136: Opslag voor innovatie | G136: Hieronder vallen innovatieprojecten van diverse aard. Indien een percentage is opgenomen, deze graag toelichten op tabblad "Stap 4. Algemene toelichting".
B137: Opslag voor marge | G137: Met marge wordt bedoeld een opslag op de kostprijs die leidt tot een verkoopprijs en positief resultaat. Indien een percentage is opgenomen, deze graag toelichten op tabblad "Stap 4. Algemene toelichting".
B138: Totale opslag risico en innovatie | C138: =SUM(C135:C137) -> 0
B141: TOTALE KOSTEN
B143: Gemiddelde overhead | C143: AANDEEL TOTALE KOSTEN | E143: OPSLAG OP PRIMAIR PROCES
B144: Kosten personeel primair proces | C144: =100%-SUM(C124,C126,C128) -> 1
B145: =B124 -> Totale overheadkosten (% van totale kosten) | C145: =C124 -> 0 | E145: =C145/$C$144 -> 0
B146: =B126 -> Kosten voor vastgoed gerelateerd aan dit product (% van totale kosten) | C146: =C126 -> 0 | E146: =C146/$C$144 -> 0
...

Sheet Stap 3. Uitkomsten rekentool
A1: Berekening gewogen kostprijs wijkverpleging
B3: Gewogen kostprijs
W6: Grafiek
X8: ='Stap 3. Uitkomsten rekentool'!D31 | Y8: ='Stap 3. Uitkomsten rekentool'!E31 | Z8: ='Stap 3. Uitkomsten rekentool'!F31 | AA8: ='Stap 3. Uitkomsten rekentool'!G31 | AB8: ='Stap 3. Uitkomsten rekentool'!H31 | AC8: ='Stap 3. Uitkomsten rekentool'!I31 | AD8: ='Stap 3. Uitkomsten rekentool'!J31 | AE8: ='Stap 3. Uitkomsten rekentool'!K31 | ... AN8: ='Stap 3. Uitkomsten rekentool'!T31 -> Inhuurkosten*
X9: ='Stap 3. Uitkomsten rekentool'!D32 | Y9: ='Stap 3. Uitkomsten rekentool'!E32 | Z9: ='Stap 3. Uitkomsten rekentool'!F32 | AA9: ='Stap 3. Uitkomsten rekentool'!G32 | AB9: ='Stap 3. Uitkomsten rekentool'!H32 | AC9: ='Stap 3. Uitkomsten rekentool'!I32 | AD9: ='Stap 3. Uitkomsten rekentool'!J32 | AE9: ='Stap 3. Uitkomsten rekentool'!K32 | ... AN9: ='Stap 3. Uitkomsten rekentool'!T32 -> 0
W10: Bruto uurloon | X10: ='Stap 3. Uitkomsten rekentool'!D33 | Y10: ='Stap 3. Uitkomsten rekentool'!E33 | Z10: ='Stap 3. Uitkomsten rekentool'!F33 | AA10: ='Stap 3. Uitkomsten rekentool'!G33 | AB10: ='Stap 3. Uitkomsten rekentool'!H33 | AC10: ='Stap 3. Uitkomsten rekentool'!I33 | AD10: ='Stap 3. Uitkomsten rekentool'!J33 | AE10: ='Stap 3. Uitkomsten rekentool'!K33 | ... AN10: ='Stap 3. Uitkomsten rekentool'!T33
W11: Opslagen | X11: =SUM('Stap 3. Uitkomsten rekentool'!D34:D37) -> 0 | Y11: =SUM('Stap 3. Uitkomsten rekentool'!E34:E37) -> 0 | Z11: =SUM('Stap 3. Uitkomsten rekentool'!F34:F37) -> 0 | AA11: =SUM('Stap 3. Uitkomsten rekentool'!G34:G37) -> 0 | AB11: =SUM('Stap 3. Uitkomsten rekentool'!H34:H37) -> 0 | AC11: =SUM('Stap 3. Uitkomsten rekentool'!I34:I37) -> 0 | AD11: =SUM('Stap 3. Uitkomsten rekentool'!J34:J37) -> 0 | AE11: =SUM('Stap 3. Uitkomsten rekentool'!K34:K37) -> 0 | ... AN11: =SUM('Stap 3. Uitkomsten rekentool'!T34:T37) -> 0
W12: Sociale lasten | X12: ='Stap 3. Uitkomsten rekentool'!D39 -> 0 | Y12: ='Stap 3. Uitkomsten rekentool'!E39 -> 0 | Z12: ='Stap 3. Uitkomsten rekentool'!F39 -> 0 | AA12: ='Stap 3. Uitkomsten rekentool'!G39 -> 0 | AB12: ='Stap 3. Uitkomsten rekentool'!H39 -> 0 | AC12: ='Stap 3. Uitkomsten rekentool'!I39 -> 0 | AD12: ='Stap 3. Uitkomsten rekentool'!J39 -> 0 | AE12: ='Stap 3. Uitkomsten rekentool'!K39 -> 0 | ... AN12: ='Stap 3. Uitkomsten rekentool'!T39 -> 0
W13: Productiviteitscorrectie | X13: =IFERROR('Stap 3. Uitkomsten rekentool'!D41-'Stap 3. Uitkomsten rekentool'!D40,"") | Y13: =IFERROR('Stap 3. Uitkomsten rekentool'!E41-'Stap 3. Uitkomsten rekentool'!E40,"") | Z13: =IFERROR('Stap 3. Uitkomsten rekentool'!F41-'Stap 3. Uitkomsten rekentool'!F40,"") | AA13: =IFERROR('Stap 3. Uitkomsten rekentool'!G41-'Stap 3. Uitkomsten rekentool'!G40,"") | AB13: =IFERROR('Stap 3. Uitkomsten rekentool'!H41-'Stap 3. Uitkomsten rekentool'!H40,"") | AC13: =IFERROR('Stap 3. Uitkomsten rekentool'!I41-'Stap 3. Uitkomsten rekentool'!I40,"") | AD13: =IFERROR('Stap 3. Uitkomsten rekentool'!J41-'Stap 3. Uitkomsten rekentool'!J40,"") | AE13: =IFERROR('Stap 3. Uitkomsten rekentool'!K41-'Stap 3. Uitkomsten rekentool'!K40,"") | ... AN13: =IFERROR('Stap 3. Uitkomsten rekentool'!T41-'Stap 3. Uitkomsten rekentool'!T40,"")
W14: Reiskosten | X14: ='Stap 3. Uitkomsten rekentool'!D42 | Y14: ='Stap 3. Uitkomsten rekentool'!E42 | Z14: ='Stap 3. Uitkomsten rekentool'!F42 | AA14: ='Stap 3. Uitkomsten rekentool'!G42 | AB14: ='Stap 3. Uitkomsten rekentool'!H42 | AC14: ='Stap 3. Uitkomsten rekentool'!I42 | AD14: ='Stap 3. Uitkomsten rekentool'!J42 | AE14: ='Stap 3. Uitkomsten rekentool'!K42 | ... AN14: ='Stap 3. Uitkomsten rekentool'!T42 -> 0
W15: Overhead | X15: =SUM('Stap 3. Uitkomsten rekentool'!D45:D47) -> 0 | Y15: =SUM('Stap 3. Uitkomsten rekentool'!E45:E47) -> 0 | Z15: =SUM('Stap 3. Uitkomsten rekentool'!F45:F47) -> 0 | AA15: =SUM('Stap 3. Uitkomsten rekentool'!G45:G47) -> 0 | AB15: =SUM('Stap 3. Uitkomsten rekentool'!H45:H47) -> 0 | AC15: =SUM('Stap 3. Uitkomsten rekentool'!I45:I47) -> 0 | AD15: =SUM('Stap 3. Uitkomsten rekentool'!J45:J47) -> 0 | AE15: =SUM('Stap 3. Uitkomsten rekentool'!K45:K47) -> 0 | ... AN15: =SUM('Stap 3. Uitkomsten rekentool'!T45:T47) -> 0
W16: Risico-opslag | X16: ='Stap 3. Uitkomsten rekentool'!D49 -> 0 | Y16: ='Stap 3. Uitkomsten rekentool'!E49 -> 0 | Z16: ='Stap 3. Uitkomsten rekentool'!F49 -> 0 | AA16: ='Stap 3. Uitkomsten rekentool'!G49 -> 0 | AB16: ='Stap 3. Uitkomsten rekentool'!H49 -> 0 | AC16: ='Stap 3. Uitkomsten rekentool'!I49 -> 0 | AD16: ='Stap 3. Uitkomsten rekentool'!J49 -> 0 | AE16: ='Stap 3. Uitkomsten rekentool'!K49 -> 0 | ... AN16: ='Stap 3. Uitkomsten rekentool'!T49 -> 0
W17: Periodiekmix | X17: ='Stap 3. Uitkomsten rekentool'!D52 | Y17: ='Stap 3. Uitkomsten rekentool'!E52 | Z17: ='Stap 3. Uitkomsten rekentool'!F52 | AA17: ='Stap 3. Uitkomsten rekentool'!G52 | AB17: ='Stap 3. Uitkomsten rekentool'!H52 | AC17: ='Stap 3. Uitkomsten rekentool'!I52 | AD17: ='Stap 3. Uitkomsten rekentool'!J52 | AE17: ='Stap 3. Uitkomsten rekentool'!K52 | ... AN17: ='Stap 3. Uitkomsten rekentool'!T52 -> 0
X19: Totaal
W21: Bruto uurloon | X21: =SUMPRODUCT(X10:AN10,$X$17:$AN$17) -> 0
W22: Opslagen vakantie, EJU & ORT | X22: =SUMPRODUCT(X11:AN11,$X$17:$AN$17) -> 0
W23: Sociale lasten | X23: =SUMPRODUCT(X12:AN12,$X$17:$AN$17) -> 0
W24: Niet produc- tieve uren | X24: =SUMPRODUCT(X13:AN13,$X$17:$AN$17) -> 0
W25: Bruto loon kosten | X25: =SUM(X21:X24) -> 0
W26: Reiskosten | X26: =SUMPRODUCT(X14:AN14,$X$17:$AN$17) -> 0
W27: Bruto loon kosten incl. reiskosten | X27: =SUM(X25:X26) -> 0
W28: Overhead- kosten | X28: =SUMPRODUCT($X$15:$AN$15,X17:AN17) -> 0
W29: Kostprijs per uur | X29: =SUM(X27:X28) -> 0
W30: Risico-opslag | X30: =SUMPRODUCT($X$17:$AN$17,X16:AN16) -> 0
B31: Schaal | D31: =IF('Stap 2. Invulblad'!D9="","",CONCATENATE("FWG",'Stap 2. Invulblad'!D9)) | E31: =IF('Stap 2. Invulblad'!E9="","",CONCATENATE("FWG",'Stap 2. Invulblad'!E9)) | F31: =IF('Stap 2. Invulblad'!F9="","",CONCATENATE("FWG",'Stap 2. Invulblad'!F9)) | G31: =IF('Stap 2. Invulblad'!G9="","",CONCATENATE("FWG",'Stap 2. Invulblad'!G9)) | H31: =IF('Stap 2. Invulblad'!H9="","",CONCATENATE("FWG",'Stap 2. Invulblad'!H9)) | I31: =IF('Stap 2. Invulblad'!I9="","",CONCATENATE("FWG",'Stap 2. Invulblad'!I9)) | J31: =IF('Stap 2. Invulblad'!J9="","",CONCATENATE("FWG",'Stap 2. Invulblad'!J9)) | K31: =IF('Stap 2. Invulblad'!K9="","",CONCATENATE("FWG",'Stap 2. Invulblad'!K9)) | ... R31: =IF('Stap 2. Invulblad'!R9="","",CONCATENATE("FWG",'Stap 2. Invulblad'!R9)) | S31: =IF('Stap 2. Invulblad'!S9="","",CONCATENATE('Stap 2. Invulblad'!S9)) -> Leerlingen | T31: =IF('Stap 2. Invulblad'!T9="","",CONCATENATE('Stap 2. Invulblad'!T9)) -> Inhuurkosten* | U31: Totaal | W31: Kostprijs bruto incl. opslagen | X31: =SUM(X29:X30) -> 0
B32: Periodiek (gewogen gemiddelde) | D32: =IF('Stap 2. Invulblad'!D10="","",'Stap 2. Invulblad'!D10) | E32: =IF('Stap 2. Invulblad'!E10="","",'Stap 2. Invulblad'!E10) | F32: =IF('Stap 2. Invulblad'!F10="","",'Stap 2. Invulblad'!F10) | G32: =IF('Stap 2. Invulblad'!G10="","",'Stap 2. Invulblad'!G10) | H32: =IF('Stap 2. Invulblad'!H10="","",'Stap 2. Invulblad'!H10) | I32: =IF('Stap 2. Invulblad'!I10="","",'Stap 2. Invulblad'!I10) | J32: =IF('Stap 2. Invulblad'!J10="","",'Stap 2. Invulblad'!J10) | K32: =IF('Stap 2. Invulblad'!K10="","",'Stap 2. Invulblad'!K10) | ... S32: =IF('Stap 2. Invulblad'!S10="","",'Stap 2. Invulblad'!S10) -> n.v.t. | W32: Opbrengsten | X32: =-U57 -> #VALUE!
B33: Bruto uurloon | D33: ='Stap 2. Invulblad'!D14 | E33: ='Stap 2. Invulblad'!E14 | F33: ='Stap 2. Invulblad'!F14 | G33: ='Stap 2. Invulblad'!G14 | H33: ='Stap 2. Invulblad'!H14 | I33: ='Stap 2. Invulblad'!I14 | J33: ='Stap 2. Invulblad'!J14 | K33: ='Stap 2. Invulblad'!K14 | ... T33: ='Stap 2. Invulblad'!T14 | W33: Kostprijs netto incl. opslagen | X33: =SUM(X31:X32) -> #VALUE!
B34: Opslag eindejaarsuitkering | C34: ='Stap 2. Invulblad'!C34 -> 0.0833 | D34: =IFERROR(IF(D$33*$C34<'Stap 2. Invulblad'!$C$36,'Stap 2. Invulblad'!$C$36,D$33*$C34),"") | E34: =IFERROR(IF(E$33*$C34<'Stap 2. Invulblad'!$C$36,'Stap 2. Invulblad'!$C$36,E$33*$C34),"") | F34: =IFERROR(IF(F$33*$C34<'Stap 2. Invulblad'!$C$36,'Stap 2. Invulblad'!$C$36,F$33*$C34),"") | G34: =IFERROR(IF(G$33*$C34<'Stap 2. Invulblad'!$C$36,'Stap 2. Invulblad'!$C$36,G$33*$C34),"") | H34: =IFERROR(IF(H$33*$C34<'Stap 2. Invulblad'!$C$36,'Stap 2. Invulblad'!$C$36,H$33*$C34),"") | I34: =IFERROR(IF(I$33*$C34<'Stap 2. Invulblad'!$C$36,'Stap 2. Invulblad'!$C$36,I$33*$C34),"") | J34: =IFERROR(IF(J$33*$C34<'Stap 2. Invulblad'!$C$36,'Stap 2. Invulblad'!$C$36,J$33*$C34),"") | K34: =IFERROR(IF(K$33*$C34<'Stap 2. Invulblad'!$C$36,'Stap 2. Invulblad'!$C$36,K$33*$C34),"") | ... R34: =IFERROR(IF(R$33*$C34<'Stap 2. Invulblad'!$C$36,'Stap 2. Invulblad'!$C$36,R$33*$C34),"") | S34: =IFERROR(S$33*$C34,"")
B35: Opslag vakantiegeld | C35: ='Stap 2. Invulblad'!C38 -> 0.08 | D35: =IFERROR(IF(D33*$C35<'Stap 2. Invulblad'!$C$40,'Stap 2. Invulblad'!$C$40,D33*$C35),"") | E35: =IFERROR(IF(E33*$C35<'Stap 2. Invulblad'!$C$40,'Stap 2. Invulblad'!$C$40,E33*$C35),"") | F35: =IFERROR(IF(F33*$C35<'Stap 2. Invulblad'!$C$40,'Stap 2. Invulblad'!$C$40,F33*$C35),"") | G35: =IFERROR(IF(G33*$C35<'Stap 2. Invulblad'!$C$40,'Stap 2. Invulblad'!$C$40,G33*$C35),"") | H35: =IFERROR(IF(H33*$C35<'Stap 2. Invulblad'!$C$40,'Stap 2. Invulblad'!$C$40,H33*$C35),"") | I35: =IFERROR(IF(I33*$C35<'Stap 2. Invulblad'!$C$40,'Stap 2. Invulblad'!$C$40,I33*$C35),"") | J35: =IFERROR(IF(J33*$C35<'Stap 2. Invulblad'!$C$40,'Stap 2. Invulblad'!$C$40,J33*$C35),"") | K35: =IFERROR(IF(K33*$C35<'Stap 2. Invulblad'!$C$40,'Stap 2. Invulblad'!$C$40,K33*$C35),"") | ... R35: =IFERROR(IF(R33*$C35<'Stap 2. Invulblad'!$C$40,'Stap 2. Invulblad'!$C$40,R33*$C35),"") | S35: =IFERROR(S33*$C35,"")
B36: Opslag ORT | D36: =IFERROR(D$33*'Stap 2. Invulblad'!D30,"") | E36: =IFERROR(E$33*'Stap 2. Invulblad'!E30,"") | F36: =IFERROR(F$33*'Stap 2. Invulblad'!F30,"") | G36: =IFERROR(G$33*'Stap 2. Invulblad'!G30,"") | H36: =IFERROR(H$33*'Stap 2. Invulblad'!H30,"") | I36: =IFERROR(I$33*'Stap 2. Invulblad'!I30,"") | J36: =IFERROR(J$33*'Stap 2. Invulblad'!J30,"") | K36: =IFERROR(K$33*'Stap 2. Invulblad'!K30,"") | ... S36: =IFERROR(S$33*'Stap 2. Invulblad'!S30,"") | T36: =IF(OR(T33="",T33=0),0,IFERROR(T$33*'Stap 2. Invulblad'!#REF!,"")) -> 0
B37: Eenmalige uitkeringen | D37: =IF(D33="","",'Stap 2. Invulblad'!$C$42/CAO_VVT!$D$10) | E37: =IF(E33="","",'Stap 2. Invulblad'!$C$42/CAO_VVT!$D$10) | F37: =IF(F33="","",'Stap 2. Invulblad'!$C$42/CAO_VVT!$D$10) | G37: =IF(G33="","",'Stap 2. Invulblad'!$C$42/CAO_VVT!$D$10) | H37: =IF(H33="","",'Stap 2. Invulblad'!$C$42/CAO_VVT!$D$10) | I37: =IF(I33="","",'Stap 2. Invulblad'!$C$42/CAO_VVT!$D$10) | J37: =IF(J33="","",'Stap 2. Invulblad'!$C$42/CAO_VVT!$D$10) | K37: =IF(K33="","",'Stap 2. Invulblad'!$C$42/CAO_VVT!$D$10) | ... S37: =IF(S33="","",'Stap 2. Invulblad'!$C$42/CAO_VVT!$D$10)
B38: Totale bruto uurloon | D38: =SUM(D33:D37) -> 0 | E38: =SUM(E33:E37) -> 0 | F38: =SUM(F33:F37) -> 0 | G38: =SUM(G33:G37) -> 0 | H38: =SUM(H33:H37) -> 0 | I38: =SUM(I33:I37) -> 0 | J38: =SUM(J33:J37) -> 0 | K38: =SUM(K33:K37) -> 0 | ... S38: =SUM(S33:S37) -> 0 | T38: =IF(OR(T33="",T33=0),0,SUM(T33:T37)) -> 0
B39: Opslag sociale lasten | D39: ='Stap 2. Invulblad'!D78*SUM(D33:D36) -> 0 | E39: ='Stap 2. Invulblad'!E78*SUM(E33:E36) -> 0 | F39: ='Stap 2. Invulblad'!F78*SUM(F33:F36) -> 0 | G39: ='Stap 2. Invulblad'!G78*SUM(G33:G36) -> 0 | H39: ='Stap 2. Invulblad'!H78*SUM(H33:H36) -> 0 | I39: ='Stap 2. Invulblad'!I78*SUM(I33:I36) -> 0 | J39: ='Stap 2. Invulblad'!J78*SUM(J33:J36) -> 0 | K39: ='Stap 2. Invulblad'!K78*SUM(K33:K36) -> 0 | ... S39: ='Stap 2. Invulblad'!S78*SUM(S33:S36) -> 0
B40: Totale bruto uurloon incl. sociale lasten | D40: =SUM(D38:D39) -> 0 | E40: =SUM(E38:E39) -> 0 | F40: =SUM(F38:F39) -> 0 | G40: =SUM(G38:G39) -> 0 | H40: =SUM(H38:H39) -> 0 | I40: =SUM(I38:I39) -> 0 | J40: =SUM(J38:J39) -> 0 | K40: =SUM(K38:K39) -> 0 | ... S40: =SUM(S38:S39) -> 0 | T40: =IF(OR(T33="",T33=0),0,SUM(T38:T39)) -> 0
B41: Gecorrigeerd voor productiviteit (p) | D41: =IF(D40=0,"",D40/'Stap 2. Invulblad'!D104) | E41: =IF(E40=0,"",E40/'Stap 2. Invulblad'!E104) | F41: =IF(F40=0,"",F40/'Stap 2. Invulblad'!F104) | G41: =IF(G40=0,"",G40/'Stap 2. Invulblad'!G104) | H41: =IF(H40=0,"",H40/'Stap 2. Invulblad'!H104) | I41: =IF(I40=0,"",I40/'Stap 2. Invulblad'!I104) | J41: =IF(J40=0,"",J40/'Stap 2. Invulblad'!J104) | K41: =IF(K40=0,"",K40/'Stap 2. Invulblad'!K104) | ... T41: =IF(T40=0,"",T40/'Stap 2. Invulblad'!T104)
B42: Reiskosten (m) | D42: =IF(D33="","",'Stap 2. Invulblad'!$C$114) | E42: =IF(E33="","",'Stap 2. Invulblad'!$C$114) | F42: =IF(F33="","",'Stap 2. Invulblad'!$C$114) | G42: =IF(G33="","",'Stap 2. Invulblad'!$C$114) | H42: =IF(H33="","",'Stap 2. Invulblad'!$C$114) | I42: =IF(I33="","",'Stap 2. Invulblad'!$C$114) | J42: =IF(J33="","",'Stap 2. Invulblad'!$C$114) | K42: =IF(K33="","",'Stap 2. Invulblad'!$C$114) | ... R42: =IF(R33="","",'Stap 2. Invulblad'!$C$114) | S42: =IF(S33=0,"",'Stap 2. Invulblad'!$C$114) -> 0 | T42: =IF(T33=0,"",'Stap 2. Invulblad'!$C$114) -> 0
B43: Totale bruto uurloon incl. reiskosten | D43: =SUM(D41:D42) -> 0 | E43: =SUM(E41:E42) -> 0 | F43: =SUM(F41:F42) -> 0 | G43: =SUM(G41:G42) -> 0 | H43: =SUM(H41:H42) -> 0 | I43: =SUM(I41:I42) -> 0 | J43: =SUM(J41:J42) -> 0 | K43: =SUM(K41:K42) -> 0 | ... T43: =SUM(T41:T42) -> 0
B45: Opslag voor overheadkosten (p / m) | C45: ='Stap 2. Invulblad'!E145 -> 0 | D45: =$C45*D$43 -> 0 | E45: =$C45*E$43 -> 0 | F45: =$C45*F$43 -> 0 | G45: =$C45*G$43 -> 0 | H45: =$C45*H$43 -> 0 | I45: =$C45*I$43 -> 0 | J45: =$C45*J$43 -> 0 | K45: =$C45*K$43 -> 0 | ... S45: =$C45*S$43 -> 0 | T45: 0
B46: Opslag kosten voor vastgoed (m) | C46: ='Stap 2. Invulblad'!E146 -> 0 | D46: =$C46*D$43 -> 0 | E46: =$C46*E$43 -> 0 | F46: =$C46*F$43 -> 0 | G46: =$C46*G$43 -> 0 | H46: =$C46*H$43 -> 0 | I46: =$C46*I$43 -> 0 | J46: =$C46*J$43 -> 0 | K46: =$C46*K$43 -> 0 | ... S46: =$C46*S$43 -> 0 | T46: 0
B47: Opslag overige personele kosten (m) | C47: ='Stap 2. Invulblad'!E147 -> 0 | D47: =$C47*D$43 -> 0 | E47: =$C47*E$43 -> 0 | F47: =$C47*F$43 -> 0 | G47: =$C47*G$43 -> 0 | H47: =$C47*H$43 -> 0 | I47: =$C47*I$43 -> 0 | J47: =$C47*J$43 -> 0 | K47: =$C47*K$43 -> 0 | ... S47: =$C47*S$43 -> 0 | T47: 0
B48: Totale kosten per uur | D48: =SUM(D43,D45:D47) -> 0 | E48: =SUM(E43,E45:E47) -> 0 | F48: =SUM(F43,F45:F47) -> 0 | G48: =SUM(G43,G45:G47) -> 0 | H48: =SUM(H43,H45:H47) -> 0 | I48: =SUM(I43,I45:I47) -> 0 | J48: =SUM(J43,J45:J47) -> 0 | K48: =SUM(K43,K45:K47) -> 0 | ... S48: =SUM(S43,S45:S47) -> 0 | T48: =IF(OR(T33="",T33=0),0,SUM(T43,T45:T47)) -> 0
B49: Opslag voor risico, innovatie en marge | C49: ='Stap 2. Invulblad'!C138 -> 0 | D49: =$C49*D$48 -> 0 | E49: =$C49*E$48 -> 0 | F49: =$C49*F$48 -> 0 | G49: =$C49*G$48 -> 0 | H49: =$C49*H$48 -> 0 | I49: =$C49*I$48 -> 0 | J49: =$C49*J$48 -> 0 | K49: =$C49*K$48 -> 0 | ... S49: =$C49*S$48 -> 0 | T49: =IF(OR(T33="",T33=0),0,$C49*T$48) -> 0
B50: Totale kosten per uur incl. risico, innovatie en marge | D50: =SUM(D48:D49) -> 0 | E50: =SUM(E48:E49) -> 0 | F50: =SUM(F48:F49) -> 0 | G50: =SUM(G48:G49) -> 0 | H50: =SUM(H48:H49) -> 0 | I50: =SUM(I48:I49) -> 0 | J50: =SUM(J48:J49) -> 0 | K50: =SUM(K48:K49) -> 0 | ... S50: =SUM(S48:S49) -> 0 | T50: =IF(OR(T33="",T33=0),0,SUM(T48:T49)) -> 0
B52: Schalenmix | D52: ='Stap 2. Invulblad'!D18 | E52: ='Stap 2. Invulblad'!E18 | F52: ='Stap 2. Invulblad'!F18 | G52: ='Stap 2. Invulblad'!G18 | H52: ='Stap 2. Invulblad'!H18 | I52: ='Stap 2. Invulblad'!I18 | J52: ='Stap 2. Invulblad'!J18 | K52: ='Stap 2. Invulblad'!K18 | ... T52: ='Stap 2. Invulblad'!T18 -> 0
B53: Gewogen totale kosten per uur (bruto) | U53: =SUMPRODUCT(D50:T50,D52:T52) -> 0
B55: Totale overige opbrengsten per jaar | U55: =IFERROR('Stap 2. Invulblad'!E156,"") -> 0
B56: Aantal declarabele uren per jaar | U56: =IFERROR('Stap 2. Invulblad'!C106,"") -> 0
B57: Overige opbrengsten per declarabel uur | U57: =IFERROR(U55/U56,"")
B58: Gewogen totale kosten per uur (netto) | U58: =IFERROR(U53-U57,"")

Sheet Stap 4. Algemene toelichting
A1: Algemene toelichting zorgaanbieder
B3: Vul hier de benodigde gegevens in (groene cellen). Voor de legenda en uitleg zie het tabblad 'Stap 1. Handleiding'.
A5: Algemene gegevens zorgaanbieder
B7: Omzet
C9: Omzet
B11: Totale omzet zorgaanbieder in 2025 | G11: Vul hier de totale omzet van de zorgorganisatie in euro's in.
B12: Waarvan omzet Zvw wijkverpleging in 2025 | G12: Vul hier de omzet van de zorgorganisatie voor Zvw wijkverpleging in euro's in.
A15: Algemene toelichting zorgaanbieder
B17: Algemene toelichting
B19: Licht hier uw input op de rekentool kosten wijkverpleging toe.
C21: Biedt uw organisatie onderstaande vorm van zorg? | F21: Heeft u de kosten hiervan meegenomen in de integrale kostprijs? | I21: Eventuele toelichting
B22: Onplanbare nachtzorg | C22: Nee, ik ben niet de organisator van de onplanbare nachtzorg voor de regio | F22: Nee, want de onplanbare nachtzorg wordt in mijn regio lumpsump bekostigd | N22: Licht waar nodig toe. Bij overige zorgvormen, licht deze toe.
B23: Herkenbare en aanspreekbare wijkverpleging | C23: Nee | F23: Nee
B24: Verpleegkundig technische teams | C24: Nee | F24: Nee
B25: Inzet van gespecialiseerde verpleegkundigen, namelijk:
B26: Oncologie | C26: Nee | F26: Nee
B27: Medische kind-zorg | C27: Nee | F27: Nee
B28: Wondzorg | C28: Nee | F28: Nee
B29: CVA | C29: Nee | F29: Nee
B30: Hart-long | C30: Nee | F30: Nee
B31: Casemanagement dementie | C31: Nee | F31: Nee
B32: Palliatief verpleegkundigen | C32: Nee | F32: Nee
B33: Parkinson | C33: Nee | F33: Nee
B34: Overig, namelijk…. (licht toe) | C34: Nee | F34: Nee
B35: Hospicezorg/BTH | C35: Nee | F35: Nee
B36: Overig, namelijk…. (licht toe) | C36: Nee | F36: Nee
B39: Algemene toelichting vanuit uw organisatie | N39: Licht waar nodig toe. Denk aan een aantal organisatie- en regiospecifieke karakteristieken.
B40: Toelichting op het kostprijselement: de kosten van de beroepskracht (loon, vakantiegeld, ORT, eindejaarsuitkering, sociale lasten) | N40: Licht waar nodig toe. Denk bijvoorbeeld aan de functiemix en de inzet van ingehuurd personeel. Indien er geen gebruik is gemaakt van de begroting, geef dit aan. Indien er voor het betreffende jaar er een incidenteel effect zit in dit kostprijselement, geef dit aan.
B41: Toelichting op indexatie | N41: Bijvoorbeeld welke aspecten en effecten zijn meegenomenin de indexatie van het uurloon. Vermeld als mogelijk de bron of basis van de indexatie.
B42: Toelichting op het kostprijselement: de niet-productieve uren | N42: Licht waar nodig toe. Indien er geen gebruik is gemaakt van de begroting, geef dit aan. Indien er voor het betreffende jaar er een incidenteel effect zit in dit kostprijselement, geef dit aan.
B43: Toelichting op het kostprijselement: de reiskosten | N43: Licht waar nodig toe. Indien er geen gebruik is gemaakt van de begroting, geef dit aan. Indien er voor het betreffende jaar er een incidenteel effect zit in dit kostprijselement, geef dit aan.
B44: Toelichting op het kostprijselement: overheadkosten | N44: Licht waar nodig toe. Indien er geen gebruik is gemaakt van de begroting, geef dit aan. Indien er voor het betreffende jaar er een incidenteel effect zit in dit kostprijselement, geef dit aan.
B45: Toelichting op het kostprijselement: de opslag voor risico | N45: Licht toe hoe u tot het risico bent gekomen. Licht verder waar nodig toe.
B46: Toelichting op het kostprijselement: de opslag voor innovatie | N46: Licht toe hoe u tot de opslag voor innovatie bent gekomen. Licht verder waar nodig toe. Benoem hier bijvoorbeeld de innovatieve projecten en de ketenafspraken.
B47: Toelichting op het kostprijselement: de opslag voor marge | N47: Licht toe hoe u tot de marge bent gekomen. Licht verder waar nodig toe.
B48: Toelichting op de opbrengsten: opleidingssubsidies | N48: Licht toe. Zoals welke subsidie(s) het betreft en op welke manier u tot een inschatting bent gekomen van deze opbrengsten. Geef aan of het een ‘aangevraagde’, ‘toegezegde’ of ‘reeds betaalde subsidie’ betreft.
B49: Toelichting op de opbrengsten: overige subsidies | N49: Licht toe. Zoals welke subsidie(s) het betreft en op welke manier u tot een inschatting bent gekomen van deze opbrengsten. Geef aan of het een ‘aangevraagde’, ‘toegezegde’ of ‘reeds betaalde subsidie’ betreft.
B50: Toelichting op de opbrengsten: overige opbrengsten | N50: Licht toe. Zoals welke opbrengsten het betreft en op welke manier u tot een inschatting bent gekomen van deze opbrengsten.
B54: Toelichting opleiden binnen de wijkverpleging | N54: Licht waar nodig toe (1) hoe opleiding is meegenomen in de rekentool (functiemix, productiviteit, etc.) en (2) hoe de (toekomstige) rol van opleiden de input op de rekentool beïnvloed

Sheet Lijsten
A1: Onplanbare nachtzorg
A2: Ja, wij zijn de zelfstandige organisator voor de onplanbare nachtzorg in de regio
A3: Ja, wij zijn mede-organisator (in een samenwerkingsverband) van de onplanbare nachtzorg in de regio
A4: Nee, ik ben niet de organisator van de onplanbare nachtzorg voor de regio
A6: Onplanbare nachtzorg
A7: Nee, mijn organisatie levert geen onplanbare nachtzorg
A8: Nee, want de onplanbare nachtzorg wordt in mijn regio lumpsump bekostigd
A9: Ja

Sheet Uitgangspunten
A1: Uitgangspunten
B2: Versienummer: 6.2
B3: Versie: 23 juni 2025
B4: Peiljaar: 2025 en 2026 (met mogelijkheid tot indexatie)
B5: Status: voorlopig
B7: Doel rekentool
B8: Deze rekentool heeft als doel om zorgaanbieders op een transparante en eenvoudige manier in staat te stellen om kostprijzen in kaart te brengen voor de Wijkverpleging. Tevens kan de rekentool intern gebruikt worden. Indien de splitsing tussen Wlz en Zvw bijvoorbeeld niet te maken is, kun je ook beide meenemen in de rekentool.
B9: Het gebruik van deze rekentool is geen verplichting. De uitkomst van deze rekentool staat niet gelijk aan het tarief.
B11: Algemene uitgangspunten
B12: - | C12: In deze rekentool staat de integrale kostprijs voor verpleging en verzorging centraal. Daaronder vallen de prestaties:
C13: 1. Persoonlijke verzorging
C14: 2. Oproepbare verzorging
C15: 3. Verpleging
C16: 4. Oproepbare verpleging
C17: 5. Gespecialiseerde verpleging
C18: 6. Advies, instructie en voorlichting (AIV)
C19: 7. Verpleging en verzorging aan kinderen tot 18 jaar
C20: Opslagen voor de volgende prestaties zijn geen onderdeel van de rekentool en worden niet meegenomen:
C21: 1. Thuiszorgtechnologie
C22: 2. Ketenzorg dementie
C23: 3. Beloning op maat
C24: 4. Regionale beschikbaarheidsfunctie voor onplanbare zorg (voor zover hier regionale afspraken over zijn en deze lumpsum bekostigd worden)
C25: 5. Onderlinge dienstverlening
B26: - | C26: De tool berekent een kostprijs per declarabel uur voor wijkverpleging.
B27: - | C27: De rekentool gaat uit van de kostprijs voor 2025. Er is mogelijkheid tot indexatie.
B28: - | C28: Deze rekentool gaat uit van de cao VVT.
B29: - | C29: In de tool wordt gerekend met drie soorten data, afhankelijk van de mate waarin ruimte en noodzaak bestaat voor lokale invulling (zie hiervoor ook de legenda op de oranje tabbladen):
C30: ‘Vaststaande data’ zoals cao-gebonden kosten;
C31: ‘Suggesties’ zoals opslagen sociale lasten, waarbij landelijke cijfers beschikbaar zijn als suggestie voor lokaal gebruik;
C32: ‘Open data’ die per definitie verzameld moet worden.
B33: - | C33: Dit rekenmodel dient slechts als instrument om de eigen kostprijsstructuur van individuele aanbieders op objectieve wijze in beeld te brengen. Elke aanbieder is vrij om dit rekenmodel op eigen wijze te gebruiken. Dit rekenmodel bevat uitdrukkelijk geen enkele aanbeveling of suggestie ten aanzien van de doorberekening van de kosten in de (verkoop)prijs. Aanbieders dienen (in de onderhandelingen met zorgverzekeraars) zelfstandig hun prijsbeleid en verkoopprijzen vast te stellen.
B36: Uitgangspunten per kostenelement
B37: - | C37: In de berekening voor de kostprijs per uur wordt gewerkt met de vijf kostenelementen en één element voor de opbrengsten.
B38: 1 | C38: Kosten van de beroepskracht
B39: 2 | C39: Niet-productieve uren
B40: 3 | C40: Reiskosten
B41: 4 | C41: Overheadkosten
B42: 5 | C42: Opslagen voor risico, innovatie en marge worden in de tool apart in kaart gebracht; de drie elementen kunnen los van elkaar worden ingevuld
B43: 6 | C43: Overige opbrengsten
B45: 1. Kosten van de beroepskracht
B46: - | C46: Bestaat uit het uurloon (obv schaal & periodiek), vakantiegeld, ORT, eindejaarsuitkering, sociale lasten.
B47: Uurloon
B48: - | C48: De rekentool houdt rekening met de loonkosten op basis van de cao VVT.
B49: - | C49: Voor het uurloon wordt standaard uitgegaan van het uurloon voor kalenderjaar 2025, hiervoor wordt een weging toegepast. Op het tabblad CAO_VVT kan dit eventueel worden aangepast.
B50: - | C50: Zowel de salarisschaal als de periodiek kunnen worden ingevuld. Het is daarbij mogelijk om de schalenmix in te vullen en per schaal de gewogen gemiddelde periodiek. Deze gewogen gemiddelde periodiek wordt berekend door het gemiddelde bruto uurloon op basis van de CAO van medewerkers in dezelfde schaal uit te rekenen en dan de periodiek te kiezen die het uurloon heeft wat daar het dichtsbij ligt. Omwille van de invullast is ervoor gekozen om niet per schaal ook nog de periodiekmix uit te vragen (hoewel dit een preciezer beeld zou geven).
B51: Vakantiegeld, ORT, eindejaarsuitkering
B52: - | C52: Opslagen voor vakantiegeld en eindejaarsuitkering staan vast op basis van de cao. Eventuele minimale uitkeringen (bijv. voor vakantiegeld of eindejaarsuitkering) worden meegenomen. Hiervoor wordt de weging van het bruto uurloon aangehouden. Het uitgangspunt is hiervoor standaard 2025.
B53: - | C53: Eenmalige uitkeringen op basis van de cao worden apart meegenomen in de rekentool. De data is vrij invulbaar om ook contracten voor meerdere jaren en toekomstige cao-afspraken te faciliteren.
B54: - | C54: ORT-opslag is een open veld dat ingevuld dient te worden op basis van de contractuele eisen (dient er bijvoorbeeld ook zorg in avond-nacht-weekend geleverd te worden?).
B55: Sociale lasten
B56: - | C56: Sociale lasten kunnen op twee manier berekend worden. (1) er kan gebruik worden gemaakt van één totale opslag, die gelijk is voor alle schalen. (2) Daarnaast kunnen de sociale lasten stapsgewijs berekend worden. De sociale lasten bevatten de werkgeverpremies sociale verzekeringen en de pensioenkosten.
B57: Inhuurkosten en kosten voor leerlingen
B58: - | C58: De inhuurkosten hebben betrekking op de integrale totale kosten per uur. Dit zijn de inhuurkosten per uur incl. alle opslagen zoals sociale lasten, reiskosten, overheadkosten etc. Houd hierbij rekening dat u later nog een correctie kunt aanbrengen voor de niet-productieve uren. Deze worden niet geïndexeerd. Voor leerlingen kunt u het gemiddelde bruto uurloon invullen, deze wordt wel geïndexeerd (als u een indexatiepercentage heeft ingevuld).
B60: 2. Niet-productieve uren
B61: - | C61: Om in kaart te brengen welke uren wel/niet productief zijn, brengt deze rekentool de volgende vormen van tijdsbesteding in kaart: directe cliënttijd (face2face, digitaal en telefonisch), zakelijke reistijd, verlof, aanvullend verlof, doorbetaalde pauzes, no-show, verzuim, administratie en overleg (bijv. administratie, organisatieoverleg en ketenoverleg), scholing en professionele ontwikkeling (inclusief begeleidingstijd van stagiaires en (BBL)leerlingen).
B62: - | C62: Bij het verlof worden vaststaande percentages gebruikt.
B63: - | C63: Indien er een categorie voor niet-productieve uren ontbreekt, kan dit toegevoegd worden bij 'Anders, namelijk:'.
B64: - | C64: Het aantal declarabele uren per jaar wordt gebruikt voor de omrekening van de totale overige opbrengsten naar de overige opbrengsten per declarabel uur. Het aantal declarabele uren per jaar wordt automatisch gevuld voor personeel in loondienst. Voor inhuur dient u het totaal aantal declarabele uren per jaar zelf in te vullen.
B66: 3. Reiskosten
B67: - | C67: De materiële reiskosten zijn vrij in te vullen, waarbij onderscheid gemaakt wordt tussen woon-werkverkeer en werk-werkverkeer.
B69: 4. Overheadkosten
B70: - | C70: Voor de overheadkosten wordt aangesloten bij de definitie van de Berenschot Benchmark Care. Voor alle kosten geldt dat het niet om de totale kosten gaat, maar de kosten die specifiek gerelateerd zijn aan het zorgproduct.
B71: - | C71: Overheadpersoneel wordt gedefinieerd als: management (hoger management en operationeel management), stafpersoneel (beleid, marketing, communicatie, beleid en planning), administratief financieel personeel, ICT-personeel, P&O, arbo en opleidingen, secretariaat; gecombineerde functies worden naar rato meegenomen in de overheadkosten (dit zal worden toegelicht in het model).
B72: - | C72: Materiële overheadkosten wordt gedefinieerd als: hardware en software, repro/drukwerk, communicatiekosten (telefonie, internet), kosten algemeen beheer (advies, accountants, excl. dienstreizen) en overige algemene kosten. Deze kostenpost is inclusief zakelijke lasten en verzekeringen.
B73: - | C73: Inhuur en uitbestedingsteding overheadtaken wordt gededefinieerd als: inhuur van overheadpersoneel (zie voorgaande definitie) en uitbesteding van overheadtaken zoals ICT.
B74: - | C74: Kosten voor vastgoed worden gedefinieerd als: onderhoud, dotaties, energiekosten, huur en operationele leasing en interest. Het betreft hier de vastgoedkosten die zijn toe te schrijven aan de geleverde zorg plus de vastgoedkosten die gepaard gaat met overheadpersoneel/-diensten.
B75: - | C75: Overige materiële personele kosten worden gedefinieerd als materiële kosten voor beroepsregistraties, arbo, kosten voor werving & selectie en opleidingskosten.
B76: - | C76: Cliëntgebonden materiële kosten hebben geen plek in deze rekentool omdat dit in praktijk vrijwel niet voorkomt.
B78: 5. | C78: Risico, innovatie en marge
B79: - | C79: Risico: ondernemingen dragen verantwoordelijkheid voor het voortbestaan van hun organisatie. Dit komt met risico’s. Risico-opslag is een vergoeding voor het dragen van een risico (d.w.z. een post voor onvoorziene kosten).
B80: - | C80: Innovatie: hieronder vallen innovatieprojecten van diverse aard.
B81: - | C81: Marge: met marge wordt bedoeld een opslag op de kostprijs die leidt tot een verkoopprijs en positief resultaat.
B83: 6. | C83: Overige opbrengsten
... B86: - | C86: Overige opbrengsten. Vul de opbrengsten alleen in als u hiervoor ook kosten heeft opgevoerd op het invulblad. Vul het totaalbedrag in per jaar. Geef tevens aan welk gedeelte van deze opbrengst betrekking heeft op de Zvw wijkverpleging.

Sheet CAO_VVT
A1: Salarisschalen cao VVT
A2: Bron: cao VVT 2025-2026
A4: Aannames
A6: Verdeling uurloon 2025, cao per 1 januari 2025 | D6: 0.5 | F6: Schaal t/m juni 2025
A7: Verdeling uurloon 2025, cao per 1 juli 2025 | D7: 0.5 | F7: Schaal vanaf juli 2025
A8: Verdeling uurloon 2026, cao per 1 juli 2026 | D8: 0 | F8: Schaal vanaf juli 2026
A9: Totaal | D9: =SUM(D6:D8) -> 1
A10: Aantal uren per jaar | D10: 1878 | F10: Op basis van hoofdstuk 1, algemene bepaling 15
A11: Minimumuurloon 2025 | D11: 14.06 | F11: Brutobedrag per uur vanaf 1 januari 2025; Wet minimumloon en minimumvakantiebijslag artikel 8.1
A13: Data
A15: Salarisschalen per 1 oktober 2018 | H15: Salarisschalen per 1 juni 2020/periode 6 per 18 mei 2020 | O15: Salarisschalen per 1 juli 2021/periode 7 per 21 juni 2021 | V15: Salarisschalen per 1 maart 2022/periode 3 * | AC15: Salarisschalen per 1 maart 2023/periode 3 | AJ15: Salarisschalen per 1 oktober 2023/periode 11 | AQ15: Salarisschalen per 1 maart 2024/periode 3 | AX15: Salarisschalen per 1 januari 2025 (geen wijzigingen t.o.v. 1 oktober 2024/periode 3) | BE15: Salarisschalen per 1 juli 2025 | BL15: Salarisschalen per 1 juli 2026 | BS15: Salarisschaal 2025 en 2026
A16: Schaal | B16: Periodiek | C16: Volgnr. | D16: Periodiek | E16: Sleutel | F16: Uurloon* | H16: Schaal | I16: Periodiek | J16: Volgnr. | K16: Periodiek | L16: Sleutel | M16: Uurloon* | O16: Schaal | P16: Periodiek | Q16: Volgnr. | R16: Periodiek | S16: Sleutel | T16: Uurloon* | V16: Schaal | W16: Periodiek | X16: Volgnr. | Y16: Periodiek | Z16: Sleutel | AA16: Uurloon* | AC16: Schaal | AD16: Periodiek | AE16: Volgnr. | AF16: Periodiek | AG16: Sleutel | AH16: Uurloon* | AJ16: Schaal | AK16: Periodiek | AL16: Volgnr. | AM16: Periodiek | AN16: Sleutel | AO16: Uurloon* | AQ16: Schaal | AR16: Periodiek | AS16: Volgnr. | AT16: Periodiek | AU16: Sleutel | AV16: Uurloon* | AX16: Schaal | AY16: Periodiek | AZ16: Volgnr. | BA16: Periodiek | BB16: Sleutel | BC16: Uurloon* | BE16: Schaal | BF16: Periodiek | BG16: Volgnr. | BH16: Periodiek | BI16: Sleutel | BJ16: Uurloon* | BL16: Schaal | BM16: Periodiek | BN16: Volgnr. | BO16: Periodiek | BP16: Sleutel | BQ16: Uurloon* | BS16: Schaal | BT16: Periodiek | BU16: Volgnr. | BV16: Periodiek | BW16: Sleutel | BX16: Uurloon cao 2025 (per 1 januari) | BY16: Uurloon cao 2025 (per 1 juli) | BZ16: Uurloon cao 2026 (per 1 juli) | CA16: Gewogen uurloon
A17: 5 | B17: 16_jaar | C17: WMJL | D17: =B17 -> 16_jaar | E17: =A17&"_"&D17 -> 5_16_jaar | F17: 3.53 | H17: 5 | I17: 16_jaar | J17: WMJL | K17: =I17 -> 16_jaar | L17: =H17&"_"&K17 -> 5_16_jaar | M17: 3.66 | O17: 5 | P17: 16_jaar | Q17: WMJL | R17: =P17 -> 16_jaar | S17: =O17&"_"&R17 -> 5_16_jaar | T17: 3.77 | V17: 5 | W17: 16_jaar | X17: WMJL | Y17: =W17 -> 16_jaar | Z17: =V17&"_"&Y17 -> 5_16_jaar | AA17: vervalt | AC17: 5 | AD17: 16_jaar | AE17: WMJL | AF17: =AD17 -> 16_jaar | AG17: =AC17&"_"&AF17 -> 5_16_jaar | AH17: vervalt | AJ17: 5 | AK17: 16_jaar | AL17: WMJL | AM17: =AK17 -> 16_jaar | AN17: =AJ17&"_"&AM17 -> 5_16_jaar | AO17: vervalt | AQ17: 5 | AR17: 16_jaar | AS17: WMJL | AT17: =AR17 -> 16_jaar | AU17: =AQ17&"_"&AT17 -> 5_16_jaar | AV17: vervalt | AX17: 5 | AY17: 16_jaar | AZ17: WMJL | BA17: =AY17 -> 16_jaar | BB17: =AX17&"_"&BA17 -> 5_16_jaar | BC17: vervalt | BE17: 5 | BF17: 16_jaar | BG17: WMJL | BH17: =BF17 -> 16_jaar | BI17: =BE17&"_"&BH17 -> 5_16_jaar | BJ17: vervalt | BL17: 5 | BM17: 16_jaar | BN17: WMJL | BO17: 16_jaar | BP17: 5_16_jaar | BQ17: vervalt | BS17: 5 | BT17: 16_jaar | BU17: WMJL | BV17: =BT17 -> 16_jaar | BW17: =BS17&"_"&BV17 -> 5_16_jaar | BX17: =INDEX($BC$17:$BC$237,MATCH(BW17,$BB$17:$BB$237,0)) -> vervalt | BY17: =INDEX($BJ$17:$BJ$237,MATCH(BW17,$BI$17:$BI$237,0)) -> vervalt | BZ17: =INDEX($BQ$17:$BQ$237,MATCH(BW17,$BP$17:$BP$237,0)) -> vervalt | CA17: =IFERROR($D$6*BX17+$D$7*BY17+$D$8*BZ17,"vervalt") -> vervalt
A18: 5 | B18: 17_jaar | C18: WMJL | D18: =B18 -> 17_jaar | E18: =A18&"_"&D18 -> 5_17_jaar | F18: 4.04 | H18: 5 | I18: 17_jaar | J18: WMJL | K18: =I18 -> 17_jaar | L18: =H18&"_"&K18 -> 5_17_jaar | M18: 4.19 | O18: 5 | P18: 17_jaar | Q18: WMJL | R18: =P18 -> 17_jaar | S18: =O18&"_"&R18 -> 5_17_jaar | T18: 4.31 | V18: 5 | W18: 17_jaar | X18: WMJL | Y18: =W18 -> 17_jaar | Z18: =V18&"_"&Y18 -> 5_17_jaar | AA18: vervalt | AC18: 5 | AD18: 17_jaar | AE18: WMJL | AF18: =AD18 -> 17_jaar | AG18: =AC18&"_"&AF18 -> 5_17_jaar | AH18: vervalt | AJ18: 5 | AK18: 17_jaar | AL18: WMJL | AM18: =AK18 -> 17_jaar | AN18: =AJ18&"_"&AM18 -> 5_17_jaar | AO18: vervalt | AQ18: 5 | AR18: 17_jaar | AS18: WMJL | AT18: =AR18 -> 17_jaar | AU18: =AQ18&"_"&AT18 -> 5_17_jaar | AV18: vervalt | AX18: 5 | AY18: 17_jaar | AZ18: WMJL | BA18: =AY18 -> 17_jaar | BB18: =AX18&"_"&BA18 -> 5_17_jaar | BC18: vervalt | BE18: 5 | BF18: 17_jaar | BG18: WMJL | BH18: =BF18 -> 17_jaar | BI18: =BE18&"_"&BH18 -> 5_17_jaar | BJ18: vervalt | BL18: 5 | BM18: 17_jaar | BN18: WMJL | BO18: 17_jaar | BP18: 5_17_jaar | BQ18: vervalt | BS18: 5 | BT18: 17_jaar | BU18: WMJL | BV18: =BT18 -> 17_jaar | BW18: =BS18&"_"&BV18 -> 5_17_jaar | BX18: =INDEX($BC$17:$BC$237,MATCH(BW18,$BB$17:$BB$237,0)) -> vervalt | BY18: =INDEX($BJ$17:$BJ$237,MATCH(BW18,$BI$17:$BI$237,0)) -> vervalt | BZ18: =INDEX($BQ$17:$BQ$237,MATCH(BW18,$BP$17:$BP$237,0)) -> vervalt | CA18: =IFERROR($D$6*BX18+$D$7*BY18+$D$8*BZ18,"vervalt") -> vervalt
A19: 5 | B19: 18_jaar | C19: WMJL | D19: =B19 -> 18_jaar | E19: =A19&"_"&D19 -> 5_18_jaar | F19: 4.86 | H19: 5 | I19: 18_jaar | J19: WMJL | K19: =I19 -> 18_jaar | L19: =H19&"_"&K19 -> 5_18_jaar | M19: 5.3 | O19: 5 | P19: 18_jaar | Q19: WMJL | R19: =P19 -> 18_jaar | S19: =O19&"_"&R19 -> 5_18_jaar | T19: 5.46 | V19: 5 | W19: 18_jaar | X19: WMJL | Y19: =W19 -> 18_jaar | Z19: =V19&"_"&Y19 -> 5_18_jaar | AA19: vervalt | AC19: 5 | AD19: 18_jaar | AE19: WMJL | AF19: =AD19 -> 18_jaar | AG19: =AC19&"_"&AF19 -> 5_18_jaar | AH19: vervalt | AJ19: 5 | AK19: 18_jaar | AL19: WMJL | AM19: =AK19 -> 18_jaar | AN19: =AJ19&"_"&AM19 -> 5_18_jaar | AO19: vervalt | AQ19: 5 | AR19: 18_jaar | AS19: WMJL | AT19: =AR19 -> 18_jaar | AU19: =AQ19&"_"&AT19 -> 5_18_jaar | AV19: vervalt | AX19: 5 | AY19: 18_jaar | AZ19: WMJL | BA19: =AY19 -> 18_jaar | BB19: =AX19&"_"&BA19 -> 5_18_jaar | BC19: vervalt | BE19: 5 | BF19: 18_jaar | BG19: WMJL | BH19: =BF19 -> 18_jaar | BI19: =BE19&"_"&BH19 -> 5_18_jaar | BJ19: vervalt | BL19: 5 | BM19: 18_jaar | BN19: WMJL | BO19: 18_jaar | BP19: 5_18_jaar | BQ19: vervalt | BS19: 5 | BT19: 18_jaar | BU19: WMJL | BV19: =BT19 -> 18_jaar | BW19: =BS19&"_"&BV19 -> 5_18_jaar | BX19: =INDEX($BC$17:$BC$237,MATCH(BW19,$BB$17:$BB$237,0)) -> vervalt | BY19: =INDEX($BJ$17:$BJ$237,MATCH(BW19,$BI$17:$BI$237,0)) -> vervalt | BZ19: =INDEX($BQ$17:$BQ$237,MATCH(BW19,$BP$17:$BP$237,0)) -> vervalt | CA19: =IFERROR($D$6*BX19+$D$7*BY19+$D$8*BZ19,"vervalt") -> vervalt
A20: 5 | B20: 19_jaar | C20: WMJL | D20: =B20 -> 19_jaar | E20: =A20&"_"&D20 -> 5_19_jaar | F20: 5.63 | H20: 5 | I20: 19_jaar | J20: WMJL | K20: =I20 -> 19_jaar | L20: =H20&"_"&K20 -> 5_19_jaar | M20: 6.36 | O20: 5 | P20: 19_jaar | Q20: WMJL | R20: =P20 -> 19_jaar | S20: =O20&"_"&R20 -> 5_19_jaar | T20: 6.55 | V20: 5 | W20: 19_jaar | X20: WMJL | Y20: =W20 -> 19_jaar | Z20: =V20&"_"&Y20 -> 5_19_jaar | AA20: vervalt | AC20: 5 | AD20: 19_jaar | AE20: WMJL | AF20: =AD20 -> 19_jaar | AG20: =AC20&"_"&AF20 -> 5_19_jaar | AH20: vervalt | AJ20: 5 | AK20: 19_jaar | AL20: WMJL | AM20: =AK20 -> 19_jaar | AN20: =AJ20&"_"&AM20 -> 5_19_jaar | AO20: vervalt | AQ20: 5 | AR20: 19_jaar | AS20: WMJL | AT20: =AR20 -> 19_jaar | AU20: =AQ20&"_"&AT20 -> 5_19_jaar | AV20: vervalt | AX20: 5 | AY20: 19_jaar | AZ20: WMJL | BA20: =AY20 -> 19_jaar | BB20: =AX20&"_"&BA20 -> 5_19_jaar | BC20: vervalt | BE20: 5 | BF20: 19_jaar | BG20: WMJL | BH20: =BF20 -> 19_jaar | BI20: =BE20&"_"&BH20 -> 5_19_jaar | BJ20: vervalt | BL20: 5 | BM20: 19_jaar | BN20: WMJL | BO20: 19_jaar | BP20: 5_19_jaar | BQ20: vervalt | BS20: 5 | BT20: 19_jaar | BU20: WMJL | BV20: =BT20 -> 19_jaar | BW20: =BS20&"_"&BV20 -> 5_19_jaar | BX20: =INDEX($BC$17:$BC$237,MATCH(BW20,$BB$17:$BB$237,0)) -> vervalt | BY20: =INDEX($BJ$17:$BJ$237,MATCH(BW20,$BI$17:$BI$237,0)) -> vervalt | BZ20: =INDEX($BQ$17:$BQ$237,MATCH(BW20,$BP$17:$BP$237,0)) -> vervalt | CA20: =IFERROR($D$6*BX20+$D$7*BY20+$D$8*BZ20,"vervalt") -> vervalt
A21: 5 | B21: 20_jaar | C21: WMJL | D21: =B21 -> 20_jaar | E21: =A21&"_"&D21 -> 5_20_jaar | F21: 7.16 | H21: 5 | I21: 20_jaar | J21: WMJL | K21: =I21 -> 20_jaar | L21: =H21&"_"&K21 -> 5_20_jaar | M21: 8.49 | O21: 5 | P21: 20_jaar | Q21: WMJL | R21: =P21 -> 20_jaar | S21: =O21&"_"&R21 -> 5_20_jaar | T21: 8.73 | V21: 5 | W21: 20_jaar | X21: WMJL | Y21: =W21 -> 20_jaar | Z21: =V21&"_"&Y21 -> 5_20_jaar | AA21: vervalt | AC21: 5 | AD21: 20_jaar | AE21: WMJL | AF21: =AD21 -> 20_jaar | AG21: =AC21&"_"&AF21 -> 5_20_jaar | AH21: vervalt | AJ21: 5 | AK21: 20_jaar | AL21: WMJL | AM21: =AK21 -> 20_jaar | AN21: =AJ21&"_"&AM21 -> 5_20_jaar | AO21: vervalt | AQ21: 5 | AR21: 20_jaar | AS21: WMJL | AT21: =AR21 -> 20_jaar | AU21: =AQ21&"_"&AT21 -> 5_20_jaar | AV21: vervalt | AX21: 5 | AY21: 20_jaar | AZ21: WMJL | BA21: =AY21 -> 20_jaar | BB21: =AX21&"_"&BA21 -> 5_20_jaar | BC21: vervalt | BE21: 5 | BF21: 20_jaar | BG21: WMJL | BH21: =BF21 -> 20_jaar | BI21: =BE21&"_"&BH21 -> 5_20_jaar | BJ21: vervalt | BL21: 5 | BM21: 20_jaar | BN21: WMJL | BO21: 20_jaar | BP21: 5_20_jaar | BQ21: vervalt | BS21: 5 | BT21: 20_jaar | BU21: WMJL | BV21: =BT21 -> 20_jaar | BW21: =BS21&"_"&BV21 -> 5_20_jaar | BX21: =INDEX($BC$17:$BC$237,MATCH(BW21,$BB$17:$BB$237,0)) -> vervalt | BY21: =INDEX($BJ$17:$BJ$237,MATCH(BW21,$BI$17:$BI$237,0)) -> vervalt | BZ21: =INDEX($BQ$17:$BQ$237,MATCH(BW21,$BP$17:$BP$237,0)) -> vervalt | CA21: =IFERROR($D$6*BX21+$D$7*BY21+$D$8*BZ21,"vervalt") -> vervalt
A22: 5 | B22: 21_jaar | C22: WMJL | D22: =B22 -> 21_jaar | E22: =A22&"_"&D22 -> 5_21_jaar | F22: 8.69 | H22: 5 | I22: 21_jaar | J22: WMJL | K22: =I22 -> 21_jaar | L22: =H22&"_"&K22 -> 5_21_jaar | M22: 10.6 | O22: 5 | P22: 21_jaar | Q22: WMJL | R22: =P22 -> 21_jaar | S22: =O22&"_"&R22 -> 5_21_jaar | T22: 10.91 | V22: 5 | W22: 21_jaar | X22: WMJL | Y22: =W22 -> 21_jaar | Z22: =V22&"_"&Y22 -> 5_21_jaar | AA22: vervalt | AC22: 5 | AD22: 21_jaar | AE22: WMJL | AF22: =AD22 -> 21_jaar | AG22: =AC22&"_"&AF22 -> 5_21_jaar | AH22: vervalt | AJ22: 5 | AK22: 21_jaar | AL22: WMJL | AM22: =AK22 -> 21_jaar | AN22: =AJ22&"_"&AM22 -> 5_21_jaar | AO22: vervalt | AQ22: 5 | AR22: 21_jaar | AS22: WMJL | AT22: =AR22 -> 21_jaar | AU22: =AQ22&"_"&AT22 -> 5_21_jaar | AV22: vervalt | AX22: 5 | AY22: 21_jaar | AZ22: WMJL | BA22: =AY22 -> 21_jaar | BB22: =AX22&"_"&BA22 -> 5_21_jaar | BC22: vervalt | BE22: 5 | BF22: 21_jaar | BG22: WMJL | BH22: =BF22 -> 21_jaar | BI22: =BE22&"_"&BH22 -> 5_21_jaar | BJ22: vervalt | BL22: 5 | BM22: 21_jaar | BN22: WMJL | BO22: 21_jaar | BP22: 5_21_jaar | BQ22: vervalt | BS22: 5 | BT22: 21_jaar | BU22: WMJL | BV22: =BT22 -> 21_jaar | BW22: =BS22&"_"&BV22 -> 5_21_jaar | BX22: =INDEX($BC$17:$BC$237,MATCH(BW22,$BB$17:$BB$237,0)) -> vervalt | BY22: =INDEX($BJ$17:$BJ$237,MATCH(BW22,$BI$17:$BI$237,0)) -> vervalt | BZ22: =INDEX($BQ$17:$BQ$237,MATCH(BW22,$BP$17:$BP$237,0)) -> vervalt | CA22: =IFERROR($D$6*BX22+$D$7*BY22+$D$8*BZ22,"vervalt") -> vervalt
A23: 5 | B23: 22_jaar | C23: WMJL | D23: =B23 -> 22_jaar | E23: =A23&"_"&D23 -> 5_22_jaar | F23: 10.22 | H23: 10 | I23: 0 | J23: 1 | K23: =I23 -> 0 | L23: =H23&"_"&K23 -> 10_0 | M23: 10.15 | O23: 10 | P23: 0 | Q23: 1 | R23: =P23 -> 0 | S23: =O23&"_"&R23 -> 10_0 | T23: 10.45 | V23: 10 | W23: 0 | X23: 1 | Y23: =W23 -> 0 | Z23: =V23&"_"&Y23 -> 10_0 | AA23: vervalt | AC23: 10 | AD23: 0 | AE23: 1 | AF23: =AD23 -> 0 | AG23: =AC23&"_"&AF23 -> 10_0 | AH23: vervalt | AJ23: 10 | AK23: 0 | AL23: 1 | AM23: =AK23 -> 0 | AN23: =AJ23&"_"&AM23 -> 10_0 | AO23: vervalt | AQ23: 10 | AR23: 0 | AS23: 1 | AT23: =AR23 -> 0 | AU23: =AQ23&"_"&AT23 -> 10_0 | AV23: vervalt | AX23: 10 | AY23: 0 | AZ23: 1 | BA23: =AY23 -> 0 | BB23: =AX23&"_"&BA23 -> 10_0 | BC23: vervalt | BE23: 10 | BF23: 0 | BG23: 1 | BH23: =BF23 -> 0 | BI23: =BE23&"_"&BH23 -> 10_0 | BJ23: vervalt | BL23: 10 | BM23: 0 | BN23: 1 | BO23: 0 | BP23: 10_0 | BQ23: vervalt | BS23: 10 | BT23: 0 | BU23: 1 | BV23: =BT23 -> 0 | BW23: =BS23&"_"&BV23 -> 10_0 | BX23: =INDEX($BC$17:$BC$237,MATCH(BW23,$BB$17:$BB$237,0)) -> vervalt | BY23: =INDEX($BJ$17:$BJ$237,MATCH(BW23,$BI$17:$BI$237,0)) -> vervalt | BZ23: =INDEX($BQ$17:$BQ$237,MATCH(BW23,$BP$17:$BP$237,0)) -> vervalt | CA23: =IFERROR($D$6*BX23+$D$7*BY23+$D$8*BZ23,"vervalt") -> vervalt
A24: 10 | B24: 0 | C24: 1 | D24: =B24 -> 0 | E24: =A24&"_"&D24 -> 10_0 | F24: 9.8 | H24: 10 | I24: 1 | J24: 2 | K24: =I24 -> 1 | L24: =H24&"_"&K24 -> 10_1 | M24: 10.34 | O24: 10 | P24: 1 | Q24: 2 | R24: =P24 -> 1 | S24: =O24&"_"&R24 -> 10_1 | T24: 10.65 | V24: 10 | W24: 1 | X24: 2 | Y24: =W24 -> 1 | Z24: =V24&"_"&Y24 -> 10_1 | AA24: vervalt | AC24: 10 | AD24: 1 | AE24: 2 | AF24: =AD24 -> 1 | AG24: =AC24&"_"&AF24 -> 10_1 | AH24: vervalt | AJ24: 10 | AK24: 1 | AL24: 2 | AM24: =AK24 -> 1 | AN24: =AJ24&"_"&AM24 -> 10_1 | AO24: vervalt | AQ24: 10 | AR24: 1 | AS24: 2 | AT24: =AR24 -> 1 | AU24: =AQ24&"_"&AT24 -> 10_1 | AV24: vervalt | AX24: 10 | AY24: 1 | AZ24: 2 | BA24: =AY24 -> 1 | BB24: =AX24&"_"&BA24 -> 10_1 | BC24: vervalt | BE24: 10 | BF24: 1 | BG24: 2 | BH24: =BF24 -> 1 | BI24: =BE24&"_"&BH24 -> 10_1 | BJ24: vervalt | BL24: 10 | BM24: 1 | BN24: 2 | BO24: 1 | BP24: 10_1 | BQ24: vervalt | BS24: 10 | BT24: 1 | BU24: 2 | BV24: =BT24 -> 1 | BW24: =BS24&"_"&BV24 -> 10_1 | BX24: =INDEX($BC$17:$BC$237,MATCH(BW24,$BB$17:$BB$237,0)) -> vervalt | BY24: =INDEX($BJ$17:$BJ$237,MATCH(BW24,$BI$17:$BI$237,0)) -> vervalt | BZ24: =INDEX($BQ$17:$BQ$237,MATCH(BW24,$BP$17:$BP$237,0)) -> vervalt | CA24: =IFERROR($D$6*BX24+$D$7*BY24+$D$8*BZ24,"vervalt") -> vervalt
A25: 10 | B25: 1 | C25: 2 | D25: =B25 -> 1 | E25: =A25&"_"&D25 -> 10_1 | F25: 9.99 | H25: 10 | I25: 2 | J25: 3 | K25: =I25 -> 2 | L25: =H25&"_"&K25 -> 10_2 | M25: 10.53 | O25: 10 | P25: 2 | Q25: 3 | R25: =P25 -> 2 | S25: =O25&"_"&R25 -> 10_2 | T25: 10.85 | V25: 10 | W25: 2 | X25: 3 | Y25: =W25 -> 2 | Z25: =V25&"_"&Y25 -> 10_2 | AA25: vervalt | AC25: 10 | AD25: 2 | AE25: 3 | AF25: =AD25 -> 2 | AG25: =AC25&"_"&AF25 -> 10_2 | AH25: vervalt | AJ25: 10 | AK25: 2 | AL25: 3 | AM25: =AK25 -> 2 | AN25: =AJ25&"_"&AM25 -> 10_2 | AO25: vervalt | AQ25: 10 | AR25: 2 | AS25: 3 | AT25: =AR25 -> 2 | AU25: =AQ25&"_"&AT25 -> 10_2 | AV25: vervalt | AX25: 10 | AY25: 2 | AZ25: 3 | BA25: =AY25 -> 2 | BB25: =AX25&"_"&BA25 -> 10_2 | BC25: vervalt | BE25: 10 | BF25: 2 | BG25: 3 | BH25: =BF25 -> 2 | BI25: =BE25&"_"&BH25 -> 10_2 | BJ25: vervalt | BL25: 10 | BM25: 2 | BN25: 3 | BO25: 2 | BP25: 10_2 | BQ25: vervalt | BS25: 10 | BT25: 2 | BU25: 3 | BV25: =BT25 -> 2 | BW25: =BS25&"_"&BV25 -> 10_2 | BX25: =INDEX($BC$17:$BC$237,MATCH(BW25,$BB$17:$BB$237,0)) -> vervalt | BY25: =INDEX($BJ$17:$BJ$237,MATCH(BW25,$BI$17:$BI$237,0)) -> vervalt | BZ25: =INDEX($BQ$17:$BQ$237,MATCH(BW25,$BP$17:$BP$237,0)) -> vervalt | CA25: =IFERROR($D$6*BX25+$D$7*BY25+$D$8*BZ25,"vervalt") -> vervalt
A26: 10 | B26: 2 | C26: 3 | D26: =B26 -> 2 | E26: =A26&"_"&D26 -> 10_2 | F26: 10.17 | H26: 10 | I26: 3 | J26: 4 | K26: =I26 -> 3 | L26: =H26&"_"&K26 -> 10_3 | M26: 10.94 | O26: 10 | P26: 3 | Q26: 4 | R26: =P26 -> 3 | S26: =O26&"_"&R26 -> 10_3 | T26: 11.27 | V26: 10 | W26: 3 | X26: 4 | Y26: =W26 -> 3 | Z26: =V26&"_"&Y26 -> 10_3 | AA26: vervalt | AC26: 10 | AD26: 3 | AE26: 4 | AF26: =AD26 -> 3 | AG26: =AC26&"_"&AF26 -> 10_3 | AH26: vervalt | AJ26: 10 | AK26: 3 | AL26: 4 | AM26: =AK26 -> 3 | AN26: =AJ26&"_"&AM26 -> 10_3 | AO26: vervalt | AQ26: 10 | AR26: 3 | AS26: 4 | AT26: =AR26 -> 3 | AU26: =AQ26&"_"&AT26 -> 10_3 | AV26: vervalt | AX26: 10 | AY26: 3 | AZ26: 4 | BA26: =AY26 -> 3 | BB26: =AX26&"_"&BA26 -> 10_3 | BC26: vervalt | BE26: 10 | BF26: 3 | BG26: 4 | BH26: =BF26 -> 3 | BI26: =BE26&"_"&BH26 -> 10_3 | BJ26: vervalt | BL26: 10 | BM26: 3 | BN26: 4 | BO26: 3 | BP26: 10_3 | BQ26: vervalt | BS26: 10 | BT26: 3 | BU26: 4 | BV26: =BT26 -> 3 | BW26: =BS26&"_"&BV26 -> 10_3 | BX26: =INDEX($BC$17:$BC$237,MATCH(BW26,$BB$17:$BB$237,0)) -> vervalt | BY26: =INDEX($BJ$17:$BJ$237,MATCH(BW26,$BI$17:$BI$237,0)) -> vervalt | BZ26: =INDEX($BQ$17:$BQ$237,MATCH(BW26,$BP$17:$BP$237,0)) -> vervalt | CA26: =IFERROR($D$6*BX26+$D$7*BY26+$D$8*BZ26,"vervalt") -> vervalt
A27: 10 | B27: 3 | C27: 4 | D27: =B27 -> 3 | E27: =A27&"_"&D27 -> 10_3 | F27: 10.57 | H27: 10 | I27: 4 | J27: 5 | K27: =I27 -> 4 | L27: =H27&"_"&K27 -> 10_4 | M27: 11.34 | O27: 10 | P27: 4 | Q27: 5 | R27: =P27 -> 4 | S27: =O27&"_"&R27 -> 10_4 | T27: 11.68 | V27: 10 | W27: 4 | X27: 5 | Y27: =W27 -> 4 | Z27: =V27&"_"&Y27 -> 10_4 | AA27: vervalt | AC27: 10 | AD27: 4 | AE27: 5 | AF27: =AD27 -> 4 | AG27: =AC27&"_"&AF27 -> 10_4 | AH27: vervalt | AJ27: 10 | AK27: 4 | AL27: 5 | AM27: =AK27 -> 4 | AN27: =AJ27&"_"&AM27 -> 10_4 | AO27: vervalt | AQ27: 10 | AR27: 4 | AS27: 5 | AT27: =AR27 -> 4 | AU27: =AQ27&"_"&AT27 -> 10_4 | AV27: vervalt | AX27: 10 | AY27: 4 | AZ27: 5 | BA27: =AY27 -> 4 | BB27: =AX27&"_"&BA27 -> 10_4 | BC27: vervalt | BE27: 10 | BF27: 4 | BG27: 5 | BH27: =BF27 -> 4 | BI27: =BE27&"_"&BH27 -> 10_4 | BJ27: vervalt | BL27: 10 | BM27: 4 | BN27: 5 | BO27: 4 | BP27: 10_4 | BQ27: vervalt | BS27: 10 | BT27: 4 | BU27: 5 | BV27: =BT27 -> 4 | BW27: =BS27&"_"&BV27 -> 10_4 | BX27: =INDEX($BC$17:$BC$237,MATCH(BW27,$BB$17:$BB$237,0)) -> vervalt | BY27: =INDEX($BJ$17:$BJ$237,MATCH(BW27,$BI$17:$BI$237,0)) -> vervalt | BZ27: =INDEX($BQ$17:$BQ$237,MATCH(BW27,$BP$17:$BP$237,0)) -> vervalt | CA27: =IFERROR($D$6*BX27+$D$7*BY27+$D$8*BZ27,"vervalt") -> vervalt
A28: 10 | B28: 4 | C28: 5 | D28: =B28 -> 4 | E28: =A28&"_"&D28 -> 10_4 | F28: 10.96 | H28: 15 | I28: Aanloopperiodiek_0 | J28: 3 | K28: =I28 -> Aanloopperiodiek_0 | L28: =H28&"_"&K28 -> 15_Aanloopperiodiek_0 | M28: 10.53 | O28: 15 | P28: Aanloopperiodiek_0 | Q28: 3 | R28: =P28 -> Aanloopperiodiek_0 | S28: =O28&"_"&R28 -> 15_Aanloopperiodiek_0 | T28: 10.85 | V28: 15 | W28: Aanloopperiodiek_0 | X28: 3 | Y28: =W28 -> Aanloopperiodiek_0 | Z28: =V28&"_"&Y28 -> 15_Aanloopperiodiek_0 | AA28: vervalt | AC28: 15 | AD28: Aanloopperiodiek_0 | AE28: 3 | AF28: =AD28 -> Aanloopperiodiek_0 | AG28: =AC28&"_"&AF28 -> 15_Aanloopperiodiek_0 | AH28: vervalt | AJ28: 15 | AK28: Aanloopperiodiek_0 | AL28: 3 | AM28: =AK28 -> Aanloopperiodiek_0 | AN28: =AJ28&"_"&AM28 -> 15_Aanloopperiodiek_0 | AO28: vervalt | AQ28: 15 | AR28: Aanloopperiodiek_0 | AS28: 3 | AT28: =AR28 -> Aanloopperiodiek_0 | AU28: =AQ28&"_"&AT28 -> 15_Aanloopperiodiek_0 | AV28: vervalt | AX28: 15 | AY28: Aanloopperiodiek_0 | AZ28: 3 | BA28: =AY28 -> Aanloopperiodiek_0 | BB28: =AX28&"_"&BA28 -> 15_Aanloopperiodiek_0 | BC28: vervalt | BE28: 15 | BF28: Aanloopperiodiek_0 | BG28: 3 | BH28: =BF28 -> Aanloopperiodiek_0 | BI28: =BE28&"_"&BH28 -> 15_Aanloopperiodiek_0 | BJ28: vervalt | BL28: 15 | BM28: Aanloopperiodiek_0 | BN28: 3 | BO28: Aanloopperiodiek_0 | BP28: 15_Aanloopperiodiek_0 | BQ28: vervalt | BS28: 15 | BT28: Aanloopperiodiek_0 | BU28: 3 | BV28: =BT28 -> Aanloopperiodiek_0 | BW28: =BS28&"_"&BV28 -> 15_Aanloopperiodiek_0 | BX28: =INDEX($BC$17:$BC$237,MATCH(BW28,$BB$17:$BB$237,0)) -> vervalt | BY28: =INDEX($BJ$17:$BJ$237,MATCH(BW28,$BI$17:$BI$237,0)) -> vervalt | BZ28: =INDEX($BQ$17:$BQ$237,MATCH(BW28,$BP$17:$BP$237,0)) -> vervalt | CA28: =IFERROR($D$6*BX28+$D$7*BY28+$D$8*BZ28,"vervalt") -> vervalt
A29: 15 | B29: Aanloopperiodiek_0 | C29: 3 | D29: =B29 -> Aanloopperiodiek_0 | E29: =A29&"_"&D29 -> 15_Aanloopperiodiek_0 | F29: 10.17 | H29: 15 | I29: Aanloopperiodiek_1 | J29: 4 | K29: =I29 -> Aanloopperiodiek_1 | L29: =H29&"_"&K29 -> 15_Aanloopperiodiek_1 | M29: 10.94 | O29: 15 | P29: Aanloopperiodiek_1 | Q29: 4 | R29: =P29 -> Aanloopperiodiek_1 | S29: =O29&"_"&R29 -> 15_Aanloopperiodiek_1 | T29: 11.27 | V29: 15 | W29: Aanloopperiodiek_1 | X29: 4 | Y29: =W29 -> Aanloopperiodiek_1 | Z29: =V29&"_"&Y29 -> 15_Aanloopperiodiek_1 | AA29: vervalt | AC29: 15 | AD29: Aanloopperiodiek_1 | AE29: 4 | AF29: =AD29 -> Aanloopperiodiek_1 | AG29: =AC29&"_"&AF29 -> 15_Aanloopperiodiek_1 | AH29: vervalt | AJ29: 15 | AK29: Aanloopperiodiek_1 | AL29: 4 | AM29: =AK29 -> Aanloopperiodiek_1 | AN29: =AJ29&"_"&AM29 -> 15_Aanloopperiodiek_1 | AO29: vervalt | AQ29: 15 | AR29: Aanloopperiodiek_1 | AS29: 4 | AT29: =AR29 -> Aanloopperiodiek_1 | AU29: =AQ29&"_"&AT29 -> 15_Aanloopperiodiek_1 | AV29: vervalt | AX29: 15 | AY29: Aanloopperiodiek_1 | AZ29: 4 | BA29: =AY29 -> Aanloopperiodiek_1 | BB29: =AX29&"_"&BA29 -> 15_Aanloopperiodiek_1 | BC29: vervalt | BE29: 15 | BF29: Aanloopperiodiek_1 | BG29: 4 | BH29: =BF29 -> Aanloopperiodiek_1 | BI29: =BE29&"_"&BH29 -> 15_Aanloopperiodiek_1 | BJ29: vervalt | BL29: 15 | BM29: Aanloopperiodiek_1 | BN29: 4 | BO29: Aanloopperiodiek_1 | BP29: 15_Aanloopperiodiek_1 | BQ29: vervalt | BS29: 15 | BT29: Aanloopperiodiek_1 | BU29: 4 | BV29: =BT29 -> Aanloopperiodiek_1 | BW29: =BS29&"_"&BV29 -> 15_Aanloopperiodiek_1 | BX29: =INDEX($BC$17:$BC$237,MATCH(BW29,$BB$17:$BB$237,0)) -> vervalt | BY29: =INDEX($BJ$17:$BJ$237,MATCH(BW29,$BI$17:$BI$237,0)) -> vervalt | BZ29: =INDEX($BQ$17:$BQ$237,MATCH(BW29,$BP$17:$BP$237,0)) -> vervalt | CA29: =IFERROR($D$6*BX29+$D$7*BY29+$D$8*BZ29,"vervalt") -> vervalt
A30: 15 | B30: Aanloopperiodiek_1 | C30: 4 | D30: =B30 -> Aanloopperiodiek_1 | E30: =A30&"_"&D30 -> 15_Aanloopperiodiek_1 | F30: 10.57 | H30: 15 | I30: 0 | J30: 5 | K30: =I30 -> 0 | L30: =H30&"_"&K30 -> 15_0 | M30: 11.34 | O30: 15 | P30: 0 | Q30: 5 | R30: =P30 -> 0 | S30: =O30&"_"&R30 -> 15_0 | T30: 11.68 | V30: 15 | W30: 0 | X30: 5 | Y30: =W30 -> 0 | Z30: =V30&"_"&Y30 -> 15_0 | AA30: 12.1 | AC30: 15 | AD30: 0 | AE30: 5 | AF30: =AD30 -> 0 | AG30: =AC30&"_"&AF30 -> 15_0 | AH30: 12.5 | AJ30: 15 | AK30: 0 | AL30: 5 | AM30: =AK30 -> 0 | AN30: =AJ30&"_"&AM30 -> 15_0 | AO30: 13.3 | AQ30: 15 | AR30: 0 | AS30: 5 | AT30: =AR30 -> 0 | AU30: =AQ30&"_"&AT30 -> 15_0 | AV30: 13.78 | AX30: 15 | AY30: 0 | AZ30: 5 | BA30: =AY30 -> 0 | BB30: =AX30&"_"&BA30 -> 15_0 | BC30: 14.26 | BE30: 15 | BF30: 0 | BG30: 5 | BH30: =BF30 -> 0 | BI30: =BE30&"_"&BH30 -> 15_0 | BJ30: 14.83 | BL30: 15 | BM30: 0 | BN30: 5 | BO30: 0 | BP30: 15_0 | BQ30: 15.35 | BS30: 15 | BT30: 0 | BU30: 5 | BV30: =BT30 -> 0 | BW30: =BS30&"_"&BV30 -> 15_0 | BX30: =INDEX($BC$17:$BC$237,MATCH(BW30,$BB$17:$BB$237,0)) -> 14.26 | BY30: =INDEX($BJ$17:$BJ$237,MATCH(BW30,$BI$17:$BI$237,0)) -> 14.83 | BZ30: =INDEX($BQ$17:$BQ$237,MATCH(BW30,$BP$17:$BP$237,0)) -> 15.35 | CA30: =IFERROR($D$6*BX30+$D$7*BY30+$D$8*BZ30,"vervalt") -> 14.545
A31: 15 | B31: 0 | C31: 5 | D31: =B31 -> 0 | E31: =A31&"_"&D31 -> 15_0 | F31: 10.96 | H31: 15 | I31: 1 | J31: 6 | K31: =I31 -> 1 | L31: =H31&"_"&K31 -> 15_1 | M31: 11.56 | O31: 15 | P31: 1 | Q31: 6 | R31: =P31 -> 1 | S31: =O31&"_"&R31 -> 15_1 | T31: 11.9 | V31: 15 | W31: 1 | X31: 6 | Y31: =W31 -> 1 | Z31: =V31&"_"&Y31 -> 15_1 | AA31: 12.32 | AC31: 15 | AD31: 1 | AE31: 6 | AF31: =AD31 -> 1 | AG31: =AC31&"_"&AF31 -> 15_1 | AH31: 12.69 | AJ31: 15 | AK31: 1 | AL31: 6 | AM31: =AK31 -> 1 | AN31: =AJ31&"_"&AM31 -> 15_1 | AO31: 13.49 | AQ31: 15 | AR31: 1 | AS31: 6 | AT31: =AR31 -> 1 | AU31: =AQ31&"_"&AT31 -> 15_1 | AV31: 13.97 | AX31: 15 | AY31: 1 | AZ31: 6 | BA31: =AY31 -> 1 | BB31: =AX31&"_"&BA31 -> 15_1 | BC31: 14.45 | BE31: 15 | BF31: 1 | BG31: 6 | BH31: =BF31 -> 1 | BI31: =BE31&"_"&BH31 -> 15_1 | BJ31: 15.02 | BL31: 15 | BM31: 1 | BN31: 6 | BO31: 1 | BP31: 15_1 | BQ31: 15.55 | BS31: 15 | BT31: 1 | BU31: 6 | BV31: =BT31 -> 1 | BW31: =BS31&"_"&BV31 -> 15_1 | BX31: =INDEX($BC$17:$BC$237,MATCH(BW31,$BB$17:$BB$237,0)) -> 14.45 | BY31: =INDEX($BJ$17:$BJ$237,MATCH(BW31,$BI$17:$BI$237,0)) -> 15.02 | BZ31: =INDEX($BQ$17:$BQ$237,MATCH(BW31,$BP$17:$BP$237,0)) -> 15.55 | CA31: =IFERROR($D$6*BX31+$D$7*BY31+$D$8*BZ31,"vervalt") -> 14.735
A32: 15 | B32: 1 | C32: 6 | D32: =B32 -> 1 | E32: =A32&"_"&D32 -> 15_1 | F32: 11.17 | H32: 15 | I32: 2 | J32: 7 | K32: =I32 -> 2 | L32: =H32&"_"&K32 -> 15_2 | M32: 11.86 | O32: 15 | P32: 2 | Q32: 7 | R32: =P32 -> 2 | S32: =O32&"_"&R32 -> 15_2 | T32: 12.22 | V32: 15 | W32: 2 | X32: 7 | Y32: =W32 -> 2 | Z32: =V32&"_"&Y32 -> 15_2 | AA32: 12.63 | AC32: 15 | AD32: 2 | AE32: 7 | AF32: =AD32 -> 2 | AG32: =AC32&"_"&AF32 -> 15_2 | AH32: 13.01 | AJ32: 15 | AK32: 2 | AL32: 7 | AM32: =AK32 -> 2 | AN32: =AJ32&"_"&AM32 -> 15_2 | AO32: 13.81 | AQ32: 15 | AR32: 2 | AS32: 7 | AT32: =AR32 -> 2 | AU32: =AQ32&"_"&AT32 -> 15_2 | AV32: 14.29 | AX32: 15 | AY32: 2 | AZ32: 7 | BA32: =AY32 -> 2 | BB32: =AX32&"_"&BA32 -> 15_2 | BC32: 14.77 | BE32: 15 | BF32: 2 | BG32: 7 | BH32: =BF32 -> 2 | BI32: =BE32&"_"&BH32 -> 15_2 | BJ32: 15.36 | BL32: 15 | BM32: 2 | BN32: 7 | BO32: 2 | BP32: 15_2 | BQ32: 15.9 | BS32: 15 | BT32: 2 | BU32: 7 | BV32: =BT32 -> 2 | BW32: =BS32&"_"&BV32 -> 15_2 | BX32: =INDEX($BC$17:$BC$237,MATCH(BW32,$BB$17:$BB$237,0)) -> 14.77 | BY32: =INDEX($BJ$17:$BJ$237,MATCH(BW32,$BI$17:$BI$237,0)) -> 15.36 | BZ32: =INDEX($BQ$17:$BQ$237,MATCH(BW32,$BP$17:$BP$237,0)) -> 15.9 | CA32: =IFERROR($D$6*BX32+$D$7*BY32+$D$8*BZ32,"vervalt") -> 15.065
A33: 15 | B33: 2 | C33: 7 | D33: =B33 -> 2 | E33: =A33&"_"&D33 -> 15_2 | F33: 11.46 | H33: 15 | I33: 3 | J33: 8 | K33: =I33 -> 3 | L33: =H33&"_"&K33 -> 15_3 | M33: 12.16 | O33: 15 | P33: 3 | Q33: 8 | R33: =P33 -> 3 | S33: =O33&"_"&R33 -> 15_3 | T33: 12.52 | V33: 15 | W33: 3 | X33: 8 | Y33: =W33 -> 3 | Z33: =V33&"_"&Y33 -> 15_3 | AA33: 12.94 | AC33: 15 | AD33: 3 | AE33: 8 | AF33: =AD33 -> 3 | AG33: =AC33&"_"&AF33 -> 15_3 | AH33: 13.33 | AJ33: 15 | AK33: 3 | AL33: 8 | AM33: =AK33 -> 3 | AN33: =AJ33&"_"&AM33 -> 15_3 | AO33: 14.13 | AQ33: 15 | AR33: 3 | AS33: 8 | AT33: =AR33 -> 3 | AU33: =AQ33&"_"&AT33 -> 15_3 | AV33: 14.61 | AX33: 15 | AY33: 3 | AZ33: 8 | BA33: =AY33 -> 3 | BB33: =AX33&"_"&BA33 -> 15_3 | BC33: 15.08 | BE33: 15 | BF33: 3 | BG33: 8 | BH33: =BF33 -> 3 | BI33: =BE33&"_"&BH33 -> 15_3 | BJ33: 15.69 | BL33: 15 | BM33: 3 | BN33: 8 | BO33: 3 | BP33: 15_3 | BQ33: 16.24 | BS33: 15 | BT33: 3 | BU33: 8 | BV33: =BT33 -> 3 | BW33: =BS33&"_"&BV33 -> 15_3 | BX33: =INDEX($BC$17:$BC$237,MATCH(BW33,$BB$17:$BB$237,0)) -> 15.08 | BY33: =INDEX($BJ$17:$BJ$237,MATCH(BW33,$BI$17:$BI$237,0)) -> 15.69 | BZ33: =INDEX($BQ$17:$BQ$237,MATCH(BW33,$BP$17:$BP$237,0)) -> 16.24 | CA33: =IFERROR($D$6*BX33+$D$7*BY33+$D$8*BZ33,"vervalt") -> 15.385
A34: 15 | B34: 3 | C34: 8 | D34: =B34 -> 3 | E34: =A34&"_"&D34 -> 15_3 | F34: 11.75 | H34: 15 | I34: 4 | J34: 9 | K34: =I34 -> 4 | L34: =H34&"_"&K34 -> 15_4 | M34: 12.48 | O34: 15 | P34: 4 | Q34: 9 | R34: =P34 -> 4 | S34: =O34&"_"&R34 -> 15_4 | T34: 12.86 | V34: 15 | W34: 4 | X34: 9 | Y34: =W34 -> 4 | Z34: =V34&"_"&Y34 -> 15_4 | AA34: 13.27 | AC34: 15 | AD34: 4 | AE34: 9 | AF34: =AD34 -> 4 | AG34: =AC34&"_"&AF34 -> 15_4 | AH34: 13.67 | AJ34: 15 | AK34: 4 | AL34: 9 | AM34: =AK34 -> 4 | AN34: =AJ34&"_"&AM34 -> 15_4 | AO34: 14.47 | AQ34: 15 | AR34: 4 | AS34: 9 | AT34: =AR34 -> 4 | AU34: =AQ34&"_"&AT34 -> 15_4 | AV34: 14.95 | AX34: 15 | AY34: 4 | AZ34: 9 | BA34: =AY34 -> 4 | BB34: =AX34&"_"&BA34 -> 15_4 | BC34: 15.43 | BE34: 15 | BF34: 4 | BG34: 9 | BH34: =BF34 -> 4 | BI34: =BE34&"_"&BH34 -> 15_4 | BJ34: 16.05 | BL34: 15 | BM34: 4 | BN34: 9 | BO34: 4 | BP34: 15_4 | BQ34: 16.61 | BS34: 15 | BT34: 4 | BU34: 9 | BV34: =BT34 -> 4 | BW34: =BS34&"_"&BV34 -> 15_4 | BX34: =INDEX($BC$17:$BC$237,MATCH(BW34,$BB$17:$BB$237,0)) -> 15.43 | BY34: =INDEX($BJ$17:$BJ$237,MATCH(BW34,$BI$17:$BI$237,0)) -> 16.05 | BZ34: =INDEX($BQ$17:$BQ$237,MATCH(BW34,$BP$17:$BP$237,0)) -> 16.61 | CA34: =IFERROR($D$6*BX34+$D$7*BY34+$D$8*BZ34,"vervalt") -> 15.74
A35: 15 | B35: 4 | C35: 9 | D35: =B35 -> 4 | E35: =A35&"_"&D35 -> 15_4 | F35: 12.06 | H35: 15 | I35: 5 | J35: 10 | K35: =I35 -> 5 | L35: =H35&"_"&K35 -> 15_5 | M35: 12.83 | O35: 15 | P35: 5 | Q35: 10 | R35: =P35 -> 5 | S35: =O35&"_"&R35 -> 15_5 | T35: 13.22 | V35: 15 | W35: 5 | X35: 10 | Y35: =W35 -> 5 | Z35: =V35&"_"&Y35 -> 15_5 | AA35: 13.64 | AC35: 15 | AD35: 5 | AE35: 10 | AF35: =AD35 -> 5 | AG35: =AC35&"_"&AF35 -> 15_5 | AH35: 14.05 | AJ35: 15 | AK35: 5 | AL35: 10 | AM35: =AK35 -> 5 | AN35: =AJ35&"_"&AM35 -> 15_5 | AO35: 14.85 | AQ35: 15 | AR35: 5 | AS35: 10 | AT35: =AR35 -> 5 | AU35: =AQ35&"_"&AT35 -> 15_5 | AV35: 15.33 | AX35: 15 | AY35: 5 | AZ35: 10 | BA35: =AY35 -> 5 | BB35: =AX35&"_"&BA35 -> 15_5 | BC35: 15.81 | BE35: 15 | BF35: 5 | BG35: 10 | BH35: =BF35 -> 5 | BI35: =BE35&"_"&BH35 -> 15_5 | BJ35: 16.44 | BL35: 15 | BM35: 5 | BN35: 10 | BO35: 5 | BP35: 15_5 | BQ35: 17.02 | BS35: 15 | BT35: 5 | BU35: 10 | BV35: =BT35 -> 5 | BW35: =BS35&"_"&BV35 -> 15_5 | BX35: =INDEX($BC$17:$BC$237,MATCH(BW35,$BB$17:$BB$237,0)) -> 15.81 | BY35: =INDEX($BJ$17:$BJ$237,MATCH(BW35,$BI$17:$BI$237,0)) -> 16.44 | BZ35: =INDEX($BQ$17:$BQ$237,MATCH(BW35,$BP$17:$BP$237,0)) -> 17.02 | CA35: =IFERROR($D$6*BX35+$D$7*BY35+$D$8*BZ35,"vervalt") -> 16.125
A36: 15 | B36: 5 | C36: 10 | D36: =B36 -> 5 | E36: =A36&"_"&D36 -> 15_5 | F36: 12.4 | H36: 15 | I36: 6 | J36: 11 | K36: =I36 -> 6 | L36: =H36&"_"&K36 -> 15_6 | M36: 13.22 | O36: 15 | P36: 6 | Q36: 11 | R36: =P36 -> 6 | S36: =O36&"_"&R36 -> 15_6 | T36: 13.62 | V36: 15 | W36: 6 | X36: 11 | Y36: =W36 -> 6 | Z36: =V36&"_"&Y36 -> 15_6 | AA36: 14.06 | AC36: 15 | AD36: 6 | AE36: 11 | AF36: =AD36 -> 6 | AG36: =AC36&"_"&AF36 -> 15_6 | AH36: 14.48 | AJ36: 15 | AK36: 6 | AL36: 11 | AM36: =AK36 -> 6 | AN36: =AJ36&"_"&AM36 -> 15_6 | AO36: 15.28 | AQ36: 15 | AR36: 6 | AS36: 11 | AT36: =AR36 -> 6 | AU36: =AQ36&"_"&AT36 -> 15_6 | AV36: 15.76 | AX36: 15 | AY36: 6 | AZ36: 11 | BA36: =AY36 -> 6 | BB36: =AX36&"_"&BA36 -> 15_6 | BC36: 16.24 | BE36: 15 | BF36: 6 | BG36: 11 | BH36: =BF36 -> 6 | BI36: =BE36&"_"&BH36 -> 15_6 | BJ36: 16.89 | BL36: 15 | BM36: 6 | BN36: 11 | BO36: 6 | BP36: 15_6 | BQ36: 17.48 | BS36: 15 | BT36: 6 | BU36: 11 | BV36: =BT36 -> 6 | BW36: =BS36&"_"&BV36 -> 15_6 | BX36: =INDEX($BC$17:$BC$237,MATCH(BW36,$BB$17:$BB$237,0)) -> 16.24 | BY36: =INDEX($BJ$17:$BJ$237,MATCH(BW36,$BI$17:$BI$237,0)) -> 16.89 | BZ36: =INDEX($BQ$17:$BQ$237,MATCH(BW36,$BP$17:$BP$237,0)) -> 17.48 | CA36: =IFERROR($D$6*BX36+$D$7*BY36+$D$8*BZ36,"vervalt") -> 16.565
A37: 15 | B37: 6 | C37: 11 | D37: =B37 -> 6 | E37: =A37&"_"&D37 -> 15_6 | F37: 12.78 | H37: 15 | I37: 7 | J37: 12 | K37: =I37 -> 7 | L37: =H37&"_"&K37 -> 15_7 | M37: 13.63 | O37: 15 | P37: 7 | Q37: 12 | R37: =P37 -> 7 | S37: =O37&"_"&R37 -> 15_7 | T37: 14.04 | V37: 15 | W37: 7 | X37: 12 | Y37: =W37 -> 7 | Z37: =V37&"_"&Y37 -> 15_7 | AA37: 14.5 | AC37: 15 | AD37: 7 | AE37: 12 | AF37: =AD37 -> 7 | AG37: =AC37&"_"&AF37 -> 15_7 | AH37: 14.93 | AJ37: 15 | AK37: 7 | AL37: 12 | AM37: =AK37 -> 7 | AN37: =AJ37&"_"&AM37 -> 15_7 | AO37: 15.73 | AQ37: 15 | AR37: 7 | AS37: 12 | AT37: =AR37 -> 7 | AU37: =AQ37&"_"&AT37 -> 15_7 | AV37: 16.21 | AX37: 15 | AY37: 7 | AZ37: 12 | BA37: =AY37 -> 7 | BB37: =AX37&"_"&BA37 -> 15_7 | BC37: 16.69 | BE37: 15 | BF37: 7 | BG37: 12 | BH37: =BF37 -> 7 | BI37: =BE37&"_"&BH37 -> 15_7 | BJ37: 17.36 | BL37: 15 | BM37: 7 | BN37: 12 | BO37: 7 | BP37: 15_7 | BQ37: 17.96 | BS37: 15 | BT37: 7 | BU37: 12 | BV37: =BT37 -> 7 | BW37: =BS37&"_"&BV37 -> 15_7 | BX37: =INDEX($BC$17:$BC$237,MATCH(BW37,$BB$17:$BB$237,0)) -> 16.69 | BY37: =INDEX($BJ$17:$BJ$237,MATCH(BW37,$BI$17:$BI$237,0)) -> 17.36 | BZ37: =INDEX($BQ$17:$BQ$237,MATCH(BW37,$BP$17:$BP$237,0)) -> 17.96 | CA37: =IFERROR($D$6*BX37+$D$7*BY37+$D$8*BZ37,"vervalt") -> 17.025
A38: 15 | B38: 7 | C38: 12 | D38: =B38 -> 7 | E38: =A38&"_"&D38 -> 15_7 | F38: 13.17 | H38: 15 | I38: 8 | J38: 13 | K38: =I38 -> 8 | L38: =H38&"_"&K38 -> 15_8 | M38: 14.09 | O38: 15 | P38: 8 | Q38: 13 | R38: =P38 -> 8 | S38: =O38&"_"&R38 -> 15_8 | T38: 14.52 | V38: 15 | W38: 8 | X38: 13 | Y38: =W38 -> 8 | Z38: =V38&"_"&Y38 -> 15_8 | AA38: 14.99 | AC38: 15 | AD38: 8 | AE38: 13 | AF38: =AD38 -> 8 | AG38: =AC38&"_"&AF38 -> 15_8 | AH38: 15.44 | AJ38: 15 | AK38: 8 | AL38: 13 | AM38: =AK38 -> 8 | AN38: =AJ38&"_"&AM38 -> 15_8 | AO38: 16.24 | AQ38: 15 | AR38: 8 | AS38: 13 | AT38: =AR38 -> 8 | AU38: =AQ38&"_"&AT38 -> 15_8 | AV38: 16.72 | AX38: 15 | AY38: 8 | AZ38: 13 | BA38: =AY38 -> 8 | BB38: =AX38&"_"&BA38 -> 15_8 | BC38: 17.2 | BE38: 15 | BF38: 8 | BG38: 13 | BH38: =BF38 -> 8 | BI38: =BE38&"_"&BH38 -> 15_8 | BJ38: 17.88 | BL38: 15 | BM38: 8 | BN38: 13 | BO38: 8 | BP38: 15_8 | BQ38: 18.51 | BS38: 15 | BT38: 8 | BU38: 13 | BV38: =BT38 -> 8 | BW38: =BS38&"_"&BV38 -> 15_8 | BX38: =INDEX($BC$17:$BC$237,MATCH(BW38,$BB$17:$BB$237,0)) -> 17.2 | BY38: =INDEX($BJ$17:$BJ$237,MATCH(BW38,$BI$17:$BI$237,0)) -> 17.88 | BZ38: =INDEX($BQ$17:$BQ$237,MATCH(BW38,$BP$17:$BP$237,0)) -> 18.51 | CA38: =IFERROR($D$6*BX38+$D$7*BY38+$D$8*BZ38,"vervalt") -> 17.54
A39: 15 | B39: 8 | C39: 13 | D39: =B39 -> 8 | E39: =A39&"_"&D39 -> 15_8 | F39: 13.62 | H39: 20 | I39: Aanloopperiodiek_0 | J39: 5 | K39: =I39 -> Aanloopperiodiek_0 | L39: =H39&"_"&K39 -> 20_Aanloopperiodiek_0 | M39: 11.34 | O39: 20 | P39: Aanloopperiodiek_0 | Q39: 5 | R39: =P39 -> Aanloopperiodiek_0 | S39: =O39&"_"&R39 -> 20_Aanloopperiodiek_0 | T39: 11.68 | V39: 20 | W39: Aanloopperiodiek_0 | X39: 5 | Y39: =W39 -> Aanloopperiodiek_0 | Z39: =V39&"_"&Y39 -> 20_Aanloopperiodiek_0 | AA39: vervalt | AC39: 20 | AD39: Aanloopperiodiek_0 | AE39: 5 | AF39: =AD39 -> Aanloopperiodiek_0 | AG39: =AC39&"_"&AF39 -> 20_Aanloopperiodiek_0 | AH39: vervalt | AJ39: 20 | AK39: Aanloopperiodiek_0 | AL39: 5 | AM39: =AK39 -> Aanloopperiodiek_0 | AN39: =AJ39&"_"&AM39 -> 20_Aanloopperiodiek_0 | AO39: vervalt | AQ39: 20 | AR39: Aanloopperiodiek_0 | AS39: 5 | AT39: =AR39 -> Aanloopperiodiek_0 | AU39: =AQ39&"_"&AT39 -> 20_Aanloopperiodiek_0 | AV39: vervalt | AX39: 20 | AY39: Aanloopperiodiek_0 | AZ39: 5 | BA39: =AY39 -> Aanloopperiodiek_0 | BB39: =AX39&"_"&BA39 -> 20_Aanloopperiodiek_0 | BC39: vervalt | BE39: 20 | BF39: Aanloopperiodiek_0 | BG39: 5 | BH39: =BF39 -> Aanloopperiodiek_0 | BI39: =BE39&"_"&BH39 -> 20_Aanloopperiodiek_0 | BJ39: vervalt | BL39: 20 | BM39: Aanloopperiodiek_0 | BN39: 5 | BO39: Aanloopperiodiek_0 | BP39: 20_Aanloopperiodiek_0 | BQ39: vervalt | BS39: 20 | BT39: Aanloopperiodiek_0 | BU39: 5 | BV39: =BT39 -> Aanloopperiodiek_0 | BW39: =BS39&"_"&BV39 -> 20_Aanloopperiodiek_0 | BX39: =INDEX($BC$17:$BC$237,MATCH(BW39,$BB$17:$BB$237,0)) -> vervalt | BY39: =INDEX($BJ$17:$BJ$237,MATCH(BW39,$BI$17:$BI$237,0)) -> vervalt | BZ39: =INDEX($BQ$17:$BQ$237,MATCH(BW39,$BP$17:$BP$237,0)) -> vervalt | CA39: =IFERROR($D$6*BX39+$D$7*BY39+$D$8*BZ39,"vervalt") -> vervalt
A40: 20 | B40: Aanloopperiodiek_0 | C40: 5 | D40: =B40 -> Aanloopperiodiek_0 | E40: =A40&"_"&D40 -> 20_Aanloopperiodiek_0 | F40: 10.96 | H40: 20 | I40: Aanloopperiodiek_1 | J40: 6 | K40: =I40 -> Aanloopperiodiek_1 | L40: =H40&"_"&K40 -> 20_Aanloopperiodiek_1 | M40: 11.56 | O40: 20 | P40: Aanloopperiodiek_1 | Q40: 6 | R40: =P40 -> Aanloopperiodiek_1 | S40: =O40&"_"&R40 -> 20_Aanloopperiodiek_1 | T40: 11.9 | V40: 20 | W40: Aanloopperiodiek_1 | X40: 6 | Y40: =W40 -> Aanloopperiodiek_1 | Z40: =V40&"_"&Y40 -> 20_Aanloopperiodiek_1 | AA40: vervalt | AC40: 20 | AD40: Aanloopperiodiek_1 | AE40: 6 | AF40: =AD40 -> Aanloopperiodiek_1 | AG40: =AC40&"_"&AF40 -> 20_Aanloopperiodiek_1 | AH40: vervalt | AJ40: 20 | AK40: Aanloopperiodiek_1 | AL40: 6 | AM40: =AK40 -> Aanloopperiodiek_1 | AN40: =AJ40&"_"&AM40 -> 20_Aanloopperiodiek_1 | AO40: vervalt | AQ40: 20 | AR40: Aanloopperiodiek_1 | AS40: 6 | AT40: =AR40 -> Aanloopperiodiek_1 | AU40: =AQ40&"_"&AT40 -> 20_Aanloopperiodiek_1 | AV40: vervalt | AX40: 20 | AY40: Aanloopperiodiek_1 | AZ40: 6 | BA40: =AY40 -> Aanloopperiodiek_1 | BB40: =AX40&"_"&BA40 -> 20_Aanloopperiodiek_1 | BC40: vervalt | BE40: 20 | BF40: Aanloopperiodiek_1 | BG40: 6 | BH40: =BF40 -> Aanloopperiodiek_1 | BI40: =BE40&"_"&BH40 -> 20_Aanloopperiodiek_1 | BJ40: vervalt | BL40: 20 | BM40: Aanloopperiodiek_1 | BN40: 6 | BO40: Aanloopperiodiek_1 | BP40: 20_Aanloopperiodiek_1 | BQ40: vervalt | BS40: 20 | BT40: Aanloopperiodiek_1 | BU40: 6 | BV40: =BT40 -> Aanloopperiodiek_1 | BW40: =BS40&"_"&BV40 -> 20_Aanloopperiodiek_1 | BX40: =INDEX($BC$17:$BC$237,MATCH(BW40,$BB$17:$BB$237,0)) -> vervalt | BY40: =INDEX($BJ$17:$BJ$237,MATCH(BW40,$BI$17:$BI$237,0)) -> vervalt | BZ40: =INDEX($BQ$17:$BQ$237,MATCH(BW40,$BP$17:$BP$237,0)) -> vervalt | CA40: =IFERROR($D$6*BX40+$D$7*BY40+$D$8*BZ40,"vervalt") -> vervalt
A41: 20 | B41: Aanloopperiodiek_1 | C41: 6 | D41: =B41 -> Aanloopperiodiek_1 | E41: =A41&"_"&D41 -> 20_Aanloopperiodiek_1 | F41: 11.17 | H41: 20 | I41: 0 | J41: 7 | K41: =I41 -> 0 | L41: =H41&"_"&K41 -> 20_0 | M41: 11.86 | O41: 20 | P41: 0 | Q41: 7 | R41: =P41 -> 0 | S41: =O41&"_"&R41 -> 20_0 | T41: 12.22 | V41: 20 | W41: 0 | X41: 7 | Y41: =W41 -> 0 | Z41: =V41&"_"&Y41 -> 20_0 | AA41: 12.63 | AC41: 20 | AD41: 0 | AE41: 7 | AF41: =AD41 -> 0 | AG41: =AC41&"_"&AF41 -> 20_0 | AH41: 13.01 | AJ41: 20 | AK41: 0 | AL41: 7 | AM41: =AK41 -> 0 | AN41: =AJ41&"_"&AM41 -> 20_0 | AO41: 13.81 | AQ41: 20 | AR41: 0 | AS41: 7 | AT41: =AR41 -> 0 | AU41: =AQ41&"_"&AT41 -> 20_0 | AV41: 14.29 | AX41: 20 | AY41: 0 | AZ41: 7 | BA41: =AY41 -> 0 | BB41: =AX41&"_"&BA41 -> 20_0 | BC41: 14.77 | BE41: 20 | BF41: 0 | BG41: 7 | BH41: =BF41 -> 0 | BI41: =BE41&"_"&BH41 -> 20_0 | BJ41: 15.36 | BL41: 20 | BM41: 0 | BN41: 7 | BO41: 0 | BP41: 20_0 | BQ41: 15.9 | BS41: 20 | BT41: 0 | BU41: 7 | BV41: =BT41 -> 0 | BW41: =BS41&"_"&BV41 -> 20_0 | BX41: =INDEX($BC$17:$BC$237,MATCH(BW41,$BB$17:$BB$237,0)) -> 14.77 | BY41: =INDEX($BJ$17:$BJ$237,MATCH(BW41,$BI$17:$BI$237,0)) -> 15.36 | BZ41: =INDEX($BQ$17:$BQ$237,MATCH(BW41,$BP$17:$BP$237,0)) -> 15.9 | CA41: =IFERROR($D$6*BX41+$D$7*BY41+$D$8*BZ41,"vervalt") -> 15.065
A42: 20 | B42: 0 | C42: 7 | D42: =B42 -> 0 | E42: =A42&"_"&D42 -> 20_0 | F42: 11.46 | H42: 20 | I42: 1 | J42: 8 | K42: =I42 -> 1 | L42: =H42&"_"&K42 -> 20_1 | M42: 12.16 | O42: 20 | P42: 1 | Q42: 8 | R42: =P42 -> 1 | S42: =O42&"_"&R42 -> 20_1 | T42: 12.52 | V42: 20 | W42: 1 | X42: 8 | Y42: =W42 -> 1 | Z42: =V42&"_"&Y42 -> 20_1 | AA42: 12.94 | AC42: 20 | AD42: 1 | AE42: 8 | AF42: =AD42 -> 1 | AG42: =AC42&"_"&AF42 -> 20_1 | AH42: 13.33 | AJ42: 20 | AK42: 1 | AL42: 8 | AM42: =AK42 -> 1 | AN42: =AJ42&"_"&AM42 -> 20_1 | AO42: 14.13 | AQ42: 20 | AR42: 1 | AS42: 8 | AT42: =AR42 -> 1 | AU42: =AQ42&"_"&AT42 -> 20_1 | AV42: 14.61 | AX42: 20 | AY42: 1 | AZ42: 8 | BA42: =AY42 -> 1 | BB42: =AX42&"_"&BA42 -> 20_1 | BC42: 15.08 | BE42: 20 | BF42: 1 | BG42: 8 | BH42: =BF42 -> 1 | BI42: =BE42&"_"&BH42 -> 20_1 | BJ42: 15.69 | BL42: 20 | BM42: 1 | BN42: 8 | BO42: 1 | BP42: 20_1 | BQ42: 16.24 | BS42: 20 | BT42: 1 | BU42: 8 | BV42: =BT42 -> 1 | BW42: =BS42&"_"&BV42 -> 20_1 | BX42: =INDEX($BC$17:$BC$237,MATCH(BW42,$BB$17:$BB$237,0)) -> 15.08 | BY42: =INDEX($BJ$17:$BJ$237,MATCH(BW42,$BI$17:$BI$237,0)) -> 15.69 | BZ42: =INDEX($BQ$17:$BQ$237,MATCH(BW42,$BP$17:$BP$237,0)) -> 16.24 | CA42: =IFERROR($D$6*BX42+$D$7*BY42+$D$8*BZ42,"vervalt") -> 15.385
A43: 20 | B43: 1 | C43: 8 | D43: =B43 -> 1 | E43: =A43&"_"&D43 -> 20_1 | F43: 11.75 | H43: 20 | I43: 2 | J43: 9 | K43: =I43 -> 2 | L43: =H43&"_"&K43 -> 20_2 | M43: 12.48 | O43: 20 | P43: 2 | Q43: 9 | R43: =P43 -> 2 | S43: =O43&"_"&R43 -> 20_2 | T43: 12.86 | V43: 20 | W43: 2 | X43: 9 | Y43: =W43 -> 2 | Z43: =V43&"_"&Y43 -> 20_2 | AA43: 13.27 | AC43: 20 | AD43: 2 | AE43: 9 | AF43: =AD43 -> 2 | AG43: =AC43&"_"&AF43 -> 20_2 | AH43: 13.67 | AJ43: 20 | AK43: 2 | AL43: 9 | AM43: =AK43 -> 2 | AN43: =AJ43&"_"&AM43 -> 20_2 | AO43: 14.47 | AQ43: 20 | AR43: 2 | AS43: 9 | AT43: =AR43 -> 2 | AU43: =AQ43&"_"&AT43 -> 20_2 | AV43: 14.95 | AX43: 20 | AY43: 2 | AZ43: 9 | BA43: =AY43 -> 2 | BB43: =AX43&"_"&BA43 -> 20_2 | BC43: 15.43 | BE43: 20 | BF43: 2 | BG43: 9 | BH43: =BF43 -> 2 | BI43: =BE43&"_"&BH43 -> 20_2 | BJ43: 16.05 | BL43: 20 | BM43: 2 | BN43: 9 | BO43: 2 | BP43: 20_2 | BQ43: 16.61 | BS43: 20 | BT43: 2 | BU43: 9 | BV43: =BT43 -> 2 | BW43: =BS43&"_"&BV43 -> 20_2 | BX43: =INDEX($BC$17:$BC$237,MATCH(BW43,$BB$17:$BB$237,0)) -> 15.43 | BY43: =INDEX($BJ$17:$BJ$237,MATCH(BW43,$BI$17:$BI$237,0)) -> 16.05 | BZ43: =INDEX($BQ$17:$BQ$237,MATCH(BW43,$BP$17:$BP$237,0)) -> 16.61 | CA43: =IFERROR($D$6*BX43+$D$7*BY43+$D$8*BZ43,"vervalt") -> 15.74
A44: 20 | B44: 2 | C44: 9 | D44: =B44 -> 2 | E44: =A44&"_"&D44 -> 20_2 | F44: 12.06 | H44: 20 | I44: 3 | J44: 10 | K44: =I44 -> 3 | L44: =H44&"_"&K44 -> 20_3 | M44: 12.83 | O44: 20 | P44: 3 | Q44: 10 | R44: =P44 -> 3 | S44: =O44&"_"&R44 -> 20_3 | T44: 13.22 | V44: 20 | W44: 3 | X44: 10 | Y44: =W44 -> 3 | Z44: =V44&"_"&Y44 -> 20_3 | AA44: 13.64 | AC44: 20 | AD44: 3 | AE44: 10 | AF44: =AD44 -> 3 | AG44: =AC44&"_"&AF44 -> 20_3 | AH44: 14.05 | AJ44: 20 | AK44: 3 | AL44: 10 | AM44: =AK44 -> 3 | AN44: =AJ44&"_"&AM44 -> 20_3 | AO44: 14.85 | AQ44: 20 | AR44: 3 | AS44: 10 | AT44: =AR44 -> 3 | AU44: =AQ44&"_"&AT44 -> 20_3 | AV44: 15.33 | AX44: 20 | AY44: 3 | AZ44: 10 | BA44: =AY44 -> 3 | BB44: =AX44&"_"&BA44 -> 20_3 | BC44: 15.81 | BE44: 20 | BF44: 3 | BG44: 10 | BH44: =BF44 -> 3 | BI44: =BE44&"_"&BH44 -> 20_3 | BJ44: 16.44 | BL44: 20 | BM44: 3 | BN44: 10 | BO44: 3 | BP44: 20_3 | BQ44: 17.02 | BS44: 20 | BT44: 3 | BU44: 10 | BV44: =BT44 -> 3 | BW44: =BS44&"_"&BV44 -> 20_3 | BX44: =INDEX($BC$17:$BC$237,MATCH(BW44,$BB$17:$BB$237,0)) -> 15.81 | BY44: =INDEX($BJ$17:$BJ$237,MATCH(BW44,$BI$17:$BI$237,0)) -> 16.44 | BZ44: =INDEX($BQ$17:$BQ$237,MATCH(BW44,$BP$17:$BP$237,0)) -> 17.02 | CA44: =IFERROR($D$6*BX44+$D$7*BY44+$D$8*BZ44,"vervalt") -> 16.125
A45: 20 | B45: 3 | C45: 10 | D45: =B45 -> 3 | E45: =A45&"_"&D45 -> 20_3 | F45: 12.4 | H45: 20 | I45: 4 | J45: 11 | K45: =I45 -> 4 | L45: =H45&"_"&K45 -> 20_4 | M45: 13.22 | O45: 20 | P45: 4 | Q45: 11 | R45: =P45 -> 4 | S45: =O45&"_"&R45 -> 20_4 | T45: 13.62 | V45: 20 | W45: 4 | X45: 11 | Y45: =W45 -> 4 | Z45: =V45&"_"&Y45 -> 20_4 | AA45: 14.06 | AC45: 20 | AD45: 4 | AE45: 11 | AF45: =AD45 -> 4 | AG45: =AC45&"_"&AF45 -> 20_4 | AH45: 14.48 | AJ45: 20 | AK45: 4 | AL45: 11 | AM45: =AK45 -> 4 | AN45: =AJ45&"_"&AM45 -> 20_4 | AO45: 15.28 | AQ45: 20 | AR45: 4 | AS45: 11 | AT45: =AR45 -> 4 | AU45: =AQ45&"_"&AT45 -> 20_4 | AV45: 15.76 | AX45: 20 | AY45: 4 | AZ45: 11 | BA45: =AY45 -> 4 | BB45: =AX45&"_"&BA45 -> 20_4 | BC45: 16.24 | BE45: 20 | BF45: 4 | BG45: 11 | BH45: =BF45 -> 4 | BI45: =BE45&"_"&BH45 -> 20_4 | BJ45: 16.89 | BL45: 20 | BM45: 4 | BN45: 11 | BO45: 4 | BP45: 20_4 | BQ45: 17.48 | BS45: 20 | BT45: 4 | BU45: 11 | BV45: =BT45 -> 4 | BW45: =BS45&"_"&BV45 -> 20_4 | BX45: =INDEX($BC$17:$BC$237,MATCH(BW45,$BB$17:$BB$237,0)) -> 16.24 | BY45: =INDEX($BJ$17:$BJ$237,MATCH(BW45,$BI$17:$BI$237,0)) -> 16.89 | BZ45: =INDEX($BQ$17:$BQ$237,MATCH(BW45,$BP$17:$BP$237,0)) -> 17.48 | CA45: =IFERROR($D$6*BX45+$D$7*BY45+$D$8*BZ45,"vervalt") -> 16.565
A46: 20 | B46: 4 | C46: 11 | D46: =B46 -> 4 | E46: =A46&"_"&D46 -> 20_4 | F46: 12.78 | H46: 20 | I46: 5 | J46: 12 | K46: =I46 -> 5 | L46: =H46&"_"&K46 -> 20_5 | M46: 13.63 | O46: 20 | P46: 5 | Q46: 12 | R46: =P46 -> 5 | S46: =O46&"_"&R46 -> 20_5 | T46: 14.04 | V46: 20 | W46: 5 | X46: 12 | Y46: =W46 -> 5 | Z46: =V46&"_"&Y46 -> 20_5 | AA46: 14.5 | AC46: 20 | AD46: 5 | AE46: 12 | AF46: =AD46 -> 5 | AG46: =AC46&"_"&AF46 -> 20_5 | AH46: 14.93 | AJ46: 20 | AK46: 5 | AL46: 12 | AM46: =AK46 -> 5 | AN46: =AJ46&"_"&AM46 -> 20_5 | AO46: 15.73 | AQ46: 20 | AR46: 5 | AS46: 12 | AT46: =AR46 -> 5 | AU46: =AQ46&"_"&AT46 -> 20_5 | AV46: 16.21 | AX46: 20 | AY46: 5 | AZ46: 12 | BA46: =AY46 -> 5 | BB46: =AX46&"_"&BA46 -> 20_5 | BC46: 16.69 | BE46: 20 | BF46: 5 | BG46: 12 | BH46: =BF46 -> 5 | BI46: =BE46&"_"&BH46 -> 20_5 | BJ46: 17.36 | BL46: 20 | BM46: 5 | BN46: 12 | BO46: 5 | BP46: 20_5 | BQ46: 17.96 | BS46: 20 | BT46: 5 | BU46: 12 | BV46: =BT46 -> 5 | BW46: =BS46&"_"&BV46 -> 20_5 | BX46: =INDEX($BC$17:$BC$237,MATCH(BW46,$BB$17:$BB$237,0)) -> 16.69 | BY46: =INDEX($BJ$17:$BJ$237,MATCH(BW46,$BI$17:$BI$237,0)) -> 17.36 | BZ46: =INDEX($BQ$17:$BQ$237,MATCH(BW46,$BP$17:$BP$237,0)) -> 17.96 | CA46: =IFERROR($D$6*BX46+$D$7*BY46+$D$8*BZ46,"vervalt") -> 17.025
A47: 20 | B47: 5 | C47: 12 | D47: =B47 -> 5 | E47: =A47&"_"&D47 -> 20_5 | F47: 13.17 | H47: 20 | I47: 6 | J47: 13 | K47: =I47 -> 6 | L47: =H47&"_"&K47 -> 20_6 | M47: 14.09 | O47: 20 | P47: 6 | Q47: 13 | R47: =P47 -> 6 | S47: =O47&"_"&R47 -> 20_6 | T47: 14.52 | V47: 20 | W47: 6 | X47: 13 | Y47: =W47 -> 6 | Z47: =V47&"_"&Y47 -> 20_6 | AA47: 14.99 | AC47: 20 | AD47: 6 | AE47: 13 | AF47: =AD47 -> 6 | AG47: =AC47&"_"&AF47 -> 20_6 | AH47: 15.44 | AJ47: 20 | AK47: 6 | AL47: 13 | AM47: =AK47 -> 6 | AN47: =AJ47&"_"&AM47 -> 20_6 | AO47: 16.24 | AQ47: 20 | AR47: 6 | AS47: 13 | AT47: =AR47 -> 6 | AU47: =AQ47&"_"&AT47 -> 20_6 | AV47: 16.72 | AX47: 20 | AY47: 6 | AZ47: 13 | BA47: =AY47 -> 6 | BB47: =AX47&"_"&BA47 -> 20_6 | BC47: 17.2 | BE47: 20 | BF47: 6 | BG47: 13 | BH47: =BF47 -> 6 | BI47: =BE47&"_"&BH47 -> 20_6 | BJ47: 17.88 | BL47: 20 | BM47: 6 | BN47: 13 | BO47: 6 | BP47: 20_6 | BQ47: 18.51 | BS47: 20 | BT47: 6 | BU47: 13 | BV47: =BT47 -> 6 | BW47: =BS47&"_"&BV47 -> 20_6 | BX47: =INDEX($BC$17:$BC$237,MATCH(BW47,$BB$17:$BB$237,0)) -> 17.2 | BY47: =INDEX($BJ$17:$BJ$237,MATCH(BW47,$BI$17:$BI$237,0)) -> 17.88 | BZ47: =INDEX($BQ$17:$BQ$237,MATCH(BW47,$BP$17:$BP$237,0)) -> 18.51 | CA47: =IFERROR($D$6*BX47+$D$7*BY47+$D$8*BZ47,"vervalt") -> 17.54
A48: 20 | B48: 6 | C48: 13 | D48: =B48 -> 6 | E48: =A48&"_"&D48 -> 20_6 | F48: 13.62 | H48: 20 | I48: 7 | J48: 14 | K48: =I48 -> 7 | L48: =H48&"_"&K48 -> 20_7 | M48: 14.56 | O48: 20 | P48: 7 | Q48: 14 | R48: =P48 -> 7 | S48: =O48&"_"&R48 -> 20_7 | T48: 14.99 | V48: 20 | W48: 7 | X48: 14 | Y48: =W48 -> 7 | Z48: =V48&"_"&Y48 -> 20_7 | AA48: 15.48 | AC48: 20 | AD48: 7 | AE48: 14 | AF48: =AD48 -> 7 | AG48: =AC48&"_"&AF48 -> 20_7 | AH48: 15.94 | AJ48: 20 | AK48: 7 | AL48: 14 | AM48: =AK48 -> 7 | AN48: =AJ48&"_"&AM48 -> 20_7 | AO48: 16.74 | AQ48: 20 | AR48: 7 | AS48: 14 | AT48: =AR48 -> 7 | AU48: =AQ48&"_"&AT48 -> 20_7 | AV48: 17.22 | AX48: 20 | AY48: 7 | AZ48: 14 | BA48: =AY48 -> 7 | BB48: =AX48&"_"&BA48 -> 20_7 | BC48: 17.7 | BE48: 20 | BF48: 7 | BG48: 14 | BH48: =BF48 -> 7 | BI48: =BE48&"_"&BH48 -> 20_7 | BJ48: 18.41 | BL48: 20 | BM48: 7 | BN48: 14 | BO48: 7 | BP48: 20_7 | BQ48: 19.05 | BS48: 20 | BT48: 7 | BU48: 14 | BV48: =BT48 -> 7 | BW48: =BS48&"_"&BV48 -> 20_7 | BX48: =INDEX($BC$17:$BC$237,MATCH(BW48,$BB$17:$BB$237,0)) -> 17.7 | BY48: =INDEX($BJ$17:$BJ$237,MATCH(BW48,$BI$17:$BI$237,0)) -> 18.41 | BZ48: =INDEX($BQ$17:$BQ$237,MATCH(BW48,$BP$17:$BP$237,0)) -> 19.05 | CA48: =IFERROR($D$6*BX48+$D$7*BY48+$D$8*BZ48,"vervalt") -> 18.055
A49: 20 | B49: 7 | C49: 14 | D49: =B49 -> 7 | E49: =A49&"_"&D49 -> 20_7 | F49: 14.06 | H49: 20 | I49: 8 | J49: 15 | K49: =I49 -> 8 | L49: =H49&"_"&K49 -> 20_8 | M49: 14.98 | O49: 20 | P49: 8 | Q49: 15 | R49: =P49 -> 8 | S49: =O49&"_"&R49 -> 20_8 | T49: 15.43 | V49: 20 | W49: 8 | X49: 15 | Y49: =W49 -> 8 | Z49: =V49&"_"&Y49 -> 20_8 | AA49: 15.93 | AC49: 20 | AD49: 8 | AE49: 15 | AF49: =AD49 -> 8 | AG49: =AC49&"_"&AF49 -> 20_8 | AH49: 16.41 | AJ49: 20 | AK49: 8 | AL49: 15 | AM49: =AK49 -> 8 | AN49: =AJ49&"_"&AM49 -> 20_8 | AO49: 17.23 | AQ49: 20 | AR49: 8 | AS49: 15 | AT49: =AR49 -> 8 | AU49: =AQ49&"_"&AT49 -> 20_8 | AV49: 17.71 | AX49: 20 | AY49: 8 | AZ49: 15 | BA49: =AY49 -> 8 | BB49: =AX49&"_"&BA49 -> 20_8 | BC49: 18.19 | BE49: 20 | BF49: 8 | BG49: 15 | BH49: =BF49 -> 8 | BI49: =BE49&"_"&BH49 -> 20_8 | BJ49: 18.92 | BL49: 20 | BM49: 8 | BN49: 15 | BO49: 8 | BP49: 20_8 | BQ49: 19.58 | BS49: 20 | BT49: 8 | BU49: 15 | BV49: =BT49 -> 8 | BW49: =BS49&"_"&BV49 -> 20_8 | BX49: =INDEX($BC$17:$BC$237,MATCH(BW49,$BB$17:$BB$237,0)) -> 18.19 | BY49: =INDEX($BJ$17:$BJ$237,MATCH(BW49,$BI$17:$BI$237,0)) -> 18.92 | BZ49: =INDEX($BQ$17:$BQ$237,MATCH(BW49,$BP$17:$BP$237,0)) -> 19.58 | CA49: =IFERROR($D$6*BX49+$D$7*BY49+$D$8*BZ49,"vervalt") -> 18.555
A50: 20 | B50: 8 | C50: 15 | D50: =B50 -> 8 | E50: =A50&"_"&D50 -> 20_8 | F50: 14.48 | H50: 25 | I50: Aanloopperiodiek_0 | J50: 6 | K50: =I50 -> Aanloopperiodiek_0 | L50: =H50&"_"&K50 -> 25_Aanloopperiodiek_0 | M50: 11.56 | O50: 25 | P50: Aanloopperiodiek_0 | Q50: 6 | R50: =P50 -> Aanloopperiodiek_0 | S50: =O50&"_"&R50 -> 25_Aanloopperiodiek_0 | T50: 11.9 | V50: 25 | W50: Aanloopperiodiek_0 | X50: 6 | Y50: =W50 -> Aanloopperiodiek_0 | Z50: =V50&"_"&Y50 -> 25_Aanloopperiodiek_0 | AA50: vervalt | AC50: 25 | AD50: Aanloopperiodiek_0 | AE50: 6 | AF50: =AD50 -> Aanloopperiodiek_0 | AG50: =AC50&"_"&AF50 -> 25_Aanloopperiodiek_0 | AH50: vervalt | AJ50: 25 | AK50: Aanloopperiodiek_0 | AL50: 6 | AM50: =AK50 -> Aanloopperiodiek_0 | AN50: =AJ50&"_"&AM50 -> 25_Aanloopperiodiek_0 | AO50: vervalt | AQ50: 25 | AR50: Aanloopperiodiek_0 | AS50: 6 | AT50: =AR50 -> Aanloopperiodiek_0 | AU50: =AQ50&"_"&AT50 -> 25_Aanloopperiodiek_0 | AV50: vervalt | AX50: 25 | AY50: Aanloopperiodiek_0 | AZ50: 6 | BA50: =AY50 -> Aanloopperiodiek_0 | BB50: =AX50&"_"&BA50 -> 25_Aanloopperiodiek_0 | BC50: vervalt | BE50: 25 | BF50: Aanloopperiodiek_0 | BG50: 6 | BH50: =BF50 -> Aanloopperiodiek_0 | BI50: =BE50&"_"&BH50 -> 25_Aanloopperiodiek_0 | BJ50: vervalt | BL50: 25 | BM50: Aanloopperiodiek_0 | BN50: 6 | BO50: Aanloopperiodiek_0 | BP50: 25_Aanloopperiodiek_0 | BQ50: vervalt | BS50: 25 | BT50: Aanloopperiodiek_0 | BU50: 6 | BV50: =BT50 -> Aanloopperiodiek_0 | BW50: =BS50&"_"&BV50 -> 25_Aanloopperiodiek_0 | BX50: =INDEX($BC$17:$BC$237,MATCH(BW50,$BB$17:$BB$237,0)) -> vervalt | BY50: =INDEX($BJ$17:$BJ$237,MATCH(BW50,$BI$17:$BI$237,0)) -> vervalt | BZ50: =INDEX($BQ$17:$BQ$237,MATCH(BW50,$BP$17:$BP$237,0)) -> vervalt | CA50: =IFERROR($D$6*BX50+$D$7*BY50+$D$8*BZ50,"vervalt") -> vervalt
A51: 25 | B51: Aanloopperiodiek_0 | C51: 6 | D51: =B51 -> Aanloopperiodiek_0 | E51: =A51&"_"&D51 -> 25_Aanloopperiodiek_0 | F51: 11.17 | H51: 25 | I51: Aanloopperiodiek_1 | J51: 7 | K51: =I51 -> Aanloopperiodiek_1 | L51: =H51&"_"&K51 -> 25_Aanloopperiodiek_1 | M51: 11.86 | O51: 25 | P51: Aanloopperiodiek_1 | Q51: 7 | R51: =P51 -> Aanloopperiodiek_1 | S51: =O51&"_"&R51 -> 25_Aanloopperiodiek_1 | T51: 12.22 | V51: 25 | W51: Aanloopperiodiek_1 | X51: 7 | Y51: =W51 -> Aanloopperiodiek_1 | Z51: =V51&"_"&Y51 -> 25_Aanloopperiodiek_1 | AA51: vervalt | AC51: 25 | AD51: Aanloopperiodiek_1 | AE51: 7 | AF51: =AD51 -> Aanloopperiodiek_1 | AG51: =AC51&"_"&AF51 -> 25_Aanloopperiodiek_1 | AH51: vervalt | AJ51: 25 | AK51: Aanloopperiodiek_1 | AL51: 7 | AM51: =AK51 -> Aanloopperiodiek_1 | AN51: =AJ51&"_"&AM51 -> 25_Aanloopperiodiek_1 | AO51: vervalt | AQ51: 25 | AR51: Aanloopperiodiek_1 | AS51: 7 | AT51: =AR51 -> Aanloopperiodiek_1 | AU51: =AQ51&"_"&AT51 -> 25_Aanloopperiodiek_1 | AV51: vervalt | AX51: 25 | AY51: Aanloopperiodiek_1 | AZ51: 7 | BA51: =AY51 -> Aanloopperiodiek_1 | BB51: =AX51&"_"&BA51 -> 25_Aanloopperiodiek_1 | BC51: vervalt | BE51: 25 | BF51: Aanloopperiodiek_1 | BG51: 7 | BH51: =BF51 -> Aanloopperiodiek_1 | BI51: =BE51&"_"&BH51 -> 25_Aanloopperiodiek_1 | BJ51: vervalt | BL51: 25 | BM51: Aanloopperiodiek_1 | BN51: 7 | BO51: Aanloopperiodiek_1 | BP51: 25_Aanloopperiodiek_1 | BQ51: vervalt | BS51: 25 | BT51: Aanloopperiodiek_1 | BU51: 7 | BV51: =BT51 -> Aanloopperiodiek_1 | BW51: =BS51&"_"&BV51 -> 25_Aanloopperiodiek_1 | BX51: =INDEX($BC$17:$BC$237,MATCH(BW51,$BB$17:$BB$237,0)) -> vervalt | BY51: =INDEX($BJ$17:$BJ$237,MATCH(BW51,$BI$17:$BI$237,0)) -> vervalt | BZ51: =INDEX($BQ$17:$BQ$237,MATCH(BW51,$BP$17:$BP$237,0)) -> vervalt | CA51: =IFERROR($D$6*BX51+$D$7*BY51+$D$8*BZ51,"vervalt") -> vervalt
A52: 25 | B52: Aanloopperiodiek_1 | C52: 7 | D52: =B52 -> Aanloopperiodiek_1 | E52: =A52&"_"&D52 -> 25_Aanloopperiodiek_1 | F52: 11.46 | H52: 25 | I52: 0 | J52: 8 | K52: =I52 -> 0 | L52: =H52&"_"&K52 -> 25_0 | M52: 12.16 | O52: 25 | P52: 0 | Q52: 8 | R52: =P52 -> 0 | S52: =O52&"_"&R52 -> 25_0 | T52: 12.52 | V52: 25 | W52: zij-instroomperiodiek | X52: 8 | Y52: =W52 -> zij-instroomperiodiek | Z52: =V52&"_"&Y52 -> 25_zij-instroomperiodiek | AA52: 12.94 | AC52: 25 | AD52: zij-instroomperiodiek | AE52: 8 | AF52: =AD52 -> zij-instroomperiodiek | AG52: =AC52&"_"&AF52 -> 25_zij-instroomperiodiek | AH52: 13.33 | AJ52: 25 | AK52: zij-instroomperiodiek | AL52: 8 | AM52: =AK52 -> zij-instroomperiodiek | AN52: =AJ52&"_"&AM52 -> 25_zij-instroomperiodiek | AO52: 14.13 | AQ52: 25 | AR52: zij-instroomperiodiek | AS52: 8 | AT52: =AR52 -> zij-instroomperiodiek | AU52: =AQ52&"_"&AT52 -> 25_zij-instroomperiodiek | AV52: 14.61 | AX52: 25 | AY52: zij-instroomperiodiek | AZ52: 8 | BA52: =AY52 -> zij-instroomperiodiek | BB52: =AX52&"_"&BA52 -> 25_zij-instroomperiodiek | BC52: 15.08 | BE52: 25 | BF52: zij-instroomperiodiek | BG52: 8 | BH52: =BF52 -> zij-instroomperiodiek | BI52: =BE52&"_"&BH52 -> 25_zij-instroomperiodiek | BJ52: 15.69 | BL52: 25 | BM52: zij-instroomperiodiek | BN52: 8 | BO52: zij-instroomperiodiek | BP52: 25_zij-instroomperiodiek | BQ52: 16.24 | BS52: 25 | BT52: zij-instroomperiodiek | BU52: 8 | BV52: =BT52 -> zij-instroomperiodiek | BW52: =BS52&"_"&BV52 -> 25_zij-instroomperiodiek | BX52: =INDEX($BC$17:$BC$237,MATCH(BW52,$BB$17:$BB$237,0)) -> 15.08 | BY52: =INDEX($BJ$17:$BJ$237,MATCH(BW52,$BI$17:$BI$237,0)) -> 15.69 | BZ52: =INDEX($BQ$17:$BQ$237,MATCH(BW52,$BP$17:$BP$237,0)) -> 16.24 | CA52: =IFERROR($D$6*BX52+$D$7*BY52+$D$8*BZ52,"vervalt") -> 15.385
A53: 25 | B53: 0 | C53: 8 | D53: =B53 -> 0 | E53: =A53&"_"&D53 -> 25_0 | F53: 11.75 | H53: 25 | I53: 1 | J53: 9 | K53: =I53 -> 1 | L53: =H53&"_"&K53 -> 25_1 | M53: 12.48 | O53: 25 | P53: 1 | Q53: 9 | R53: =P53 -> 1 | S53: =O53&"_"&R53 -> 25_1 | T53: 12.86 | V53: 25 | W53: 1 | X53: 9 | Y53: =W53 -> 1 | Z53: =V53&"_"&Y53 -> 25_1 | AA53: 13.27 | AC53: 25 | AD53: 1 | AE53: 9 | AF53: =AD53 -> 1 | AG53: =AC53&"_"&AF53 -> 25_1 | AH53: 13.67 | AJ53: 25 | AK53: 1 | AL53: 9 | AM53: =AK53 -> 1 | AN53: =AJ53&"_"&AM53 -> 25_1 | AO53: 14.47 | AQ53: 25 | AR53: 1 | AS53: 9 | AT53: =AR53 -> 1 | AU53: =AQ53&"_"&AT53 -> 25_1 | AV53: 14.95 | AX53: 25 | AY53: 1 | AZ53: 9 | BA53: =AY53 -> 1 | BB53: =AX53&"_"&BA53 -> 25_1 | BC53: 15.43 | BE53: 25 | BF53: 1 | BG53: 9 | BH53: =BF53 -> 1 | BI53: =BE53&"_"&BH53 -> 25_1 | BJ53: 16.05 | BL53: 25 | BM53: 1 | BN53: 9 | BO53: 1 | BP53: 25_1 | BQ53: 16.61 | BS53: 25 | BT53: 1 | BU53: 9 | BV53: =BT53 -> 1 | BW53: =BS53&"_"&BV53 -> 25_1 | BX53: =INDEX($BC$17:$BC$237,MATCH(BW53,$BB$17:$BB$237,0)) -> 15.43 | BY53: =INDEX($BJ$17:$BJ$237,MATCH(BW53,$BI$17:$BI$237,0)) -> 16.05 | BZ53: =INDEX($BQ$17:$BQ$237,MATCH(BW53,$BP$17:$BP$237,0)) -> 16.61 | CA53: =IFERROR($D$6*BX53+$D$7*BY53+$D$8*BZ53,"vervalt") -> 15.74
A54: 25 | B54: 1 | C54: 9 | D54: =B54 -> 1 | E54: =A54&"_"&D54 -> 25_1 | F54: 12.06 | H54: 25 | I54: 2 | J54: 10 | K54: =I54 -> 2 | L54: =H54&"_"&K54 -> 25_2 | M54: 12.83 | O54: 25 | P54: 2 | Q54: 10 | R54: =P54 -> 2 | S54: =O54&"_"&R54 -> 25_2 | T54: 13.22 | V54: 25 | W54: 2 | X54: 10 | Y54: =W54 -> 2 | Z54: =V54&"_"&Y54 -> 25_2 | AA54: 13.64 | AC54: 25 | AD54: 2 | AE54: 10 | AF54: =AD54 -> 2 | AG54: =AC54&"_"&AF54 -> 25_2 | AH54: 14.05 | AJ54: 25 | AK54: 2 | AL54: 10 | AM54: =AK54 -> 2 | AN54: =AJ54&"_"&AM54 -> 25_2 | AO54: 14.85 | AQ54: 25 | AR54: 2 | AS54: 10 | AT54: =AR54 -> 2 | AU54: =AQ54&"_"&AT54 -> 25_2 | AV54: 15.33 | AX54: 25 | AY54: 2 | AZ54: 10 | BA54: =AY54 -> 2 | BB54: =AX54&"_"&BA54 -> 25_2 | BC54: 15.81 | BE54: 25 | BF54: 2 | BG54: 10 | BH54: =BF54 -> 2 | BI54: =BE54&"_"&BH54 -> 25_2 | BJ54: 16.44 | BL54: 25 | BM54: 2 | BN54: 10 | BO54: 2 | BP54: 25_2 | BQ54: 17.02 | BS54: 25 | BT54: 2 | BU54: 10 | BV54: =BT54 -> 2 | BW54: =BS54&"_"&BV54 -> 25_2 | BX54: =INDEX($BC$17:$BC$237,MATCH(BW54,$BB$17:$BB$237,0)) -> 15.81 | BY54: =INDEX($BJ$17:$BJ$237,MATCH(BW54,$BI$17:$BI$237,0)) -> 16.44 | BZ54: =INDEX($BQ$17:$BQ$237,MATCH(BW54,$BP$17:$BP$237,0)) -> 17.02 | CA54: =IFERROR($D$6*BX54+$D$7*BY54+$D$8*BZ54,"vervalt") -> 16.125
A55: 25 | B55: 2 | C55: 10 | D55: =B55 -> 2 | E55: =A55&"_"&D55 -> 25_2 | F55: 12.4 | H55: 25 | I55: 3 | J55: 11 | K55: =I55 -> 3 | L55: =H55&"_"&K55 -> 25_3 | M55: 13.23 | O55: 25 | P55: 3 | Q55: 11 | R55: =P55 -> 3 | S55: =O55&"_"&R55 -> 25_3 | T55: 13.62 | V55: 25 | W55: 3 | X55: 11 | Y55: =W55 -> 3 | Z55: =V55&"_"&Y55 -> 25_3 | AA55: 14.06 | AC55: 25 | AD55: 3 | AE55: 11 | AF55: =AD55 -> 3 | AG55: =AC55&"_"&AF55 -> 25_3 | AH55: 14.48 | AJ55: 25 | AK55: 3 | AL55: 11 | AM55: =AK55 -> 3 | AN55: =AJ55&"_"&AM55 -> 25_3 | AO55: 15.28 | AQ55: 25 | AR55: 3 | AS55: 11 | AT55: =AR55 -> 3 | AU55: =AQ55&"_"&AT55 -> 25_3 | AV55: 15.76 | AX55: 25 | AY55: 3 | AZ55: 11 | BA55: =AY55 -> 3 | BB55: =AX55&"_"&BA55 -> 25_3 | BC55: 16.24 | BE55: 25 | BF55: 3 | BG55: 11 | BH55: =BF55 -> 3 | BI55: =BE55&"_"&BH55 -> 25_3 | BJ55: 16.89 | BL55: 25 | BM55: 3 | BN55: 11 | BO55: 3 | BP55: 25_3 | BQ55: 17.48 | BS55: 25 | BT55: 3 | BU55: 11 | BV55: =BT55 -> 3 | BW55: =BS55&"_"&BV55 -> 25_3 | BX55: =INDEX($BC$17:$BC$237,MATCH(BW55,$BB$17:$BB$237,0)) -> 16.24 | BY55: =INDEX($BJ$17:$BJ$237,MATCH(BW55,$BI$17:$BI$237,0)) -> 16.89 | BZ55: =INDEX($BQ$17:$BQ$237,MATCH(BW55,$BP$17:$BP$237,0)) -> 17.48 | CA55: =IFERROR($D$6*BX55+$D$7*BY55+$D$8*BZ55,"vervalt") -> 16.565
A56: 25 | B56: 3 | C56: 11 | D56: =B56 -> 3 | E56: =A56&"_"&D56 -> 25_3 | F56: 12.78 | H56: 25 | I56: 4 | J56: 12 | K56: =I56 -> 4 | L56: =H56&"_"&K56 -> 25_4 | M56: 13.63 | O56: 25 | P56: 4 | Q56: 12 | R56: =P56 -> 4 | S56: =O56&"_"&R56 -> 25_4 | T56: 14.04 | V56: 25 | W56: 4 | X56: 12 | Y56: =W56 -> 4 | Z56: =V56&"_"&Y56 -> 25_4 | AA56: 14.5 | AC56: 25 | AD56: 4 | AE56: 12 | AF56: =AD56 -> 4 | AG56: =AC56&"_"&AF56 -> 25_4 | AH56: 14.93 | AJ56: 25 | AK56: 4 | AL56: 12 | AM56: =AK56 -> 4 | AN56: =AJ56&"_"&AM56 -> 25_4 | AO56: 15.73 | AQ56: 25 | AR56: 4 | AS56: 12 | AT56: =AR56 -> 4 | AU56: =AQ56&"_"&AT56 -> 25_4 | AV56: 16.21 | AX56: 25 | AY56: 4 | AZ56: 12 | BA56: =AY56 -> 4 | BB56: =AX56&"_"&BA56 -> 25_4 | BC56: 16.69 | BE56: 25 | BF56: 4 | BG56: 12 | BH56: =BF56 -> 4 | BI56: =BE56&"_"&BH56 -> 25_4 | BJ56: 17.36 | BL56: 25 | BM56: 4 | BN56: 12 | BO56: 4 | BP56: 25_4 | BQ56: 17.96 | BS56: 25 | BT56: 4 | BU56: 12 | BV56: =BT56 -> 4 | BW56: =BS56&"_"&BV56 -> 25_4 | BX56: =INDEX($BC$17:$BC$237,MATCH(BW56,$BB$17:$BB$237,0)) -> 16.69 | BY56: =INDEX($BJ$17:$BJ$237,MATCH(BW56,$BI$17:$BI$237,0)) -> 17.36 | BZ56: =INDEX($BQ$17:$BQ$237,MATCH(BW56,$BP$17:$BP$237,0)) -> 17.96 | CA56: =IFERROR($D$6*BX56+$D$7*BY56+$D$8*BZ56,"vervalt") -> 17.025
A57: 25 | B57: 4 | C57: 12 | D57: =B57 -> 4 | E57: =A57&"_"&D57 -> 25_4 | F57: 13.17 | H57: 25 | I57: 5 | J57: 13 | K57: =I57 -> 5 | L57: =H57&"_"&K57 -> 25_5 | M57: 14.09 | O57: 25 | P57: 5 | Q57: 13 | R57: =P57 -> 5 | S57: =O57&"_"&R57 -> 25_5 | T57: 14.52 | V57: 25 | W57: 5 | X57: 13 | Y57: =W57 -> 5 | Z57: =V57&"_"&Y57 -> 25_5 | AA57: 14.99 | AC57: 25 | AD57: 5 | AE57: 13 | AF57: =AD57 -> 5 | AG57: =AC57&"_"&AF57 -> 25_5 | AH57: 15.44 | AJ57: 25 | AK57: 5 | AL57: 13 | AM57: =AK57 -> 5 | AN57: =AJ57&"_"&AM57 -> 25_5 | AO57: 16.24 | AQ57: 25 | AR57: 5 | AS57: 13 | AT57: =AR57 -> 5 | AU57: =AQ57&"_"&AT57 -> 25_5 | AV57: 16.72 | AX57: 25 | AY57: 5 | AZ57: 13 | BA57: =AY57 -> 5 | BB57: =AX57&"_"&BA57 -> 25_5 | BC57: 17.2 | BE57: 25 | BF57: 5 | BG57: 13 | BH57: =BF57 -> 5 | BI57: =BE57&"_"&BH57 -> 25_5 | BJ57: 17.88 | BL57: 25 | BM57: 5 | BN57: 13 | BO57: 5 | BP57: 25_5 | BQ57: 18.51 | BS57: 25 | BT57: 5 | BU57: 13 | BV57: =BT57 -> 5 | BW57: =BS57&"_"&BV57 -> 25_5 | BX57: =INDEX($BC$17:$BC$237,MATCH(BW57,$BB$17:$BB$237,0)) -> 17.2 | BY57: =INDEX($BJ$17:$BJ$237,MATCH(BW57,$BI$17:$BI$237,0)) -> 17.88 | BZ57: =INDEX($BQ$17:$BQ$237,MATCH(BW57,$BP$17:$BP$237,0)) -> 18.51 | CA57: =IFERROR($D$6*BX57+$D$7*BY57+$D$8*BZ57,"vervalt") -> 17.54
A58: 25 | B58: 5 | C58: 13 | D58: =B58 -> 5 | E58: =A58&"_"&D58 -> 25_5 | F58: 13.62 | H58: 25 | I58: 6 | J58: 14 | K58: =I58 -> 6 | L58: =H58&"_"&K58 -> 25_6 | M58: 14.56 | O58: 25 | P58: 6 | Q58: 14 | R58: =P58 -> 6 | S58: =O58&"_"&R58 -> 25_6 | T58: 14.99 | V58: 25 | W58: 6 | X58: 14 | Y58: =W58 -> 6 | Z58: =V58&"_"&Y58 -> 25_6 | AA58: 15.48 | AC58: 25 | AD58: 6 | AE58: 14 | AF58: =AD58 -> 6 | AG58: =AC58&"_"&AF58 -> 25_6 | AH58: 15.94 | AJ58: 25 | AK58: 6 | AL58: 14 | AM58: =AK58 -> 6 | AN58: =AJ58&"_"&AM58 -> 25_6 | AO58: 16.74 | AQ58: 25 | AR58: 6 | AS58: 14 | AT58: =AR58 -> 6 | AU58: =AQ58&"_"&AT58 -> 25_6 | AV58: 17.22 | AX58: 25 | AY58: 6 | AZ58: 14 | BA58: =AY58 -> 6 | BB58: =AX58&"_"&BA58 -> 25_6 | BC58: 17.7 | BE58: 25 | BF58: 6 | BG58: 14 | BH58: =BF58 -> 6 | BI58: =BE58&"_"&BH58 -> 25_6 | BJ58: 18.41 | BL58: 25 | BM58: 6 | BN58: 14 | BO58: 6 | BP58: 25_6 | BQ58: 19.05 | BS58: 25 | BT58: 6 | BU58: 14 | BV58: =BT58 -> 6 | BW58: =BS58&"_"&BV58 -> 25_6 | BX58: =INDEX($BC$17:$BC$237,MATCH(BW58,$BB$17:$BB$237,0)) -> 17.7 | BY58: =INDEX($BJ$17:$BJ$237,MATCH(BW58,$BI$17:$BI$237,0)) -> 18.41 | BZ58: =INDEX($BQ$17:$BQ$237,MATCH(BW58,$BP$17:$BP$237,0)) -> 19.05 | CA58: =IFERROR($D$6*BX58+$D$7*BY58+$D$8*BZ58,"vervalt") -> 18.055
A59: 25 | B59: 6 | C59: 14 | D59: =B59 -> 6 | E59: =A59&"_"&D59 -> 25_6 | F59: 14.06 | H59: 25 | I59: 7 | J59: 15 | K59: =I59 -> 7 | L59: =H59&"_"&K59 -> 25_7 | M59: 14.98 | O59: 25 | P59: 7 | Q59: 15 | R59: =P59 -> 7 | S59: =O59&"_"&R59 -> 25_7 | T59: 15.43 | V59: 25 | W59: 7 | X59: 15 | Y59: =W59 -> 7 | Z59: =V59&"_"&Y59 -> 25_7 | AA59: 15.93 | AC59: 25 | AD59: 7 | AE59: 15 | AF59: =AD59 -> 7 | AG59: =AC59&"_"&AF59 -> 25_7 | AH59: 16.41 | AJ59: 25 | AK59: 7 | AL59: 15 | AM59: =AK59 -> 7 | AN59: =AJ59&"_"&AM59 -> 25_7 | AO59: 17.23 | AQ59: 25 | AR59: 7 | AS59: 15 | AT59: =AR59 -> 7 | AU59: =AQ59&"_"&AT59 -> 25_7 | AV59: 17.71 | AX59: 25 | AY59: 7 | AZ59: 15 | BA59: =AY59 -> 7 | BB59: =AX59&"_"&BA59 -> 25_7 | BC59: 18.19 | BE59: 25 | BF59: 7 | BG59: 15 | BH59: =BF59 -> 7 | BI59: =BE59&"_"&BH59 -> 25_7 | BJ59: 18.92 | BL59: 25 | BM59: 7 | BN59: 15 | BO59: 7 | BP59: 25_7 | BQ59: 19.58 | BS59: 25 | BT59: 7 | BU59: 15 | BV59: =BT59 -> 7 | BW59: =BS59&"_"&BV59 -> 25_7 | BX59: =INDEX($BC$17:$BC$237,MATCH(BW59,$BB$17:$BB$237,0)) -> 18.19 | BY59: =INDEX($BJ$17:$BJ$237,MATCH(BW59,$BI$17:$BI$237,0)) -> 18.92 | BZ59: =INDEX($BQ$17:$BQ$237,MATCH(BW59,$BP$17:$BP$237,0)) -> 19.58 | CA59: =IFERROR($D$6*BX59+$D$7*BY59+$D$8*BZ59,"vervalt") -> 18.555
A60: 25 | B60: 7 | C60: 15 | D60: =B60 -> 7 | E60: =A60&"_"&D60 -> 25_7 | F60: 14.48 | H60: 25 | I60: 8 | J60: 16 | K60: =I60 -> 8 | L60: =H60&"_"&K60 -> 25_8 | M60: 15.46 | O60: 25 | P60: 8 | Q60: 16 | R60: =P60 -> 8 | S60: =O60&"_"&R60 -> 25_8 | T60: 15.93 | V60: 25 | W60: 8 | X60: 16 | Y60: =W60 -> 8 | Z60: =V60&"_"&Y60 -> 25_8 | AA60: 16.44 | AC60: 25 | AD60: 8 | AE60: 16 | AF60: =AD60 -> 8 | AG60: =AC60&"_"&AF60 -> 25_8 | AH60: 16.94 | AJ60: 25 | AK60: 8 | AL60: 16 | AM60: =AK60 -> 8 | AN60: =AJ60&"_"&AM60 -> 25_8 | AO60: 17.78 | AQ60: 25 | AR60: 8 | AS60: 16 | AT60: =AR60 -> 8 | AU60: =AQ60&"_"&AT60 -> 25_8 | AV60: 18.26 | AX60: 25 | AY60: 8 | AZ60: 16 | BA60: =AY60 -> 8 | BB60: =AX60&"_"&BA60 -> 25_8 | BC60: 18.74 | BE60: 25 | BF60: 8 | BG60: 16 | BH60: =BF60 -> 8 | BI60: =BE60&"_"&BH60 -> 25_8 | BJ60: 19.49 | BL60: 25 | BM60: 8 | BN60: 16 | BO60: 8 | BP60: 25_8 | BQ60: 20.17 | BS60: 25 | BT60: 8 | BU60: 16 | BV60: =BT60 -> 8 | BW60: =BS60&"_"&BV60 -> 25_8 | BX60: =INDEX($BC$17:$BC$237,MATCH(BW60,$BB$17:$BB$237,0)) -> 18.74 | BY60: =INDEX($BJ$17:$BJ$237,MATCH(BW60,$BI$17:$BI$237,0)) -> 19.49 | BZ60: =INDEX($BQ$17:$BQ$237,MATCH(BW60,$BP$17:$BP$237,0)) -> 20.17 | CA60: =IFERROR($D$6*BX60+$D$7*BY60+$D$8*BZ60,"vervalt") -> 19.115
A61: 25 | B61: 8 | C61: 16 | D61: =B61 -> 8 | E61: =A61&"_"&D61 -> 25_8 | F61: 14.94 | H61: 25 | I61: 9 | J61: 17 | K61: =I61 -> 9 | L61: =H61&"_"&K61 -> 25_9 | M61: 15.85 | O61: 25 | P61: 9 | Q61: 17 | R61: =P61 -> 9 | S61: =O61&"_"&R61 -> 25_9 | T61: 16.33 | V61: 25 | W61: 9 | X61: 17 | Y61: =W61 -> 9 | Z61: =V61&"_"&Y61 -> 25_9 | AA61: 16.86 | AC61: 25 | AD61: 9 | AE61: 17 | AF61: =AD61 -> 9 | AG61: =AC61&"_"&AF61 -> 25_9 | AH61: 17.37 | AJ61: 25 | AK61: 9 | AL61: 17 | AM61: =AK61 -> 9 | AN61: =AJ61&"_"&AM61 -> 25_9 | AO61: 18.24 | AQ61: 25 | AR61: 9 | AS61: 17 | AT61: =AR61 -> 9 | AU61: =AQ61&"_"&AT61 -> 25_9 | AV61: 18.71 | AX61: 25 | AY61: 9 | AZ61: 17 | BA61: =AY61 -> 9 | BB61: =AX61&"_"&BA61 -> 25_9 | BC61: 19.19 | BE61: 25 | BF61: 9 | BG61: 17 | BH61: =BF61 -> 9 | BI61: =BE61&"_"&BH61 -> 25_9 | BJ61: 19.96 | BL61: 25 | BM61: 9 | BN61: 17 | BO61: 9 | BP61: 25_9 | BQ61: 20.66 | BS61: 25 | BT61: 9 | BU61: 17 | BV61: =BT61 -> 9 | BW61: =BS61&"_"&BV61 -> 25_9 | BX61: =INDEX($BC$17:$BC$237,MATCH(BW61,$BB$17:$BB$237,0)) -> 19.19 | BY61: =INDEX($BJ$17:$BJ$237,MATCH(BW61,$BI$17:$BI$237,0)) -> 19.96 | BZ61: =INDEX($BQ$17:$BQ$237,MATCH(BW61,$BP$17:$BP$237,0)) -> 20.66 | CA61: =IFERROR($D$6*BX61+$D$7*BY61+$D$8*BZ61,"vervalt") -> 19.575
A62: 25 | B62: 9 | C62: 17 | D62: =B62 -> 9 | E62: =A62&"_"&D62 -> 25_9 | F62: 15.32 | H62: 30 | I62: Aanloopperiodiek_0 | J62: 6 | K62: =I62 -> Aanloopperiodiek_0 | L62: =H62&"_"&K62 -> 30_Aanloopperiodiek_0 | M62: 11.56 | O62: 30 | P62: Aanloopperiodiek_0 | Q62: 6 | R62: =P62 -> Aanloopperiodiek_0 | S62: =O62&"_"&R62 -> 30_Aanloopperiodiek_0 | T62: 11.9 | V62: 30 | W62: Aanloopperiodiek_0 | X62: 6 | Y62: =W62 -> Aanloopperiodiek_0 | Z62: =V62&"_"&Y62 -> 30_Aanloopperiodiek_0 | AA62: vervalt | AC62: 30 | AD62: Aanloopperiodiek_0 | AE62: 6 | AF62: =AD62 -> Aanloopperiodiek_0 | AG62: =AC62&"_"&AF62 -> 30_Aanloopperiodiek_0 | AH62: vervalt | AJ62: 30 | AK62: Aanloopperiodiek_0 | AL62: 6 | AM62: =AK62 -> Aanloopperiodiek_0 | AN62: =AJ62&"_"&AM62 -> 30_Aanloopperiodiek_0 | AO62: vervalt | AQ62: 30 | AR62: Aanloopperiodiek_0 | AS62: 6 | AT62: =AR62 -> Aanloopperiodiek_0 | AU62: =AQ62&"_"&AT62 -> 30_Aanloopperiodiek_0 | AV62: vervalt | AX62: 30 | AY62: Aanloopperiodiek_0 | AZ62: 6 | BA62: =AY62 -> Aanloopperiodiek_0 | BB62: =AX62&"_"&BA62 -> 30_Aanloopperiodiek_0 | BC62: vervalt | BE62: 30 | BF62: Aanloopperiodiek_0 | BG62: 6 | BH62: =BF62 -> Aanloopperiodiek_0 | BI62: =BE62&"_"&BH62 -> 30_Aanloopperiodiek_0 | BJ62: vervalt | BL62: 30 | BM62: Aanloopperiodiek_0 | BN62: 6 | BO62: Aanloopperiodiek_0 | BP62: 30_Aanloopperiodiek_0 | BQ62: vervalt | BS62: 30 | BT62: Aanloopperiodiek_0 | BU62: 6 | BV62: =BT62 -> Aanloopperiodiek_0 | BW62: =BS62&"_"&BV62 -> 30_Aanloopperiodiek_0 | BX62: =INDEX($BC$17:$BC$237,MATCH(BW62,$BB$17:$BB$237,0)) -> vervalt | BY62: =INDEX($BJ$17:$BJ$237,MATCH(BW62,$BI$17:$BI$237,0)) -> vervalt | BZ62: =INDEX($BQ$17:$BQ$237,MATCH(BW62,$BP$17:$BP$237,0)) -> vervalt | CA62: =IFERROR($D$6*BX62+$D$7*BY62+$D$8*BZ62,"vervalt") -> vervalt
A63: 30 | B63: Aanloopperiodiek_0 | C63: 6 | D63: =B63 -> Aanloopperiodiek_0 | E63: =A63&"_"&D63 -> 30_Aanloopperiodiek_0 | F63: 11.17 | H63: 30 | I63: Aanloopperiodiek_1 | J63: 7 | K63: =I63 -> Aanloopperiodiek_1 | L63: =H63&"_"&K63 -> 30_Aanloopperiodiek_1 | M63: 11.86 | O63: 30 | P63: Aanloopperiodiek_1 | Q63: 7 | R63: =P63 -> Aanloopperiodiek_1 | S63: =O63&"_"&R63 -> 30_Aanloopperiodiek_1 | T63: 12.22 | V63: 30 | W63: Aanloopperiodiek_1 | X63: 7 | Y63: =W63 -> Aanloopperiodiek_1 | Z63: =V63&"_"&Y63 -> 30_Aanloopperiodiek_1 | AA63: vervalt | AC63: 30 | AD63: Aanloopperiodiek_1 | AE63: 7 | AF63: =AD63 -> Aanloopperiodiek_1 | AG63: =AC63&"_"&AF63 -> 30_Aanloopperiodiek_1 | AH63: vervalt | AJ63: 30 | AK63: Aanloopperiodiek_1 | AL63: 7 | AM63: =AK63 -> Aanloopperiodiek_1 | AN63: =AJ63&"_"&AM63 -> 30_Aanloopperiodiek_1 | AO63: vervalt | AQ63: 30 | AR63: Aanloopperiodiek_1 | AS63: 7 | AT63: =AR63 -> Aanloopperiodiek_1 | AU63: =AQ63&"_"&AT63 -> 30_Aanloopperiodiek_1 | AV63: vervalt | AX63: 30 | AY63: Aanloopperiodiek_1 | AZ63: 7 | BA63: =AY63 -> Aanloopperiodiek_1 | BB63: =AX63&"_"&BA63 -> 30_Aanloopperiodiek_1 | BC63: vervalt | BE63: 30 | BF63: Aanloopperiodiek_1 | BG63: 7 | BH63: =BF63 -> Aanloopperiodiek_1 | BI63: =BE63&"_"&BH63 -> 30_Aanloopperiodiek_1 | BJ63: vervalt | BL63: 30 | BM63: Aanloopperiodiek_1 | BN63: 7 | BO63: Aanloopperiodiek_1 | BP63: 30_Aanloopperiodiek_1 | BQ63: vervalt | BS63: 30 | BT63: Aanloopperiodiek_1 | BU63: 7 | BV63: =BT63 -> Aanloopperiodiek_1 | BW63: =BS63&"_"&BV63 -> 30_Aanloopperiodiek_1 | BX63: =INDEX($BC$17:$BC$237,MATCH(BW63,$BB$17:$BB$237,0)) -> vervalt | BY63: =INDEX($BJ$17:$BJ$237,MATCH(BW63,$BI$17:$BI$237,0)) -> vervalt | BZ63: =INDEX($BQ$17:$BQ$237,MATCH(BW63,$BP$17:$BP$237,0)) -> vervalt | CA63: =IFERROR($D$6*BX63+$D$7*BY63+$D$8*BZ63,"vervalt") -> vervalt
A64: 30 | B64: Aanloopperiodiek_1 | C64: 7 | D64: =B64 -> Aanloopperiodiek_1 | E64: =A64&"_"&D64 -> 30_Aanloopperiodiek_1 | F64: 11.46 | H64: 30 | I64: 0 | J64: 8 | K64: =I64 -> 0 | L64: =H64&"_"&K64 -> 30_0 | M64: 12.16 | O64: 30 | P64: 0 | Q64: 8 | R64: =P64 -> 0 | S64: =O64&"_"&R64 -> 30_0 | T64: 12.52 | V64: 30 | W64: zij-instroomperiodiek | X64: 8 | Y64: =W64 -> zij-instroomperiodiek | Z64: =V64&"_"&Y64 -> 30_zij-instroomperiodiek | AA64: 12.94 | AC64: 30 | AD64: zij-instroomperiodiek | AE64: 8 | AF64: =AD64 -> zij-instroomperiodiek | AG64: =AC64&"_"&AF64 -> 30_zij-instroomperiodiek | AH64: 13.33 | AJ64: 30 | AK64: zij-instroomperiodiek | AL64: 8 | AM64: =AK64 -> zij-instroomperiodiek | AN64: =AJ64&"_"&AM64 -> 30_zij-instroomperiodiek | AO64: 14.13 | AQ64: 30 | AR64: zij-instroomperiodiek | AS64: 8 | AT64: =AR64 -> zij-instroomperiodiek | AU64: =AQ64&"_"&AT64 -> 30_zij-instroomperiodiek | AV64: 14.61 | AX64: 30 | AY64: zij-instroomperiodiek | AZ64: 8 | BA64: =AY64 -> zij-instroomperiodiek | BB64: =AX64&"_"&BA64 -> 30_zij-instroomperiodiek | BC64: 15.08 | BE64: 30 | BF64: zij-instroomperiodiek | BG64: 8 | BH64: =BF64 -> zij-instroomperiodiek | BI64: =BE64&"_"&BH64 -> 30_zij-instroomperiodiek | BJ64: 16.05 | BL64: 30 | BM64: zij-instroomperiodiek | BN64: 8 | BO64: zij-instroomperiodiek | BP64: 30_zij-instroomperiodiek | BQ64: 16.61 | BS64: 30 | BT64: zij-instroomperiodiek | BU64: 8 | BV64: =BT64 -> zij-instroomperiodiek | BW64: =BS64&"_"&BV64 -> 30_zij-instroomperiodiek | BX64: =INDEX($BC$17:$BC$237,MATCH(BW64,$BB$17:$BB$237,0)) -> 15.08 | BY64: =INDEX($BJ$17:$BJ$237,MATCH(BW64,$BI$17:$BI$237,0)) -> 16.05 | BZ64: =INDEX($BQ$17:$BQ$237,MATCH(BW64,$BP$17:$BP$237,0)) -> 16.61 | CA64: =IFERROR($D$6*BX64+$D$7*BY64+$D$8*BZ64,"vervalt") -> 15.565
A65: 30 | B65: 0 | C65: 8 | D65: =B65 -> 0 | E65: =A65&"_"&D65 -> 30_0 | F65: 11.75 | H65: 30 | I65: 1 | J65: 9 | K65: =I65 -> 1 | L65: =H65&"_"&K65 -> 30_1 | M65: 12.48 | O65: 30 | P65: 1 | Q65: 9 | R65: =P65 -> 1 | S65: =O65&"_"&R65 -> 30_1 | T65: 12.86 | V65: 30 | W65: 1 | X65: 9 | Y65: =W65 -> 1 | Z65: =V65&"_"&Y65 -> 30_1 | AA65: 13.27 | AC65: 30 | AD65: 1 | AE65: 9 | AF65: =AD65 -> 1 | AG65: =AC65&"_"&AF65 -> 30_1 | AH65: 13.67 | AJ65: 30 | AK65: 1 | AL65: 9 | AM65: =AK65 -> 1 | AN65: =AJ65&"_"&AM65 -> 30_1 | AO65: 14.47 | AQ65: 30 | AR65: 1 | AS65: 9 | AT65: =AR65 -> 1 | AU65: =AQ65&"_"&AT65 -> 30_1 | AV65: 14.95 | AX65: 30 | AY65: 1 | AZ65: 9 | BA65: =AY65 -> 1 | BB65: =AX65&"_"&BA65 -> 30_1 | BC65: 15.43 | BE65: 30 | BF65: 1 | BG65: 9 | BH65: =BF65 -> 1 | BI65: =BE65&"_"&BH65 -> 30_1 | BJ65: 16.44 | BL65: 30 | BM65: 1 | BN65: 9 | BO65: 1 | BP65: 30_1 | BQ65: 17.02 | BS65: 30 | BT65: 1 | BU65: 9 | BV65: =BT65 -> 1 | BW65: =BS65&"_"&BV65 -> 30_1 | BX65: =INDEX($BC$17:$BC$237,MATCH(BW65,$BB$17:$BB$237,0)) -> 15.43 | BY65: =INDEX($BJ$17:$BJ$237,MATCH(BW65,$BI$17:$BI$237,0)) -> 16.44 | BZ65: =INDEX($BQ$17:$BQ$237,MATCH(BW65,$BP$17:$BP$237,0)) -> 17.02 | CA65: =IFERROR($D$6*BX65+$D$7*BY65+$D$8*BZ65,"vervalt") -> 15.935
A66: 30 | B66: 1 | C66: 9 | D66: =B66 -> 1 | E66: =A66&"_"&D66 -> 30_1 | F66: 12.06 | H66: 30 | I66: 2 | J66: 10 | K66: =I66 -> 2 | L66: =H66&"_"&K66 -> 30_2 | M66: 12.83 | O66: 30 | P66: 2 | Q66: 10 | R66: =P66 -> 2 | S66: =O66&"_"&R66 -> 30_2 | T66: 13.22 | V66: 30 | W66: 2 | X66: 10 | Y66: =W66 -> 2 | Z66: =V66&"_"&Y66 -> 30_2 | AA66: 13.64 | AC66: 30 | AD66: 2 | AE66: 10 | AF66: =AD66 -> 2 | AG66: =AC66&"_"&AF66 -> 30_2 | AH66: 14.05 | AJ66: 30 | AK66: 2 | AL66: 10 | AM66: =AK66 -> 2 | AN66: =AJ66&"_"&AM66 -> 30_2 | AO66: 14.85 | AQ66: 30 | AR66: 2 | AS66: 10 | AT66: =AR66 -> 2 | AU66: =AQ66&"_"&AT66 -> 30_2 | AV66: 15.33 | AX66: 30 | AY66: 2 | AZ66: 10 | BA66: =AY66 -> 2 | BB66: =AX66&"_"&BA66 -> 30_2 | BC66: 15.81 | BE66: 30 | BF66: 2 | BG66: 10 | BH66: =BF66 -> 2 | BI66: =BE66&"_"&BH66 -> 30_2 | BJ66: 16.89 | BL66: 30 | BM66: 2 | BN66: 10 | BO66: 2 | BP66: 30_2 | BQ66: 17.48 | BS66: 30 | BT66: 2 | BU66: 10 | BV66: =BT66 -> 2 | BW66: =BS66&"_"&BV66 -> 30_2 | BX66: =INDEX($BC$17:$BC$237,MATCH(BW66,$BB$17:$BB$237,0)) -> 15.81 | BY66: =INDEX($BJ$17:$BJ$237,MATCH(BW66,$BI$17:$BI$237,0)) -> 16.89 | BZ66: =INDEX($BQ$17:$BQ$237,MATCH(BW66,$BP$17:$BP$237,0)) -> 17.48 | CA66: =IFERROR($D$6*BX66+$D$7*BY66+$D$8*BZ66,"vervalt") -> 16.35
A67: 30 | B67: 2 | C67: 10 | D67: =B67 -> 2 | E67: =A67&"_"&D67 -> 30_2 | F67: 12.4 | H67: 30 | I67: 3 | J67: 11 | K67: =I67 -> 3 | L67: =H67&"_"&K67 -> 30_3 | M67: 13.22 | O67: 30 | P67: 3 | Q67: 11 | R67: =P67 -> 3 | S67: =O67&"_"&R67 -> 30_3 | T67: 13.62 | V67: 30 | W67: 3 | X67: 11 | Y67: =W67 -> 3 | Z67: =V67&"_"&Y67 -> 30_3 | AA67: 14.06 | AC67: 30 | AD67: 3 | AE67: 11 | AF67: =AD67 -> 3 | AG67: =AC67&"_"&AF67 -> 30_3 | AH67: 14.48 | AJ67: 30 | AK67: 3 | AL67: 11 | AM67: =AK67 -> 3 | AN67: =AJ67&"_"&AM67 -> 30_3 | AO67: 15.28 | AQ67: 30 | AR67: 3 | AS67: 11 | AT67: =AR67 -> 3 | AU67: =AQ67&"_"&AT67 -> 30_3 | AV67: 15.76 | AX67: 30 | AY67: 3 | AZ67: 11 | BA67: =AY67 -> 3 | BB67: =AX67&"_"&BA67 -> 30_3 | BC67: 16.24 | BE67: 30 | BF67: 3 | BG67: 11 | BH67: =BF67 -> 3 | BI67: =BE67&"_"&BH67 -> 30_3 | BJ67: 17.36 | BL67: 30 | BM67: 3 | BN67: 11 | BO67: 3 | BP67: 30_3 | BQ67: 17.96 | BS67: 30 | BT67: 3 | BU67: 11 | BV67: =BT67 -> 3 | BW67: =BS67&"_"&BV67 -> 30_3 | BX67: =INDEX($BC$17:$BC$237,MATCH(BW67,$BB$17:$BB$237,0)) -> 16.24 | BY67: =INDEX($BJ$17:$BJ$237,MATCH(BW67,$BI$17:$BI$237,0)) -> 17.36 | BZ67: =INDEX($BQ$17:$BQ$237,MATCH(BW67,$BP$17:$BP$237,0)) -> 17.96 | CA67: =IFERROR($D$6*BX67+$D$7*BY67+$D$8*BZ67,"vervalt") -> 16.8
A68: 30 | B68: 3 | C68: 11 | D68: =B68 -> 3 | E68: =A68&"_"&D68 -> 30_3 | F68: 12.78 | H68: 30 | I68: 4 | J68: 12 | K68: =I68 -> 4 | L68: =H68&"_"&K68 -> 30_4 | M68: 13.63 | O68: 30 | P68: 4 | Q68: 12 | R68: =P68 -> 4 | S68: =O68&"_"&R68 -> 30_4 | T68: 14.04 | V68: 30 | W68: 4 | X68: 12 | Y68: =W68 -> 4 | Z68: =V68&"_"&Y68 -> 30_4 | AA68: 14.5 | AC68: 30 | AD68: 4 | AE68: 12 | AF68: =AD68 -> 4 | AG68: =AC68&"_"&AF68 -> 30_4 | AH68: 14.93 | AJ68: 30 | AK68: 4 | AL68: 12 | AM68: =AK68 -> 4 | AN68: =AJ68&"_"&AM68 -> 30_4 | AO68: 15.73 | AQ68: 30 | AR68: 4 | AS68: 12 | AT68: =AR68 -> 4 | AU68: =AQ68&"_"&AT68 -> 30_4 | AV68: 16.21 | AX68: 30 | AY68: 4 | AZ68: 12 | BA68: =AY68 -> 4 | BB68: =AX68&"_"&BA68 -> 30_4 | BC68: 16.69 | BE68: 30 | BF68: 4 | BG68: 12 | BH68: =BF68 -> 4 | BI68: =BE68&"_"&BH68 -> 30_4 | BJ68: 17.88 | BL68: 30 | BM68: 4 | BN68: 12 | BO68: 4 | BP68: 30_4 | BQ68: 18.51 | BS68: 30 | BT68: 4 | BU68: 12 | BV68: =BT68 -> 4 | BW68: =BS68&"_"&BV68 -> 30_4 | BX68: =INDEX($BC$17:$BC$237,MATCH(BW68,$BB$17:$BB$237,0)) -> 16.69 | BY68: =INDEX($BJ$17:$BJ$237,MATCH(BW68,$BI$17:$BI$237,0)) -> 17.88 | BZ68: =INDEX($BQ$17:$BQ$237,MATCH(BW68,$BP$17:$BP$237,0)) -> 18.51 | CA68: =IFERROR($D$6*BX68+$D$7*BY68+$D$8*BZ68,"vervalt") -> 17.285
A69: 30 | B69: 4 | C69: 12 | D69: =B69 -> 4 | E69: =A69&"_"&D69 -> 30_4 | F69: 13.17 | H69: 30 | I69: 5 | J69: 13 | K69: =I69 -> 5 | L69: =H69&"_"&K69 -> 30_5 | M69: 14.09 | O69: 30 | P69: 5 | Q69: 13 | R69: =P69 -> 5 | S69: =O69&"_"&R69 -> 30_5 | T69: 14.52 | V69: 30 | W69: 5 | X69: 13 | Y69: =W69 -> 5 | Z69: =V69&"_"&Y69 -> 30_5 | AA69: 14.99 | AC69: 30 | AD69: 5 | AE69: 13 | AF69: =AD69 -> 5 | AG69: =AC69&"_"&AF69 -> 30_5 | AH69: 15.44 | AJ69: 30 | AK69: 5 | AL69: 13 | AM69: =AK69 -> 5 | AN69: =AJ69&"_"&AM69 -> 30_5 | AO69: 16.24 | AQ69: 30 | AR69: 5 | AS69: 13 | AT69: =AR69 -> 5 | AU69: =AQ69&"_"&AT69 -> 30_5 | AV69: 16.72 | AX69: 30 | AY69: 5 | AZ69: 13 | BA69: =AY69 -> 5 | BB69: =AX69&"_"&BA69 -> 30_5 | BC69: 17.2 | BE69: 30 | BF69: 5 | BG69: 13 | BH69: =BF69 -> 5 | BI69: =BE69&"_"&BH69 -> 30_5 | BJ69: 18.41 | BL69: 30 | BM69: 5 | BN69: 13 | BO69: 5 | BP69: 30_5 | BQ69: 19.05 | BS69: 30 | BT69: 5 | BU69: 13 | BV69: =BT69 -> 5 | BW69: =BS69&"_"&BV69 -> 30_5 | BX69: =INDEX($BC$17:$BC$237,MATCH(BW69,$BB$17:$BB$237,0)) -> 17.2 | BY69: =INDEX($BJ$17:$BJ$237,MATCH(BW69,$BI$17:$BI$237,0)) -> 18.41 | BZ69: =INDEX($BQ$17:$BQ$237,MATCH(BW69,$BP$17:$BP$237,0)) -> 19.05 | CA69: =IFERROR($D$6*BX69+$D$7*BY69+$D$8*BZ69,"vervalt") -> 17.805
A70: 30 | B70: 5 | C70: 13 | D70: =B70 -> 5 | E70: =A70&"_"&D70 -> 30_5 | F70: 13.62 | H70: 30 | I70: 6 | J70: 14 | K70: =I70 -> 6 | L70: =H70&"_"&K70 -> 30_6 | M70: 14.56 | O70: 30 | P70: 6 | Q70: 14 | R70: =P70 -> 6 | S70: =O70&"_"&R70 -> 30_6 | T70: 14.99 | V70: 30 | W70: 6 | X70: 14 | Y70: =W70 -> 6 | Z70: =V70&"_"&Y70 -> 30_6 | AA70: 15.48 | AC70: 30 | AD70: 6 | AE70: 14 | AF70: =AD70 -> 6 | AG70: =AC70&"_"&AF70 -> 30_6 | AH70: 15.94 | AJ70: 30 | AK70: 6 | AL70: 14 | AM70: =AK70 -> 6 | AN70: =AJ70&"_"&AM70 -> 30_6 | AO70: 16.74 | AQ70: 30 | AR70: 6 | AS70: 14 | AT70: =AR70 -> 6 | AU70: =AQ70&"_"&AT70 -> 30_6 | AV70: 17.22 | AX70: 30 | AY70: 6 | AZ70: 14 | BA70: =AY70 -> 6 | BB70: =AX70&"_"&BA70 -> 30_6 | BC70: 17.7 | BE70: 30 | BF70: 6 | BG70: 14 | BH70: =BF70 -> 6 | BI70: =BE70&"_"&BH70 -> 30_6 | BJ70: 18.92 | BL70: 30 | BM70: 6 | BN70: 14 | BO70: 6 | BP70: 30_6 | BQ70: 19.58 | BS70: 30 | BT70: 6 | BU70: 14 | BV70: =BT70 -> 6 | BW70: =BS70&"_"&BV70 -> 30_6 | BX70: =INDEX($BC$17:$BC$237,MATCH(BW70,$BB$17:$BB$237,0)) -> 17.7 | BY70: =INDEX($BJ$17:$BJ$237,MATCH(BW70,$BI$17:$BI$237,0)) -> 18.92 | BZ70: =INDEX($BQ$17:$BQ$237,MATCH(BW70,$BP$17:$BP$237,0)) -> 19.58 | CA70: =IFERROR($D$6*BX70+$D$7*BY70+$D$8*BZ70,"vervalt") -> 18.31
A71: 30 | B71: 6 | C71: 14 | D71: =B71 -> 6 | E71: =A71&"_"&D71 -> 30_6 | F71: 14.06 | H71: 30 | I71: 7 | J71: 15 | K71: =I71 -> 7 | L71: =H71&"_"&K71 -> 30_7 | M71: 14.98 | O71: 30 | P71: 7 | Q71: 15 | R71: =P71 -> 7 | S71: =O71&"_"&R71 -> 30_7 | T71: 15.43 | V71: 30 | W71: 7 | X71: 15 | Y71: =W71 -> 7 | Z71: =V71&"_"&Y71 -> 30_7 | AA71: 15.93 | AC71: 30 | AD71: 7 | AE71: 15 | AF71: =AD71 -> 7 | AG71: =AC71&"_"&AF71 -> 30_7 | AH71: 16.41 | AJ71: 30 | AK71: 7 | AL71: 15 | AM71: =AK71 -> 7 | AN71: =AJ71&"_"&AM71 -> 30_7 | AO71: 17.23 | AQ71: 30 | AR71: 7 | AS71: 15 | AT71: =AR71 -> 7 | AU71: =AQ71&"_"&AT71 -> 30_7 | AV71: 17.71 | AX71: 30 | AY71: 7 | AZ71: 15 | BA71: =AY71 -> 7 | BB71: =AX71&"_"&BA71 -> 30_7 | BC71: 18.19 | BE71: 30 | BF71: 7 | BG71: 15 | BH71: =BF71 -> 7 | BI71: =BE71&"_"&BH71 -> 30_7 | BJ71: 19.49 | BL71: 30 | BM71: 7 | BN71: 15 | BO71: 7 | BP71: 30_7 | BQ71: 20.17 | BS71: 30 | BT71: 7 | BU71: 15 | BV71: =BT71 -> 7 | BW71: =BS71&"_"&BV71 -> 30_7 | BX71: =INDEX($BC$17:$BC$237,MATCH(BW71,$BB$17:$BB$237,0)) -> 18.19 | BY71: =INDEX($BJ$17:$BJ$237,MATCH(BW71,$BI$17:$BI$237,0)) -> 19.49 | BZ71: =INDEX($BQ$17:$BQ$237,MATCH(BW71,$BP$17:$BP$237,0)) -> 20.17 | CA71: =IFERROR($D$6*BX71+$D$7*BY71+$D$8*BZ71,"vervalt") -> 18.84
A72: 30 | B72: 7 | C72: 15 | D72: =B72 -> 7 | E72: =A72&"_"&D72 -> 30_7 | F72: 14.48 | H72: 30 | I72: 8 | J72: 16 | K72: =I72 -> 8 | L72: =H72&"_"&K72 -> 30_8 | M72: 15.46 | O72: 30 | P72: 8 | Q72: 16 | R72: =P72 -> 8 | S72: =O72&"_"&R72 -> 30_8 | T72: 15.93 | V72: 30 | W72: 8 | X72: 16 | Y72: =W72 -> 8 | Z72: =V72&"_"&Y72 -> 30_8 | AA72: 16.44 | AC72: 30 | AD72: 8 | AE72: 16 | AF72: =AD72 -> 8 | AG72: =AC72&"_"&AF72 -> 30_8 | AH72: 16.94 | AJ72: 30 | AK72: 8 | AL72: 16 | AM72: =AK72 -> 8 | AN72: =AJ72&"_"&AM72 -> 30_8 | AO72: 17.78 | AQ72: 30 | AR72: 8 | AS72: 16 | AT72: =AR72 -> 8 | AU72: =AQ72&"_"&AT72 -> 30_8 | AV72: 18.26 | AX72: 30 | AY72: 8 | AZ72: 16 | BA72: =AY72 -> 8 | BB72: =AX72&"_"&BA72 -> 30_8 | BC72: 18.74 | BE72: 30 | BF72: 8 | BG72: 16 | BH72: =BF72 -> 8 | BI72: =BE72&"_"&BH72 -> 30_8 | BJ72: 19.96 | BL72: 30 | BM72: 8 | BN72: 16 | BO72: 8 | BP72: 30_8 | BQ72: 20.66 | BS72: 30 | BT72: 8 | BU72: 16 | BV72: =BT72 -> 8 | BW72: =BS72&"_"&BV72 -> 30_8 | BX72: =INDEX($BC$17:$BC$237,MATCH(BW72,$BB$17:$BB$237,0)) -> 18.74 | BY72: =INDEX($BJ$17:$BJ$237,MATCH(BW72,$BI$17:$BI$237,0)) -> 19.96 | BZ72: =INDEX($BQ$17:$BQ$237,MATCH(BW72,$BP$17:$BP$237,0)) -> 20.66 | CA72: =IFERROR($D$6*BX72+$D$7*BY72+$D$8*BZ72,"vervalt") -> 19.35
A73: 30 | B73: 8 | C73: 16 | D73: =B73 -> 8 | E73: =A73&"_"&D73 -> 30_8 | F73: 14.94 | H73: 30 | I73: 9 | J73: 17 | K73: =I73 -> 9 | L73: =H73&"_"&K73 -> 30_9 | M73: 15.85 | O73: 30 | P73: 9 | Q73: 17 | R73: =P73 -> 9 | S73: =O73&"_"&R73 -> 30_9 | T73: 16.33 | V73: 30 | W73: 9 | X73: 17 | Y73: =W73 -> 9 | Z73: =V73&"_"&Y73 -> 30_9 | AA73: 16.86 | AC73: 30 | AD73: 9 | AE73: 17 | AF73: =AD73 -> 9 | AG73: =AC73&"_"&AF73 -> 30_9 | AH73: 17.37 | AJ73: 30 | AK73: 9 | AL73: 17 | AM73: =AK73 -> 9 | AN73: =AJ73&"_"&AM73 -> 30_9 | AO73: 18.24 | AQ73: 30 | AR73: 9 | AS73: 17 | AT73: =AR73 -> 9 | AU73: =AQ73&"_"&AT73 -> 30_9 | AV73: 18.71 | AX73: 30 | AY73: 9 | AZ73: 17 | BA73: =AY73 -> 9 | BB73: =AX73&"_"&BA73 -> 30_9 | BC73: 19.19 | BE73: 30 | BF73: 9 | BG73: 17 | BH73: =BF73 -> 9 | BI73: =BE73&"_"&BH73 -> 30_9 | BJ73: 20.53 | BL73: 30 | BM73: 9 | BN73: 17 | BO73: 9 | BP73: 30_9 | BQ73: 21.25 | BS73: 30 | BT73: 9 | BU73: 17 | BV73: =BT73 -> 9 | BW73: =BS73&"_"&BV73 -> 30_9 | BX73: =INDEX($BC$17:$BC$237,MATCH(BW73,$BB$17:$BB$237,0)) -> 19.19 | BY73: =INDEX($BJ$17:$BJ$237,MATCH(BW73,$BI$17:$BI$237,0)) -> 20.53 | BZ73: =INDEX($BQ$17:$BQ$237,MATCH(BW73,$BP$17:$BP$237,0)) -> 21.25 | CA73: =IFERROR($D$6*BX73+$D$7*BY73+$D$8*BZ73,"vervalt") -> 19.86
A74: 30 | B74: 9 | C74: 17 | D74: =B74 -> 9 | E74: =A74&"_"&D74 -> 30_9 | F74: 15.32 | H74: 30 | I74: 10 | J74: 18 | K74: =I74 -> 10 | L74: =H74&"_"&K74 -> 30_10 | M74: 16.33 | O74: 30 | P74: 10 | Q74: 18 | R74: =P74 -> 10 | S74: =O74&"_"&R74 -> 30_10 | T74: 16.82 | V74: 30 | W74: 10 | X74: 18 | Y74: =W74 -> 10 | Z74: =V74&"_"&Y74 -> 30_10 | AA74: 17.36 | AC74: 30 | AD74: 10 | AE74: 18 | AF74: =AD74 -> 10 | AG74: =AC74&"_"&AF74 -> 30_10 | AH74: 17.88 | AJ74: 30 | AK74: 10 | AL74: 18 | AM74: =AK74 -> 10 | AN74: =AJ74&"_"&AM74 -> 30_10 | AO74: 18.78 | AQ74: 30 | AR74: 10 | AS74: 18 | AT74: =AR74 -> 10 | AU74: =AQ74&"_"&AT74 -> 30_10 | AV74: 19.26 | AX74: 30 | AY74: 10 | AZ74: 18 | BA74: =AY74 -> 10 | BB74: =AX74&"_"&BA74 -> 30_10 | BC74: 19.74 | BE74: 30 | BF74: 10 | BG74: 18 | BH74: =BF74 -> 10 | BI74: =BE74&"_"&BH74 -> 30_10 | BJ74: 21.05 | BL74: 30 | BM74: 10 | BN74: 18 | BO74: 10 | BP74: 30_10 | BQ74: 21.79 | BS74: 30 | BT74: 10 | BU74: 18 | BV74: =BT74 -> 10 | BW74: =BS74&"_"&BV74 -> 30_10 | BX74: =INDEX($BC$17:$BC$237,MATCH(BW74,$BB$17:$BB$237,0)) -> 19.74 | BY74: =INDEX($BJ$17:$BJ$237,MATCH(BW74,$BI$17:$BI$237,0)) -> 21.05 | BZ74: =INDEX($BQ$17:$BQ$237,MATCH(BW74,$BP$17:$BP$237,0)) -> 21.79 | CA74: =IFERROR($D$6*BX74+$D$7*BY74+$D$8*BZ74,"vervalt") -> 20.395
A75: 30 | B75: 10 | C75: 18 | D75: =B75 -> 10 | E75: =A75&"_"&D75 -> 30_10 | F75: 15.77 | H75: 35 | I75: Aanloopperiodiek_0 | J75: 8 | K75: =I75 -> Aanloopperiodiek_0 | L75: =H75&"_"&K75 -> 35_Aanloopperiodiek_0 | M75: 12.16 | O75: 35 | P75: Aanloopperiodiek_0 | Q75: 8 | R75: =P75 -> Aanloopperiodiek_0 | S75: =O75&"_"&R75 -> 35_Aanloopperiodiek_0 | T75: 12.52 | V75: 35 | W75: Aanloopperiodiek_0 | X75: 8 | Y75: =W75 -> Aanloopperiodiek_0 | Z75: =V75&"_"&Y75 -> 35_Aanloopperiodiek_0 | AA75: vervalt | AC75: 35 | AD75: Aanloopperiodiek_0 | AE75: 8 | AF75: =AD75 -> Aanloopperiodiek_0 | AG75: =AC75&"_"&AF75 -> 35_Aanloopperiodiek_0 | AH75: vervalt | AJ75: 35 | AK75: Aanloopperiodiek_0 | AL75: 8 | AM75: =AK75 -> Aanloopperiodiek_0 | AN75: =AJ75&"_"&AM75 -> 35_Aanloopperiodiek_0 | AO75: vervalt | AQ75: 35 | AR75: Aanloopperiodiek_0 | AS75: 8 | AT75: =AR75 -> Aanloopperiodiek_0 | AU75: =AQ75&"_"&AT75 -> 35_Aanloopperiodiek_0 | AV75: vervalt | AX75: 35 | AY75: Aanloopperiodiek_0 | AZ75: 8 | BA75: =AY75 -> Aanloopperiodiek_0 | BB75: =AX75&"_"&BA75 -> 35_Aanloopperiodiek_0 | BC75: vervalt | BE75: 35 | BF75: Aanloopperiodiek_0 | BG75: 8 | BH75: =BF75 -> Aanloopperiodiek_0 | BI75: =BE75&"_"&BH75 -> 35_Aanloopperiodiek_0 | BJ75: vervalt | BL75: 35 | BM75: Aanloopperiodiek_0 | BN75: 8 | BO75: Aanloopperiodiek_0 | BP75: 35_Aanloopperiodiek_0 | BQ75: vervalt | BS75: 35 | BT75: Aanloopperiodiek_0 | BU75: 8 | BV75: =BT75 -> Aanloopperiodiek_0 | BW75: =BS75&"_"&BV75 -> 35_Aanloopperiodiek_0 | BX75: =INDEX($BC$17:$BC$237,MATCH(BW75,$BB$17:$BB$237,0)) -> vervalt | BY75: =INDEX($BJ$17:$BJ$237,MATCH(BW75,$BI$17:$BI$237,0)) -> vervalt | BZ75: =INDEX($BQ$17:$BQ$237,MATCH(BW75,$BP$17:$BP$237,0)) -> vervalt | CA75: =IFERROR($D$6*BX75+$D$7*BY75+$D$8*BZ75,"vervalt") -> vervalt
A76: 35 | B76: Aanloopperiodiek_0 | C76: 8 | D76: =B76 -> Aanloopperiodiek_0 | E76: =A76&"_"&D76 -> 35_Aanloopperiodiek_0 | F76: 11.75 | H76: 35 | I76: Aanloopperiodiek_1 | J76: 9 | K76: =I76 -> Aanloopperiodiek_1 | L76: =H76&"_"&K76 -> 35_Aanloopperiodiek_1 | M76: 12.48 | O76: 35 | P76: Aanloopperiodiek_1 | Q76: 9 | R76: =P76 -> Aanloopperiodiek_1 | S76: =O76&"_"&R76 -> 35_Aanloopperiodiek_1 | T76: 12.86 | V76: 35 | W76: Aanloopperiodiek_1 | X76: 9 | Y76: =W76 -> Aanloopperiodiek_1 | Z76: =V76&"_"&Y76 -> 35_Aanloopperiodiek_1 | AA76: vervalt | AC76: 35 | AD76: Aanloopperiodiek_1 | AE76: 9 | AF76: =AD76 -> Aanloopperiodiek_1 | AG76: =AC76&"_"&AF76 -> 35_Aanloopperiodiek_1 | AH76: vervalt | AJ76: 35 | AK76: Aanloopperiodiek_1 | AL76: 9 | AM76: =AK76 -> Aanloopperiodiek_1 | AN76: =AJ76&"_"&AM76 -> 35_Aanloopperiodiek_1 | AO76: vervalt | AQ76: 35 | AR76: Aanloopperiodiek_1 | AS76: 9 | AT76: =AR76 -> Aanloopperiodiek_1 | AU76: =AQ76&"_"&AT76 -> 35_Aanloopperiodiek_1 | AV76: vervalt | AX76: 35 | AY76: Aanloopperiodiek_1 | AZ76: 9 | BA76: =AY76 -> Aanloopperiodiek_1 | BB76: =AX76&"_"&BA76 -> 35_Aanloopperiodiek_1 | BC76: vervalt | BE76: 35 | BF76: Aanloopperiodiek_1 | BG76: 9 | BH76: =BF76 -> Aanloopperiodiek_1 | BI76: =BE76&"_"&BH76 -> 35_Aanloopperiodiek_1 | BJ76: vervalt | BL76: 35 | BM76: Aanloopperiodiek_1 | BN76: 9 | BO76: Aanloopperiodiek_1 | BP76: 35_Aanloopperiodiek_1 | BQ76: vervalt | BS76: 35 | BT76: Aanloopperiodiek_1 | BU76: 9 | BV76: =BT76 -> Aanloopperiodiek_1 | BW76: =BS76&"_"&BV76 -> 35_Aanloopperiodiek_1 | BX76: =INDEX($BC$17:$BC$237,MATCH(BW76,$BB$17:$BB$237,0)) -> vervalt | BY76: =INDEX($BJ$17:$BJ$237,MATCH(BW76,$BI$17:$BI$237,0)) -> vervalt | BZ76: =INDEX($BQ$17:$BQ$237,MATCH(BW76,$BP$17:$BP$237,0)) -> vervalt | CA76: =IFERROR($D$6*BX76+$D$7*BY76+$D$8*BZ76,"vervalt") -> vervalt
A77: 35 | B77: Aanloopperiodiek_1 | C77: 9 | D77: =B77 -> Aanloopperiodiek_1 | E77: =A77&"_"&D77 -> 35_Aanloopperiodiek_1 | F77: 12.06 | H77: 35 | I77: 0 | J77: 10 | K77: =I77 -> 0 | L77: =H77&"_"&K77 -> 35_0 | M77: 12.83 | O77: 35 | P77: 0 | Q77: 10 | R77: =P77 -> 0 | S77: =O77&"_"&R77 -> 35_0 | T77: 13.22 | V77: 35 | W77: zij-instroomperiodiek | X77: 10 | Y77: =W77 -> zij-instroomperiodiek | Z77: =V77&"_"&Y77 -> 35_zij-instroomperiodiek | AA77: 13.64 | AC77: 35 | AD77: zij-instroomperiodiek | AE77: 10 | AF77: =AD77 -> zij-instroomperiodiek | AG77: =AC77&"_"&AF77 -> 35_zij-instroomperiodiek | AH77: 14.05 | AJ77: 35 | AK77: zij-instroomperiodiek | AL77: 10 | AM77: =AK77 -> zij-instroomperiodiek | AN77: =AJ77&"_"&AM77 -> 35_zij-instroomperiodiek | AO77: 14.85 | AQ77: 35 | AR77: zij-instroomperiodiek | AS77: 10 | AT77: =AR77 -> zij-instroomperiodiek | AU77: =AQ77&"_"&AT77 -> 35_zij-instroomperiodiek | AV77: 15.33 | AX77: 35 | AY77: zij-instroomperiodiek | AZ77: 10 | BA77: =AY77 -> zij-instroomperiodiek | BB77: =AX77&"_"&BA77 -> 35_zij-instroomperiodiek | BC77: 15.81 | BE77: 35 | BF77: zij-instroomperiodiek | BG77: 10 | BH77: =BF77 -> zij-instroomperiodiek | BI77: =BE77&"_"&BH77 -> 35_zij-instroomperiodiek | BJ77: 16.44 | BL77: 35 | BM77: zij-instroomperiodiek | BN77: 10 | BO77: zij-instroomperiodiek | BP77: 35_zij-instroomperiodiek | BQ77: 17.02 | BS77: 35 | BT77: zij-instroomperiodiek | BU77: 10 | BV77: =BT77 -> zij-instroomperiodiek | BW77: =BS77&"_"&BV77 -> 35_zij-instroomperiodiek | BX77: =INDEX($BC$17:$BC$237,MATCH(BW77,$BB$17:$BB$237,0)) -> 15.81 | BY77: =INDEX($BJ$17:$BJ$237,MATCH(BW77,$BI$17:$BI$237,0)) -> 16.44 | BZ77: =INDEX($BQ$17:$BQ$237,MATCH(BW77,$BP$17:$BP$237,0)) -> 17.02 | CA77: =IFERROR($D$6*BX77+$D$7*BY77+$D$8*BZ77,"vervalt") -> 16.125
A78: 35 | B78: 0 | C78: 10 | D78: =B78 -> 0 | E78: =A78&"_"&D78 -> 35_0 | F78: 12.4 | H78: 35 | I78: 1 | J78: 11 | K78: =I78 -> 1 | L78: =H78&"_"&K78 -> 35_1 | M78: 13.22 | O78: 35 | P78: 1 | Q78: 11 | R78: =P78 -> 1 | S78: =O78&"_"&R78 -> 35_1 | T78: 13.62 | V78: 35 | W78: 1 | X78: 11 | Y78: =W78 -> 1 | Z78: =V78&"_"&Y78 -> 35_1 | AA78: 14.06 | AC78: 35 | AD78: 1 | AE78: 11 | AF78: =AD78 -> 1 | AG78: =AC78&"_"&AF78 -> 35_1 | AH78: 14.48 | AJ78: 35 | AK78: 1 | AL78: 11 | AM78: =AK78 -> 1 | AN78: =AJ78&"_"&AM78 -> 35_1 | AO78: 15.28 | AQ78: 35 | AR78: 1 | AS78: 11 | AT78: =AR78 -> 1 | AU78: =AQ78&"_"&AT78 -> 35_1 | AV78: 15.76 | AX78: 35 | AY78: 1 | AZ78: 11 | BA78: =AY78 -> 1 | BB78: =AX78&"_"&BA78 -> 35_1 | BC78: 16.24 | BE78: 35 | BF78: 1 | BG78: 11 | BH78: =BF78 -> 1 | BI78: =BE78&"_"&BH78 -> 35_1 | BJ78: 16.89 | BL78: 35 | BM78: 1 | BN78: 11 | BO78: 1 | BP78: 35_1 | BQ78: 17.48 | BS78: 35 | BT78: 1 | BU78: 11 | BV78: =BT78 -> 1 | BW78: =BS78&"_"&BV78 -> 35_1 | BX78: =INDEX($BC$17:$BC$237,MATCH(BW78,$BB$17:$BB$237,0)) -> 16.24 | BY78: =INDEX($BJ$17:$BJ$237,MATCH(BW78,$BI$17:$BI$237,0)) -> 16.89 | BZ78: =INDEX($BQ$17:$BQ$237,MATCH(BW78,$BP$17:$BP$237,0)) -> 17.48 | CA78: =IFERROR($D$6*BX78+$D$7*BY78+$D$8*BZ78,"vervalt") -> 16.565
A79: 35 | B79: 1 | C79: 11 | D79: =B79 -> 1 | E79: =A79&"_"&D79 -> 35_1 | F79: 12.78 | H79: 35 | I79: 2 | J79: 12 | K79: =I79 -> 2 | L79: =H79&"_"&K79 -> 35_2 | M79: 13.63 | O79: 35 | P79: 2 | Q79: 12 | R79: =P79 -> 2 | S79: =O79&"_"&R79 -> 35_2 | T79: 14.04 | V79: 35 | W79: 2 | X79: 12 | Y79: =W79 -> 2 | Z79: =V79&"_"&Y79 -> 35_2 | AA79: 14.5 | AC79: 35 | AD79: 2 | AE79: 12 | AF79: =AD79 -> 2 | AG79: =AC79&"_"&AF79 -> 35_2 | AH79: 14.93 | AJ79: 35 | AK79: 2 | AL79: 12 | AM79: =AK79 -> 2 | AN79: =AJ79&"_"&AM79 -> 35_2 | AO79: 15.73 | AQ79: 35 | AR79: 2 | AS79: 12 | AT79: =AR79 -> 2 | AU79: =AQ79&"_"&AT79 -> 35_2 | AV79: 16.21 | AX79: 35 | AY79: 2 | AZ79: 12 | BA79: =AY79 -> 2 | BB79: =AX79&"_"&BA79 -> 35_2 | BC79: 16.69 | BE79: 35 | BF79: 2 | BG79: 12 | BH79: =BF79 -> 2 | BI79: =BE79&"_"&BH79 -> 35_2 | BJ79: 17.36 | BL79: 35 | BM79: 2 | BN79: 12 | BO79: 2 | BP79: 35_2 | BQ79: 17.96 | BS79: 35 | BT79: 2 | BU79: 12 | BV79: =BT79 -> 2 | BW79: =BS79&"_"&BV79 -> 35_2 | BX79: =INDEX($BC$17:$BC$237,MATCH(BW79,$BB$17:$BB$237,0)) -> 16.69 | BY79: =INDEX($BJ$17:$BJ$237,MATCH(BW79,$BI$17:$BI$237,0)) -> 17.36 | BZ79: =INDEX($BQ$17:$BQ$237,MATCH(BW79,$BP$17:$BP$237,0)) -> 17.96 | CA79: =IFERROR($D$6*BX79+$D$7*BY79+$D$8*BZ79,"vervalt") -> 17.025
A80: 35 | B80: 2 | C80: 12 | D80: =B80 -> 2 | E80: =A80&"_"&D80 -> 35_2 | F80: 13.17 | H80: 35 | I80: 3 | J80: 13 | K80: =I80 -> 3 | L80: =H80&"_"&K80 -> 35_3 | M80: 14.09 | O80: 35 | P80: 3 | Q80: 13 | R80: =P80 -> 3 | S80: =O80&"_"&R80 -> 35_3 | T80: 14.52 | V80: 35 | W80: 3 | X80: 13 | Y80: =W80 -> 3 | Z80: =V80&"_"&Y80 -> 35_3 | AA80: 14.99 | AC80: 35 | AD80: 3 | AE80: 13 | AF80: =AD80 -> 3 | AG80: =AC80&"_"&AF80 -> 35_3 | AH80: 15.44 | AJ80: 35 | AK80: 3 | AL80: 13 | AM80: =AK80 -> 3 | AN80: =AJ80&"_"&AM80 -> 35_3 | AO80: 16.24 | AQ80: 35 | AR80: 3 | AS80: 13 | AT80: =AR80 -> 3 | AU80: =AQ80&"_"&AT80 -> 35_3 | AV80: 16.72 | AX80: 35 | AY80: 3 | AZ80: 13 | BA80: =AY80 -> 3 | BB80: =AX80&"_"&BA80 -> 35_3 | BC80: 17.2 | BE80: 35 | BF80: 3 | BG80: 13 | BH80: =BF80 -> 3 | BI80: =BE80&"_"&BH80 -> 35_3 | BJ80: 17.88 | BL80: 35 | BM80: 3 | BN80: 13 | BO80: 3 | BP80: 35_3 | BQ80: 18.51 | BS80: 35 | BT80: 3 | BU80: 13 | BV80: =BT80 -> 3 | BW80: =BS80&"_"&BV80 -> 35_3 | BX80: =INDEX($BC$17:$BC$237,MATCH(BW80,$BB$17:$BB$237,0)) -> 17.2 | BY80: =INDEX($BJ$17:$BJ$237,MATCH(BW80,$BI$17:$BI$237,0)) -> 17.88 | BZ80: =INDEX($BQ$17:$BQ$237,MATCH(BW80,$BP$17:$BP$237,0)) -> 18.51 | CA80: =IFERROR($D$6*BX80+$D$7*BY80+$D$8*BZ80,"vervalt") -> 17.54
A81: 35 | B81: 3 | C81: 13 | D81: =B81 -> 3 | E81: =A81&"_"&D81 -> 35_3 | F81: 13.62 | H81: 35 | I81: 4 | J81: 14 | K81: =I81 -> 4 | L81: =H81&"_"&K81 -> 35_4 | M81: 14.56 | O81: 35 | P81: 4 | Q81: 14 | R81: =P81 -> 4 | S81: =O81&"_"&R81 -> 35_4 | T81: 14.99 | V81: 35 | W81: 4 | X81: 14 | Y81: =W81 -> 4 | Z81: =V81&"_"&Y81 -> 35_4 | AA81: 15.48 | AC81: 35 | AD81: 4 | AE81: 14 | AF81: =AD81 -> 4 | AG81: =AC81&"_"&AF81 -> 35_4 | AH81: 15.94 | AJ81: 35 | AK81: 4 | AL81: 14 | AM81: =AK81 -> 4 | AN81: =AJ81&"_"&AM81 -> 35_4 | AO81: 16.74 | AQ81: 35 | AR81: 4 | AS81: 14 | AT81: =AR81 -> 4 | AU81: =AQ81&"_"&AT81 -> 35_4 | AV81: 17.22 | AX81: 35 | AY81: 4 | AZ81: 14 | BA81: =AY81 -> 4 | BB81: =AX81&"_"&BA81 -> 35_4 | BC81: 17.7 | BE81: 35 | BF81: 4 | BG81: 14 | BH81: =BF81 -> 4 | BI81: =BE81&"_"&BH81 -> 35_4 | BJ81: 18.41 | BL81: 35 | BM81: 4 | BN81: 14 | BO81: 4 | BP81: 35_4 | BQ81: 19.05 | BS81: 35 | BT81: 4 | BU81: 14 | BV81: =BT81 -> 4 | BW81: =BS81&"_"&BV81 -> 35_4 | BX81: =INDEX($BC$17:$BC$237,MATCH(BW81,$BB$17:$BB$237,0)) -> 17.7 | BY81: =INDEX($BJ$17:$BJ$237,MATCH(BW81,$BI$17:$BI$237,0)) -> 18.41 | BZ81: =INDEX($BQ$17:$BQ$237,MATCH(BW81,$BP$17:$BP$237,0)) -> 19.05 | CA81: =IFERROR($D$6*BX81+$D$7*BY81+$D$8*BZ81,"vervalt") -> 18.055
A82: 35 | B82: 4 | C82: 14 | D82: =B82 -> 4 | E82: =A82&"_"&D82 -> 35_4 | F82: 14.06 | H82: 35 | I82: 5 | J82: 15 | K82: =I82 -> 5 | L82: =H82&"_"&K82 -> 35_5 | M82: 14.98 | O82: 35 | P82: 5 | Q82: 15 | R82: =P82 -> 5 | S82: =O82&"_"&R82 -> 35_5 | T82: 15.43 | V82: 35 | W82: 5 | X82: 15 | Y82: =W82 -> 5 | Z82: =V82&"_"&Y82 -> 35_5 | AA82: 15.93 | AC82: 35 | AD82: 5 | AE82: 15 | AF82: =AD82 -> 5 | AG82: =AC82&"_"&AF82 -> 35_5 | AH82: 16.41 | AJ82: 35 | AK82: 5 | AL82: 15 | AM82: =AK82 -> 5 | AN82: =AJ82&"_"&AM82 -> 35_5 | AO82: 17.23 | AQ82: 35 | AR82: 5 | AS82: 15 | AT82: =AR82 -> 5 | AU82: =AQ82&"_"&AT82 -> 35_5 | AV82: 17.71 | AX82: 35 | AY82: 5 | AZ82: 15 | BA82: =AY82 -> 5 | BB82: =AX82&"_"&BA82 -> 35_5 | BC82: 18.19 | BE82: 35 | BF82: 5 | BG82: 15 | BH82: =BF82 -> 5 | BI82: =BE82&"_"&BH82 -> 35_5 | BJ82: 18.92 | BL82: 35 | BM82: 5 | BN82: 15 | BO82: 5 | BP82: 35_5 | BQ82: 19.58 | BS82: 35 | BT82: 5 | BU82: 15 | BV82: =BT82 -> 5 | BW82: =BS82&"_"&BV82 -> 35_5 | BX82: =INDEX($BC$17:$BC$237,MATCH(BW82,$BB$17:$BB$237,0)) -> 18.19 | BY82: =INDEX($BJ$17:$BJ$237,MATCH(BW82,$BI$17:$BI$237,0)) -> 18.92 | BZ82: =INDEX($BQ$17:$BQ$237,MATCH(BW82,$BP$17:$BP$237,0)) -> 19.58 | CA82: =IFERROR($D$6*BX82+$D$7*BY82+$D$8*BZ82,"vervalt") -> 18.555
A83: 35 | B83: 5 | C83: 15 | D83: =B83 -> 5 | E83: =A83&"_"&D83 -> 35_5 | F83: 14.48 | H83: 35 | I83: 6 | J83: 16 | K83: =I83 -> 6 | L83: =H83&"_"&K83 -> 35_6 | M83: 15.46 | O83: 35 | P83: 6 | Q83: 16 | R83: =P83 -> 6 | S83: =O83&"_"&R83 -> 35_6 | T83: 15.93 | V83: 35 | W83: 6 | X83: 16 | Y83: =W83 -> 6 | Z83: =V83&"_"&Y83 -> 35_6 | AA83: 16.44 | AC83: 35 | AD83: 6 | AE83: 16 | AF83: =AD83 -> 6 | AG83: =AC83&"_"&AF83 -> 35_6 | AH83: 16.94 | AJ83: 35 | AK83: 6 | AL83: 16 | AM83: =AK83 -> 6 | AN83: =AJ83&"_"&AM83 -> 35_6 | AO83: 17.78 | AQ83: 35 | AR83: 6 | AS83: 16 | AT83: =AR83 -> 6 | AU83: =AQ83&"_"&AT83 -> 35_6 | AV83: 18.26 | AX83: 35 | AY83: 6 | AZ83: 16 | BA83: =AY83 -> 6 | BB83: =AX83&"_"&BA83 -> 35_6 | BC83: 18.74 | BE83: 35 | BF83: 6 | BG83: 16 | BH83: =BF83 -> 6 | BI83: =BE83&"_"&BH83 -> 35_6 | BJ83: 19.49 | BL83: 35 | BM83: 6 | BN83: 16 | BO83: 6 | BP83: 35_6 | BQ83: 20.17 | BS83: 35 | BT83: 6 | BU83: 16 | BV83: =BT83 -> 6 | BW83: =BS83&"_"&BV83 -> 35_6 | BX83: =INDEX($BC$17:$BC$237,MATCH(BW83,$BB$17:$BB$237,0)) -> 18.74 | BY83: =INDEX($BJ$17:$BJ$237,MATCH(BW83,$BI$17:$BI$237,0)) -> 19.49 | BZ83: =INDEX($BQ$17:$BQ$237,MATCH(BW83,$BP$17:$BP$237,0)) -> 20.17 | CA83: =IFERROR($D$6*BX83+$D$7*BY83+$D$8*BZ83,"vervalt") -> 19.115
A84: 35 | B84: 6 | C84: 16 | D84: =B84 -> 6 | E84: =A84&"_"&D84 -> 35_6 | F84: 14.94 | H84: 35 | I84: 7 | J84: 17 | K84: =I84 -> 7 | L84: =H84&"_"&K84 -> 35_7 | M84: 15.85 | O84: 35 | P84: 7 | Q84: 17 | R84: =P84 -> 7 | S84: =O84&"_"&R84 -> 35_7 | T84: 16.33 | V84: 35 | W84: 7 | X84: 17 | Y84: =W84 -> 7 | Z84: =V84&"_"&Y84 -> 35_7 | AA84: 16.86 | AC84: 35 | AD84: 7 | AE84: 17 | AF84: =AD84 -> 7 | AG84: =AC84&"_"&AF84 -> 35_7 | AH84: 17.37 | AJ84: 35 | AK84: 7 | AL84: 17 | AM84: =AK84 -> 7 | AN84: =AJ84&"_"&AM84 -> 35_7 | AO84: 18.24 | AQ84: 35 | AR84: 7 | AS84: 17 | AT84: =AR84 -> 7 | AU84: =AQ84&"_"&AT84 -> 35_7 | AV84: 18.71 | AX84: 35 | AY84: 7 | AZ84: 17 | BA84: =AY84 -> 7 | BB84: =AX84&"_"&BA84 -> 35_7 | BC84: 19.19 | BE84: 35 | BF84: 7 | BG84: 17 | BH84: =BF84 -> 7 | BI84: =BE84&"_"&BH84 -> 35_7 | BJ84: 19.96 | BL84: 35 | BM84: 7 | BN84: 17 | BO84: 7 | BP84: 35_7 | BQ84: 20.66 | BS84: 35 | BT84: 7 | BU84: 17 | BV84: =BT84 -> 7 | BW84: =BS84&"_"&BV84 -> 35_7 | BX84: =INDEX($BC$17:$BC$237,MATCH(BW84,$BB$17:$BB$237,0)) -> 19.19 | BY84: =INDEX($BJ$17:$BJ$237,MATCH(BW84,$BI$17:$BI$237,0)) -> 19.96 | BZ84: =INDEX($BQ$17:$BQ$237,MATCH(BW84,$BP$17:$BP$237,0)) -> 20.66 | CA84: =IFERROR($D$6*BX84+$D$7*BY84+$D$8*BZ84,"vervalt") -> 19.575
A85: 35 | B85: 7 | C85: 17 | D85: =B85 -> 7 | E85: =A85&"_"&D85 -> 35_7 | F85: 15.32 | H85: 35 | I85: 8 | J85: 18 | K85: =I85 -> 8 | L85: =H85&"_"&K85 -> 35_8 | M85: 16.33 | O85: 35 | P85: 8 | Q85: 18 | R85: =P85 -> 8 | S85: =O85&"_"&R85 -> 35_8 | T85: 16.82 | V85: 35 | W85: 8 | X85: 18 | Y85: =W85 -> 8 | Z85: =V85&"_"&Y85 -> 35_8 | AA85: 17.36 | AC85: 35 | AD85: 8 | AE85: 18 | AF85: =AD85 -> 8 | AG85: =AC85&"_"&AF85 -> 35_8 | AH85: 17.88 | AJ85: 35 | AK85: 8 | AL85: 18 | AM85: =AK85 -> 8 | AN85: =AJ85&"_"&AM85 -> 35_8 | AO85: 18.78 | AQ85: 35 | AR85: 8 | AS85: 18 | AT85: =AR85 -> 8 | AU85: =AQ85&"_"&AT85 -> 35_8 | AV85: 19.26 | AX85: 35 | AY85: 8 | AZ85: 18 | BA85: =AY85 -> 8 | BB85: =AX85&"_"&BA85 -> 35_8 | BC85: 19.74 | BE85: 35 | BF85: 8 | BG85: 18 | BH85: =BF85 -> 8 | BI85: =BE85&"_"&BH85 -> 35_8 | BJ85: 20.53 | BL85: 35 | BM85: 8 | BN85: 18 | BO85: 8 | BP85: 35_8 | BQ85: 21.25 | BS85: 35 | BT85: 8 | BU85: 18 | BV85: =BT85 -> 8 | BW85: =BS85&"_"&BV85 -> 35_8 | BX85: =INDEX($BC$17:$BC$237,MATCH(BW85,$BB$17:$BB$237,0)) -> 19.74 | BY85: =INDEX($BJ$17:$BJ$237,MATCH(BW85,$BI$17:$BI$237,0)) -> 20.53 | BZ85: =INDEX($BQ$17:$BQ$237,MATCH(BW85,$BP$17:$BP$237,0)) -> 21.25 | CA85: =IFERROR($D$6*BX85+$D$7*BY85+$D$8*BZ85,"vervalt") -> 20.135
A86: 35 | B86: 8 | C86: 18 | D86: =B86 -> 8 | E86: =A86&"_"&D86 -> 35_8 | F86: 15.77 | H86: 35 | I86: 9 | J86: 19 | K86: =I86 -> 9 | L86: =H86&"_"&K86 -> 35_9 | M86: 16.75 | O86: 35 | P86: 9 | Q86: 19 | R86: =P86 -> 9 | S86: =O86&"_"&R86 -> 35_9 | T86: 17.26 | V86: 35 | W86: 9 | X86: 19 | Y86: =W86 -> 9 | Z86: =V86&"_"&Y86 -> 35_9 | AA86: 17.82 | AC86: 35 | AD86: 9 | AE86: 19 | AF86: =AD86 -> 9 | AG86: =AC86&"_"&AF86 -> 35_9 | AH86: 18.35 | AJ86: 35 | AK86: 9 | AL86: 19 | AM86: =AK86 -> 9 | AN86: =AJ86&"_"&AM86 -> 35_9 | AO86: 19.27 | AQ86: 35 | AR86: 9 | AS86: 19 | AT86: =AR86 -> 9 | AU86: =AQ86&"_"&AT86 -> 35_9 | AV86: 19.75 | AX86: 35 | AY86: 9 | AZ86: 19 | BA86: =AY86 -> 9 | BB86: =AX86&"_"&BA86 -> 35_9 | BC86: 20.24 | BE86: 35 | BF86: 9 | BG86: 19 | BH86: =BF86 -> 9 | BI86: =BE86&"_"&BH86 -> 35_9 | BJ86: 21.05 | BL86: 35 | BM86: 9 | BN86: 19 | BO86: 9 | BP86: 35_9 | BQ86: 21.79 | BS86: 35 | BT86: 9 | BU86: 19 | BV86: =BT86 -> 9 | BW86: =BS86&"_"&BV86 -> 35_9 | BX86: =INDEX($BC$17:$BC$237,MATCH(BW86,$BB$17:$BB$237,0)) -> 20.24 | BY86: =INDEX($BJ$17:$BJ$237,MATCH(BW86,$BI$17:$BI$237,0)) -> 21.05 | BZ86: =INDEX($BQ$17:$BQ$237,MATCH(BW86,$BP$17:$BP$237,0)) -> 21.79 | CA86: =IFERROR($D$6*BX86+$D$7*BY86+$D$8*BZ86,"vervalt") -> 20.645
A87: 35 | B87: 9 | C87: 19 | D87: =B87 -> 9 | E87: =A87&"_"&D87 -> 35_9 | F87: 16.19 | H87: 35 | I87: 10 | J87: 20 | K87: =I87 -> 10 | L87: =H87&"_"&K87 -> 35_10 | M87: 17.21 | O87: 35 | P87: 10 | Q87: 20 | R87: =P87 -> 10 | S87: =O87&"_"&R87 -> 35_10 | T87: 17.72 | V87: 35 | W87: 10 | X87: 20 | Y87: =W87 -> 10 | Z87: =V87&"_"&Y87 -> 35_10 | AA87: 18.3 | AC87: 35 | AD87: 10 | AE87: 20 | AF87: =AD87 -> 10 | AG87: =AC87&"_"&AF87 -> 35_10 | AH87: 18.85 | AJ87: 35 | AK87: 10 | AL87: 20 | AM87: =AK87 -> 10 | AN87: =AJ87&"_"&AM87 -> 35_10 | AO87: 19.79 | AQ87: 35 | AR87: 10 | AS87: 20 | AT87: =AR87 -> 10 | AU87: =AQ87&"_"&AT87 -> 35_10 | AV87: 20.28 | AX87: 35 | AY87: 10 | AZ87: 20 | BA87: =AY87 -> 10 | BB87: =AX87&"_"&BA87 -> 35_10 | BC87: 20.79 | BE87: 35 | BF87: 10 | BG87: 20 | BH87: =BF87 -> 10 | BI87: =BE87&"_"&BH87 -> 35_10 | BJ87: 21.62 | BL87: 35 | BM87: 10 | BN87: 20 | BO87: 10 | BP87: 35_10 | BQ87: 22.38 | BS87: 35 | BT87: 10 | BU87: 20 | BV87: =BT87 -> 10 | BW87: =BS87&"_"&BV87 -> 35_10 | BX87: =INDEX($BC$17:$BC$237,MATCH(BW87,$BB$17:$BB$237,0)) -> 20.79 | BY87: =INDEX($BJ$17:$BJ$237,MATCH(BW87,$BI$17:$BI$237,0)) -> 21.62 | BZ87: =INDEX($BQ$17:$BQ$237,MATCH(BW87,$BP$17:$BP$237,0)) -> 22.38 | CA87: =IFERROR($D$6*BX87+$D$7*BY87+$D$8*BZ87,"vervalt") -> 21.205
A88: 35 | B88: 10 | C88: 20 | D88: =B88 -> 10 | E88: =A88&"_"&D88 -> 35_10 | F88: 16.62 | H88: 35 | I88: 11 | J88: 21 | K88: =I88 -> 11 | L88: =H88&"_"&K88 -> 35_11 | M88: 17.65 | O88: 35 | P88: 11 | Q88: 21 | R88: =P88 -> 11 | S88: =O88&"_"&R88 -> 35_11 | T88: 18.18 | V88: 35 | W88: 11 | X88: 21 | Y88: =W88 -> 11 | Z88: =V88&"_"&Y88 -> 35_11 | AA88: 18.77 | AC88: 35 | AD88: 11 | AE88: 21 | AF88: =AD88 -> 11 | AG88: =AC88&"_"&AF88 -> 35_11 | AH88: 19.33 | AJ88: 35 | AK88: 11 | AL88: 21 | AM88: =AK88 -> 11 | AN88: =AJ88&"_"&AM88 -> 35_11 | AO88: 20.3 | AQ88: 35 | AR88: 11 | AS88: 21 | AT88: =AR88 -> 11 | AU88: =AQ88&"_"&AT88 -> 35_11 | AV88: 20.81 | AX88: 35 | AY88: 11 | AZ88: 21 | BA88: =AY88 -> 11 | BB88: =AX88&"_"&BA88 -> 35_11 | BC88: 21.33 | BE88: 35 | BF88: 11 | BG88: 21 | BH88: =BF88 -> 11 | BI88: =BE88&"_"&BH88 -> 35_11 | BJ88: 22.18 | BL88: 35 | BM88: 11 | BN88: 21 | BO88: 11 | BP88: 35_11 | BQ88: 22.96 | BS88: 35 | BT88: 11 | BU88: 21 | BV88: =BT88 -> 11 | BW88: =BS88&"_"&BV88 -> 35_11 | BX88: =INDEX($BC$17:$BC$237,MATCH(BW88,$BB$17:$BB$237,0)) -> 21.33 | BY88: =INDEX($BJ$17:$BJ$237,MATCH(BW88,$BI$17:$BI$237,0)) -> 22.18 | BZ88: =INDEX($BQ$17:$BQ$237,MATCH(BW88,$BP$17:$BP$237,0)) -> 22.96 | CA88: =IFERROR($D$6*BX88+$D$7*BY88+$D$8*BZ88,"vervalt") -> 21.755
A89: 35 | B89: 11 | C89: 21 | D89: =B89 -> 11 | E89: =A89&"_"&D89 -> 35_11 | F89: 17.05 | H89: 40 | I89: Aanloopperiodiek_0 | J89: 10 | K89: =I89 -> Aanloopperiodiek_0 | L89: =H89&"_"&K89 -> 40_Aanloopperiodiek_0 | M89: 12.83 | O89: 40 | P89: Aanloopperiodiek_0 | Q89: 10 | R89: =P89 -> Aanloopperiodiek_0 | S89: =O89&"_"&R89 -> 40_Aanloopperiodiek_0 | T89: 13.22 | V89: 40 | W89: Aanloopperiodiek_0 | X89: 10 | Y89: =W89 -> Aanloopperiodiek_0 | Z89: =V89&"_"&Y89 -> 40_Aanloopperiodiek_0 | AA89: vervalt | AC89: 40 | AD89: Aanloopperiodiek_0 | AE89: 10 | AF89: =AD89 -> Aanloopperiodiek_0 | AG89: =AC89&"_"&AF89 -> 40_Aanloopperiodiek_0 | AH89: vervalt | AJ89: 40 | AK89: Aanloopperiodiek_0 | AL89: 10 | AM89: =AK89 -> Aanloopperiodiek_0 | AN89: =AJ89&"_"&AM89 -> 40_Aanloopperiodiek_0 | AO89: vervalt | AQ89: 40 | AR89: Aanloopperiodiek_0 | AS89: 10 | AT89: =AR89 -> Aanloopperiodiek_0 | AU89: =AQ89&"_"&AT89 -> 40_Aanloopperiodiek_0 | AV89: vervalt | AX89: 40 | AY89: Aanloopperiodiek_0 | AZ89: 10 | BA89: =AY89 -> Aanloopperiodiek_0 | BB89: =AX89&"_"&BA89 -> 40_Aanloopperiodiek_0 | BC89: vervalt | BE89: 40 | BF89: Aanloopperiodiek_0 | BG89: 10 | BH89: =BF89 -> Aanloopperiodiek_0 | BI89: =BE89&"_"&BH89 -> 40_Aanloopperiodiek_0 | BJ89: vervalt | BL89: 40 | BM89: Aanloopperiodiek_0 | BN89: 10 | BO89: Aanloopperiodiek_0 | BP89: 40_Aanloopperiodiek_0 | BQ89: vervalt | BS89: 40 | BT89: Aanloopperiodiek_0 | BU89: 10 | BV89: =BT89 -> Aanloopperiodiek_0 | BW89: =BS89&"_"&BV89 -> 40_Aanloopperiodiek_0 | BX89: =INDEX($BC$17:$BC$237,MATCH(BW89,$BB$17:$BB$237,0)) -> vervalt | BY89: =INDEX($BJ$17:$BJ$237,MATCH(BW89,$BI$17:$BI$237,0)) -> vervalt | BZ89: =INDEX($BQ$17:$BQ$237,MATCH(BW89,$BP$17:$BP$237,0)) -> vervalt | CA89: =IFERROR($D$6*BX89+$D$7*BY89+$D$8*BZ89,"vervalt") -> vervalt
A90: 40 | B90: Aanloopperiodiek_0 | C90: 10 | D90: =B90 -> Aanloopperiodiek_0 | E90: =A90&"_"&D90 -> 40_Aanloopperiodiek_0 | F90: 12.4 | H90: 40 | I90: Aanloopperiodiek_1 | J90: 11 | K90: =I90 -> Aanloopperiodiek_1 | L90: =H90&"_"&K90 -> 40_Aanloopperiodiek_1 | M90: 13.22 | O90: 40 | P90: Aanloopperiodiek_1 | Q90: 11 | R90: =P90 -> Aanloopperiodiek_1 | S90: =O90&"_"&R90 -> 40_Aanloopperiodiek_1 | T90: 13.62 | V90: 40 | W90: Aanloopperiodiek_1 | X90: 11 | Y90: =W90 -> Aanloopperiodiek_1 | Z90: =V90&"_"&Y90 -> 40_Aanloopperiodiek_1 | AA90: vervalt | AC90: 40 | AD90: Aanloopperiodiek_1 | AE90: 11 | AF90: =AD90 -> Aanloopperiodiek_1 | AG90: =AC90&"_"&AF90 -> 40_Aanloopperiodiek_1 | AH90: vervalt | AJ90: 40 | AK90: Aanloopperiodiek_1 | AL90: 11 | AM90: =AK90 -> Aanloopperiodiek_1 | AN90: =AJ90&"_"&AM90 -> 40_Aanloopperiodiek_1 | AO90: vervalt | AQ90: 40 | AR90: Aanloopperiodiek_1 | AS90: 11 | AT90: =AR90 -> Aanloopperiodiek_1 | AU90: =AQ90&"_"&AT90 -> 40_Aanloopperiodiek_1 | AV90: vervalt | AX90: 40 | AY90: Aanloopperiodiek_1 | AZ90: 11 | BA90: =AY90 -> Aanloopperiodiek_1 | BB90: =AX90&"_"&BA90 -> 40_Aanloopperiodiek_1 | BC90: vervalt | BE90: 40 | BF90: Aanloopperiodiek_1 | BG90: 11 | BH90: =BF90 -> Aanloopperiodiek_1 | BI90: =BE90&"_"&BH90 -> 40_Aanloopperiodiek_1 | BJ90: vervalt | BL90: 40 | BM90: Aanloopperiodiek_1 | BN90: 11 | BO90: Aanloopperiodiek_1 | BP90: 40_Aanloopperiodiek_1 | BQ90: vervalt | BS90: 40 | BT90: Aanloopperiodiek_1 | BU90: 11 | BV90: =BT90 -> Aanloopperiodiek_1 | BW90: =BS90&"_"&BV90 -> 40_Aanloopperiodiek_1 | BX90: =INDEX($BC$17:$BC$237,MATCH(BW90,$BB$17:$BB$237,0)) -> vervalt | BY90: =INDEX($BJ$17:$BJ$237,MATCH(BW90,$BI$17:$BI$237,0)) -> vervalt | BZ90: =INDEX($BQ$17:$BQ$237,MATCH(BW90,$BP$17:$BP$237,0)) -> vervalt | CA90: =IFERROR($D$6*BX90+$D$7*BY90+$D$8*BZ90,"vervalt") -> vervalt
A91: 40 | B91: Aanloopperiodiek_1 | C91: 11 | D91: =B91 -> Aanloopperiodiek_1 | E91: =A91&"_"&D91 -> 40_Aanloopperiodiek_1 | F91: 12.78 | H91: 40 | I91: 0 | J91: 12 | K91: =I91 -> 0 | L91: =H91&"_"&K91 -> 40_0 | M91: 13.63 | O91: 40 | P91: 0 | Q91: 12 | R91: =P91 -> 0 | S91: =O91&"_"&R91 -> 40_0 | T91: 14.04 | V91: 40 | W91: zij-instroomperiodiek | X91: 12 | Y91: =W91 -> zij-instroomperiodiek | Z91: =V91&"_"&Y91 -> 40_zij-instroomperiodiek | AA91: 14.5 | AC91: 40 | AD91: zij-instroomperiodiek | AE91: 12 | AF91: =AD91 -> zij-instroomperiodiek | AG91: =AC91&"_"&AF91 -> 40_zij-instroomperiodiek | AH91: 14.93 | AJ91: 40 | AK91: zij-instroomperiodiek | AL91: 12 | AM91: =AK91 -> zij-instroomperiodiek | AN91: =AJ91&"_"&AM91 -> 40_zij-instroomperiodiek | AO91: 15.73 | AQ91: 40 | AR91: zij-instroomperiodiek | AS91: 12 | AT91: =AR91 -> zij-instroomperiodiek | AU91: =AQ91&"_"&AT91 -> 40_zij-instroomperiodiek | AV91: 16.21 | AX91: 40 | AY91: zij-instroomperiodiek | AZ91: 12 | BA91: =AY91 -> zij-instroomperiodiek | BB91: =AX91&"_"&BA91 -> 40_zij-instroomperiodiek | BC91: 16.69 | BE91: 40 | BF91: zij-instroomperiodiek | BG91: 12 | BH91: =BF91 -> zij-instroomperiodiek | BI91: =BE91&"_"&BH91 -> 40_zij-instroomperiodiek | BJ91: 17.36 | BL91: 40 | BM91: zij-instroomperiodiek | BN91: 12 | BO91: zij-instroomperiodiek | BP91: 40_zij-instroomperiodiek | BQ91: 17.96 | BS91: 40 | BT91: zij-instroomperiodiek | BU91: 12 | BV91: =BT91 -> zij-instroomperiodiek | BW91: =BS91&"_"&BV91 -> 40_zij-instroomperiodiek | BX91: =INDEX($BC$17:$BC$237,MATCH(BW91,$BB$17:$BB$237,0)) -> 16.69 | BY91: =INDEX($BJ$17:$BJ$237,MATCH(BW91,$BI$17:$BI$237,0)) -> 17.36 | BZ91: =INDEX($BQ$17:$BQ$237,MATCH(BW91,$BP$17:$BP$237,0)) -> 17.96 | CA91: =IFERROR($D$6*BX91+$D$7*BY91+$D$8*BZ91,"vervalt") -> 17.025
A92: 40 | B92: 0 | C92: 12 | D92: =B92 -> 0 | E92: =A92&"_"&D92 -> 40_0 | F92: 13.17 | H92: 40 | I92: 1 | J92: 14 | K92: =I92 -> 1 | L92: =H92&"_"&K92 -> 40_1 | M92: 14.56 | O92: 40 | P92: 1 | Q92: 14 | R92: =P92 -> 1 | S92: =O92&"_"&R92 -> 40_1 | T92: 14.99 | V92: 40 | W92: 1 | X92: 14 | Y92: =W92 -> 1 | Z92: =V92&"_"&Y92 -> 40_1 | AA92: 15.48 | AC92: 40 | AD92: 1 | AE92: 14 | AF92: =AD92 -> 1 | AG92: =AC92&"_"&AF92 -> 40_1 | AH92: 15.94 | AJ92: 40 | AK92: 1 | AL92: 14 | AM92: =AK92 -> 1 | AN92: =AJ92&"_"&AM92 -> 40_1 | AO92: 16.74 | AQ92: 40 | AR92: 1 | AS92: 14 | AT92: =AR92 -> 1 | AU92: =AQ92&"_"&AT92 -> 40_1 | AV92: 17.22 | AX92: 40 | AY92: 1 | AZ92: 14 | BA92: =AY92 -> 1 | BB92: =AX92&"_"&BA92 -> 40_1 | BC92: 17.7 | BE92: 40 | BF92: 1 | BG92: 14 | BH92: =BF92 -> 1 | BI92: =BE92&"_"&BH92 -> 40_1 | BJ92: 18.41 | BL92: 40 | BM92: 1 | BN92: 14 | BO92: 1 | BP92: 40_1 | BQ92: 19.05 | BS92: 40 | BT92: 1 | BU92: 14 | BV92: =BT92 -> 1 | BW92: =BS92&"_"&BV92 -> 40_1 | BX92: =INDEX($BC$17:$BC$237,MATCH(BW92,$BB$17:$BB$237,0)) -> 17.7 | BY92: =INDEX($BJ$17:$BJ$237,MATCH(BW92,$BI$17:$BI$237,0)) -> 18.41 | BZ92: =INDEX($BQ$17:$BQ$237,MATCH(BW92,$BP$17:$BP$237,0)) -> 19.05 | CA92: =IFERROR($D$6*BX92+$D$7*BY92+$D$8*BZ92,"vervalt") -> 18.055
A93: 40 | B93: 1 | C93: 14 | D93: =B93 -> 1 | E93: =A93&"_"&D93 -> 40_1 | F93: 14.06 | H93: 40 | I93: 2 | J93: 16 | K93: =I93 -> 2 | L93: =H93&"_"&K93 -> 40_2 | M93: 15.46 | O93: 40 | P93: 2 | Q93: 16 | R93: =P93 -> 2 | S93: =O93&"_"&R93 -> 40_2 | T93: 15.93 | V93: 40 | W93: 2 | X93: 16 | Y93: =W93 -> 2 | Z93: =V93&"_"&Y93 -> 40_2 | AA93: 16.44 | AC93: 40 | AD93: 2 | AE93: 16 | AF93: =AD93 -> 2 | AG93: =AC93&"_"&AF93 -> 40_2 | AH93: 16.94 | AJ93: 40 | AK93: 2 | AL93: 16 | AM93: =AK93 -> 2 | AN93: =AJ93&"_"&AM93 -> 40_2 | AO93: 17.78 | AQ93: 40 | AR93: 2 | AS93: 16 | AT93: =AR93 -> 2 | AU93: =AQ93&"_"&AT93 -> 40_2 | AV93: 18.26 | AX93: 40 | AY93: 2 | AZ93: 16 | BA93: =AY93 -> 2 | BB93: =AX93&"_"&BA93 -> 40_2 | BC93: 18.74 | BE93: 40 | BF93: 2 | BG93: 16 | BH93: =BF93 -> 2 | BI93: =BE93&"_"&BH93 -> 40_2 | BJ93: 19.49 | BL93: 40 | BM93: 2 | BN93: 16 | BO93: 2 | BP93: 40_2 | BQ93: 20.17 | BS93: 40 | BT93: 2 | BU93: 16 | BV93: =BT93 -> 2 | BW93: =BS93&"_"&BV93 -> 40_2 | BX93: =INDEX($BC$17:$BC$237,MATCH(BW93,$BB$17:$BB$237,0)) -> 18.74 | BY93: =INDEX($BJ$17:$BJ$237,MATCH(BW93,$BI$17:$BI$237,0)) -> 19.49 | BZ93: =INDEX($BQ$17:$BQ$237,MATCH(BW93,$BP$17:$BP$237,0)) -> 20.17 | CA93: =IFERROR($D$6*BX93+$D$7*BY93+$D$8*BZ93,"vervalt") -> 19.115
A94: 40 | B94: 2 | C94: 16 | D94: =B94 -> 2 | E94: =A94&"_"&D94 -> 40_2 | F94: 14.94 | H94: 40 | I94: 3 | J94: 17 | K94: =I94 -> 3 | L94: =H94&"_"&K94 -> 40_3 | M94: 15.85 | O94: 40 | P94: 3 | Q94: 17 | R94: =P94 -> 3 | S94: =O94&"_"&R94 -> 40_3 | T94: 16.33 | V94: 40 | W94: 3 | X94: 17 | Y94: =W94 -> 3 | Z94: =V94&"_"&Y94 -> 40_3 | AA94: 16.86 | AC94: 40 | AD94: 3 | AE94: 17 | AF94: =AD94 -> 3 | AG94: =AC94&"_"&AF94 -> 40_3 | AH94: 17.37 | AJ94: 40 | AK94: 3 | AL94: 17 | AM94: =AK94 -> 3 | AN94: =AJ94&"_"&AM94 -> 40_3 | AO94: 18.24 | AQ94: 40 | AR94: 3 | AS94: 17 | AT94: =AR94 -> 3 | AU94: =AQ94&"_"&AT94 -> 40_3 | AV94: 18.71 | AX94: 40 | AY94: 3 | AZ94: 17 | BA94: =AY94 -> 3 | BB94: =AX94&"_"&BA94 -> 40_3 | BC94: 19.19 | BE94: 40 | BF94: 3 | BG94: 17 | BH94: =BF94 -> 3 | BI94: =BE94&"_"&BH94 -> 40_3 | BJ94: 19.96 | BL94: 40 | BM94: 3 | BN94: 17 | BO94: 3 | BP94: 40_3 | BQ94: 20.66 | BS94: 40 | BT94: 3 | BU94: 17 | BV94: =BT94 -> 3 | BW94: =BS94&"_"&BV94 -> 40_3 | BX94: =INDEX($BC$17:$BC$237,MATCH(BW94,$BB$17:$BB$237,0)) -> 19.19 | BY94: =INDEX($BJ$17:$BJ$237,MATCH(BW94,$BI$17:$BI$237,0)) -> 19.96 | BZ94: =INDEX($BQ$17:$BQ$237,MATCH(BW94,$BP$17:$BP$237,0)) -> 20.66 | CA94: =IFERROR($D$6*BX94+$D$7*BY94+$D$8*BZ94,"vervalt") -> 19.575
A95: 40 | B95: 3 | C95: 17 | D95: =B95 -> 3 | E95: =A95&"_"&D95 -> 40_3 | F95: 15.32 | H95: 40 | I95: 4 | J95: 18 | K95: =I95 -> 4 | L95: =H95&"_"&K95 -> 40_4 | M95: 16.33 | O95: 40 | P95: 4 | Q95: 18 | R95: =P95 -> 4 | S95: =O95&"_"&R95 -> 40_4 | T95: 16.82 | V95: 40 | W95: 4 | X95: 18 | Y95: =W95 -> 4 | Z95: =V95&"_"&Y95 -> 40_4 | AA95: 17.36 | AC95: 40 | AD95: 4 | AE95: 18 | AF95: =AD95 -> 4 | AG95: =AC95&"_"&AF95 -> 40_4 | AH95: 17.88 | AJ95: 40 | AK95: 4 | AL95: 18 | AM95: =AK95 -> 4 | AN95: =AJ95&"_"&AM95 -> 40_4 | AO95: 18.78 | AQ95: 40 | AR95: 4 | AS95: 18 | AT95: =AR95 -> 4 | AU95: =AQ95&"_"&AT95 -> 40_4 | AV95: 19.26 | AX95: 40 | AY95: 4 | AZ95: 18 | BA95: =AY95 -> 4 | BB95: =AX95&"_"&BA95 -> 40_4 | BC95: 19.74 | BE95: 40 | BF95: 4 | BG95: 18 | BH95: =BF95 -> 4 | BI95: =BE95&"_"&BH95 -> 40_4 | BJ95: 20.53 | BL95: 40 | BM95: 4 | BN95: 18 | BO95: 4 | BP95: 40_4 | BQ95: 21.25 | BS95: 40 | BT95: 4 | BU95: 18 | BV95: =BT95 -> 4 | BW95: =BS95&"_"&BV95 -> 40_4 | BX95: =INDEX($BC$17:$BC$237,MATCH(BW95,$BB$17:$BB$237,0)) -> 19.74 | BY95: =INDEX($BJ$17:$BJ$237,MATCH(BW95,$BI$17:$BI$237,0)) -> 20.53 | BZ95: =INDEX($BQ$17:$BQ$237,MATCH(BW95,$BP$17:$BP$237,0)) -> 21.25 | CA95: =IFERROR($D$6*BX95+$D$7*BY95+$D$8*BZ95,"vervalt") -> 20.135
A96: 40 | B96: 4 | C96: 18 | D96: =B96 -> 4 | E96: =A96&"_"&D96 -> 40_4 | F96: 15.77 | H96: 40 | I96: 5 | J96: 19 | K96: =I96 -> 5 | L96: =H96&"_"&K96 -> 40_5 | M96: 16.75 | O96: 40 | P96: 5 | Q96: 19 | R96: =P96 -> 5 | S96: =O96&"_"&R96 -> 40_5 | T96: 17.26 | V96: 40 | W96: 5 | X96: 19 | Y96: =W96 -> 5 | Z96: =V96&"_"&Y96 -> 40_5 | AA96: 17.82 | AC96: 40 | AD96: 5 | AE96: 19 | AF96: =AD96 -> 5 | AG96: =AC96&"_"&AF96 -> 40_5 | AH96: 18.35 | AJ96: 40 | AK96: 5 | AL96: 19 | AM96: =AK96 -> 5 | AN96: =AJ96&"_"&AM96 -> 40_5 | AO96: 19.27 | AQ96: 40 | AR96: 5 | AS96: 19 | AT96: =AR96 -> 5 | AU96: =AQ96&"_"&AT96 -> 40_5 | AV96: 19.75 | AX96: 40 | AY96: 5 | AZ96: 19 | BA96: =AY96 -> 5 | BB96: =AX96&"_"&BA96 -> 40_5 | BC96: 20.24 | BE96: 40 | BF96: 5 | BG96: 19 | BH96: =BF96 -> 5 | BI96: =BE96&"_"&BH96 -> 40_5 | BJ96: 21.05 | BL96: 40 | BM96: 5 | BN96: 19 | BO96: 5 | BP96: 40_5 | BQ96: 21.79 | BS96: 40 | BT96: 5 | BU96: 19 | BV96: =BT96 -> 5 | BW96: =BS96&"_"&BV96 -> 40_5 | BX96: =INDEX($BC$17:$BC$237,MATCH(BW96,$BB$17:$BB$237,0)) -> 20.24 | BY96: =INDEX($BJ$17:$BJ$237,MATCH(BW96,$BI$17:$BI$237,0)) -> 21.05 | BZ96: =INDEX($BQ$17:$BQ$237,MATCH(BW96,$BP$17:$BP$237,0)) -> 21.79 | CA96: =IFERROR($D$6*BX96+$D$7*BY96+$D$8*BZ96,"vervalt") -> 20.645
A97: 40 | B97: 5 | C97: 19 | D97: =B97 -> 5 | E97: =A97&"_"&D97 -> 40_5 | F97: 16.19 | H97: 40 | I97: 6 | J97: 20 | K97: =I97 -> 6 | L97: =H97&"_"&K97 -> 40_6 | M97: 17.21 | O97: 40 | P97: 6 | Q97: 20 | R97: =P97 -> 6 | S97: =O97&"_"&R97 -> 40_6 | T97: 17.72 | V97: 40 | W97: 6 | X97: 20 | Y97: =W97 -> 6 | Z97: =V97&"_"&Y97 -> 40_6 | AA97: 18.3 | AC97: 40 | AD97: 6 | AE97: 20 | AF97: =AD97 -> 6 | AG97: =AC97&"_"&AF97 -> 40_6 | AH97: 18.85 | AJ97: 40 | AK97: 6 | AL97: 20 | AM97: =AK97 -> 6 | AN97: =AJ97&"_"&AM97 -> 40_6 | AO97: 19.79 | AQ97: 40 | AR97: 6 | AS97: 20 | AT97: =AR97 -> 6 | AU97: =AQ97&"_"&AT97 -> 40_6 | AV97: 20.28 | AX97: 40 | AY97: 6 | AZ97: 20 | BA97: =AY97 -> 6 | BB97: =AX97&"_"&BA97 -> 40_6 | BC97: 20.79 | BE97: 40 | BF97: 6 | BG97: 20 | BH97: =BF97 -> 6 | BI97: =BE97&"_"&BH97 -> 40_6 | BJ97: 21.62 | BL97: 40 | BM97: 6 | BN97: 20 | BO97: 6 | BP97: 40_6 | BQ97: 22.38 | BS97: 40 | BT97: 6 | BU97: 20 | BV97: =BT97 -> 6 | BW97: =BS97&"_"&BV97 -> 40_6 | BX97: =INDEX($BC$17:$BC$237,MATCH(BW97,$BB$17:$BB$237,0)) -> 20.79 | BY97: =INDEX($BJ$17:$BJ$237,MATCH(BW97,$BI$17:$BI$237,0)) -> 21.62 | BZ97: =INDEX($BQ$17:$BQ$237,MATCH(BW97,$BP$17:$BP$237,0)) -> 22.38 | CA97: =IFERROR($D$6*BX97+$D$7*BY97+$D$8*BZ97,"vervalt") -> 21.205
A98: 40 | B98: 6 | C98: 20 | D98: =B98 -> 6 | E98: =A98&"_"&D98 -> 40_6 | F98: 16.62 | H98: 40 | I98: 7 | J98: 21 | K98: =I98 -> 7 | L98: =H98&"_"&K98 -> 40_7 | M98: 17.65 | O98: 40 | P98: 7 | Q98: 21 | R98: =P98 -> 7 | S98: =O98&"_"&R98 -> 40_7 | T98: 18.18 | V98: 40 | W98: 7 | X98: 21 | Y98: =W98 -> 7 | Z98: =V98&"_"&Y98 -> 40_7 | AA98: 18.77 | AC98: 40 | AD98: 7 | AE98: 21 | AF98: =AD98 -> 7 | AG98: =AC98&"_"&AF98 -> 40_7 | AH98: 19.33 | AJ98: 40 | AK98: 7 | AL98: 21 | AM98: =AK98 -> 7 | AN98: =AJ98&"_"&AM98 -> 40_7 | AO98: 20.3 | AQ98: 40 | AR98: 7 | AS98: 21 | AT98: =AR98 -> 7 | AU98: =AQ98&"_"&AT98 -> 40_7 | AV98: 20.81 | AX98: 40 | AY98: 7 | AZ98: 21 | BA98: =AY98 -> 7 | BB98: =AX98&"_"&BA98 -> 40_7 | BC98: 21.33 | BE98: 40 | BF98: 7 | BG98: 21 | BH98: =BF98 -> 7 | BI98: =BE98&"_"&BH98 -> 40_7 | BJ98: 22.18 | BL98: 40 | BM98: 7 | BN98: 21 | BO98: 7 | BP98: 40_7 | BQ98: 22.96 | BS98: 40 | BT98: 7 | BU98: 21 | BV98: =BT98 -> 7 | BW98: =BS98&"_"&BV98 -> 40_7 | BX98: =INDEX($BC$17:$BC$237,MATCH(BW98,$BB$17:$BB$237,0)) -> 21.33 | BY98: =INDEX($BJ$17:$BJ$237,MATCH(BW98,$BI$17:$BI$237,0)) -> 22.18 | BZ98: =INDEX($BQ$17:$BQ$237,MATCH(BW98,$BP$17:$BP$237,0)) -> 22.96 | CA98: =IFERROR($D$6*BX98+$D$7*BY98+$D$8*BZ98,"vervalt") -> 21.755
A99: 40 | B99: 7 | C99: 21 | D99: =B99 -> 7 | E99: =A99&"_"&D99 -> 40_7 | F99: 17.05 | H99: 40 | I99: 8 | J99: 22 | K99: =I99 -> 8 | L99: =H99&"_"&K99 -> 40_8 | M99: 18.09 | O99: 40 | P99: 8 | Q99: 22 | R99: =P99 -> 8 | S99: =O99&"_"&R99 -> 40_8 | T99: 18.63 | V99: 40 | W99: 8 | X99: 22 | Y99: =W99 -> 8 | Z99: =V99&"_"&Y99 -> 40_8 | AA99: 19.23 | AC99: 40 | AD99: 8 | AE99: 22 | AF99: =AD99 -> 8 | AG99: =AC99&"_"&AF99 -> 40_8 | AH99: 19.81 | AJ99: 40 | AK99: 8 | AL99: 22 | AM99: =AK99 -> 8 | AN99: =AJ99&"_"&AM99 -> 40_8 | AO99: 20.8 | AQ99: 40 | AR99: 8 | AS99: 22 | AT99: =AR99 -> 8 | AU99: =AQ99&"_"&AT99 -> 40_8 | AV99: 21.32 | AX99: 40 | AY99: 8 | AZ99: 22 | BA99: =AY99 -> 8 | BB99: =AX99&"_"&BA99 -> 40_8 | BC99: 21.86 | BE99: 40 | BF99: 8 | BG99: 22 | BH99: =BF99 -> 8 | BI99: =BE99&"_"&BH99 -> 40_8 | BJ99: 22.73 | BL99: 40 | BM99: 8 | BN99: 22 | BO99: 8 | BP99: 40_8 | BQ99: 23.53 | BS99: 40 | BT99: 8 | BU99: 22 | BV99: =BT99 -> 8 | BW99: =BS99&"_"&BV99 -> 40_8 | BX99: =INDEX($BC$17:$BC$237,MATCH(BW99,$BB$17:$BB$237,0)) -> 21.86 | BY99: =INDEX($BJ$17:$BJ$237,MATCH(BW99,$BI$17:$BI$237,0)) -> 22.73 | BZ99: =INDEX($BQ$17:$BQ$237,MATCH(BW99,$BP$17:$BP$237,0)) -> 23.53 | CA99: =IFERROR($D$6*BX99+$D$7*BY99+$D$8*BZ99,"vervalt") -> 22.295
A100: 40 | B100: 8 | C100: 22 | D100: =B100 -> 8 | E100: =A100&"_"&D100 -> 40_8 | F100: 17.47 | H100: 40 | I100: 9 | J100: 23 | K100: =I100 -> 9 | L100: =H100&"_"&K100 -> 40_9 | M100: 18.53 | O100: 40 | P100: 9 | Q100: 23 | R100: =P100 -> 9 | S100: =O100&"_"&R100 -> 40_9 | T100: 19.09 | V100: 40 | W100: 9 | X100: 23 | Y100: =W100 -> 9 | Z100: =V100&"_"&Y100 -> 40_9 | AA100: 19.71 | AC100: 40 | AD100: 9 | AE100: 23 | AF100: =AD100 -> 9 | AG100: =AC100&"_"&AF100 -> 40_9 | AH100: 20.3 | AJ100: 40 | AK100: 9 | AL100: 23 | AM100: =AK100 -> 9 | AN100: =AJ100&"_"&AM100 -> 40_9 | AO100: 21.31 | AQ100: 40 | AR100: 9 | AS100: 23 | AT100: =AR100 -> 9 | AU100: =AQ100&"_"&AT100 -> 40_9 | AV100: 21.85 | AX100: 40 | AY100: 9 | AZ100: 23 | BA100: =AY100 -> 9 | BB100: =AX100&"_"&BA100 -> 40_9 | BC100: 22.39 | BE100: 40 | BF100: 9 | BG100: 23 | BH100: =BF100 -> 9 | BI100: =BE100&"_"&BH100 -> 40_9 | BJ100: 23.29 | BL100: 40 | BM100: 9 | BN100: 23 | BO100: 9 | BP100: 40_9 | BQ100: 24.1 | BS100: 40 | BT100: 9 | BU100: 23 | BV100: =BT100 -> 9 | BW100: =BS100&"_"&BV100 -> 40_9 | BX100: =INDEX($BC$17:$BC$237,MATCH(BW100,$BB$17:$BB$237,0)) -> 22.39 | BY100: =INDEX($BJ$17:$BJ$237,MATCH(BW100,$BI$17:$BI$237,0)) -> 23.29 | BZ100: =INDEX($BQ$17:$BQ$237,MATCH(BW100,$BP$17:$BP$237,0)) -> 24.1 | CA100: =IFERROR($D$6*BX100+$D$7*BY100+$D$8*BZ100,"vervalt") -> 22.84
A101: 40 | B101: 9 | C101: 23 | D101: =B101 -> 9 | E101: =A101&"_"&D101 -> 40_9 | F101: 17.9 | H101: 40 | I101: 10 | J101: 24 | K101: =I101 -> 10 | L101: =H101&"_"&K101 -> 40_10 | M101: 18.98 | O101: 40 | P101: 10 | Q101: 24 | R101: =P101 -> 10 | S101: =O101&"_"&R101 -> 40_10 | T101: 19.55 | V101: 40 | W101: 10 | X101: 24 | Y101: =W101 -> 10 | Z101: =V101&"_"&Y101 -> 40_10 | AA101: 20.19 | AC101: 40 | AD101: 10 | AE101: 24 | AF101: =AD101 -> 10 | AG101: =AC101&"_"&AF101 -> 40_10 | AH101: 20.8 | AJ101: 40 | AK101: 10 | AL101: 24 | AM101: =AK101 -> 10 | AN101: =AJ101&"_"&AM101 -> 40_10 | AO101: 21.83 | AQ101: 40 | AR101: 10 | AS101: 24 | AT101: =AR101 -> 10 | AU101: =AQ101&"_"&AT101 -> 40_10 | AV101: 22.38 | AX101: 40 | AY101: 10 | AZ101: 24 | BA101: =AY101 -> 10 | BB101: =AX101&"_"&BA101 -> 40_10 | BC101: 22.94 | BE101: 40 | BF101: 10 | BG101: 24 | BH101: =BF101 -> 10 | BI101: =BE101&"_"&BH101 -> 40_10 | BJ101: 23.86 | BL101: 40 | BM101: 10 | BN101: 24 | BO101: 10 | BP101: 40_10 | BQ101: 24.69 | BS101: 40 | BT101: 10 | BU101: 24 | BV101: =BT101 -> 10 | BW101: =BS101&"_"&BV101 -> 40_10 | BX101: =INDEX($BC$17:$BC$237,MATCH(BW101,$BB$17:$BB$237,0)) -> 22.94 | BY101: =INDEX($BJ$17:$BJ$237,MATCH(BW101,$BI$17:$BI$237,0)) -> 23.86 | BZ101: =INDEX($BQ$17:$BQ$237,MATCH(BW101,$BP$17:$BP$237,0)) -> 24.69 | CA101: =IFERROR($D$6*BX101+$D$7*BY101+$D$8*BZ101,"vervalt") -> 23.4
A102: 40 | B102: 10 | C102: 24 | D102: =B102 -> 10 | E102: =A102&"_"&D102 -> 40_10 | F102: 18.34 | H102: 45 | I102: Aanloopperiodiek_0 | J102: 16 | K102: =I102 -> Aanloopperiodiek_0 | L102: =H102&"_"&K102 -> 45_Aanloopperiodiek_0 | M102: 15.46 | O102: 45 | V102: 45 | W102: zij-instroomperiodiek | X102: 14 | Y102: =W102 -> zij-instroomperiodiek | Z102: =V102&"_"&Y102 -> 45_zij-instroomperiodiek | AA102: 15.48 | AC102: 45 | AD102: zij-instroomperiodiek | AE102: 14 | AF102: =AD102 -> zij-instroomperiodiek | AG102: =AC102&"_"&AF102 -> 45_zij-instroomperiodiek | AH102: 15.94 | AJ102: 45 | AK102: zij-instroomperiodiek | AL102: 14 | AM102: =AK102 -> zij-instroomperiodiek | AN102: =AJ102&"_"&AM102 -> 45_zij-instroomperiodiek | AO102: 16.74 | AQ102: 45 | AR102: zij-instroomperiodiek | AS102: 14 | AT102: =AR102 -> zij-instroomperiodiek | AU102: =AQ102&"_"&AT102 -> 45_zij-instroomperiodiek | AV102: 17.22 | AX102: 45 | AY102: zij-instroomperiodiek | AZ102: 14 | BA102: =AY102 -> zij-instroomperiodiek | BB102: =AX102&"_"&BA102 -> 45_zij-instroomperiodiek | BC102: 17.7 | BE102: 45 | BF102: zij-instroomperiodiek | BG102: 14 | BH102: =BF102 -> zij-instroomperiodiek | BI102: =BE102&"_"&BH102 -> 45_zij-instroomperiodiek | BJ102: 18.41 | BL102: 45 | BM102: zij-instroomperiodiek | BN102: 14 | BO102: zij-instroomperiodiek | BP102: 45_zij-instroomperiodiek | BQ102: 19.05 | BS102: 45 | BT102: zij-instroomperiodiek | BU102: 14 | BV102: =BT102 -> zij-instroomperiodiek | BW102: =BS102&"_"&BV102 -> 45_zij-instroomperiodiek | BX102: =INDEX($BC$17:$BC$237,MATCH(BW102,$BB$17:$BB$237,0)) -> 17.7 | BY102: =INDEX($BJ$17:$BJ$237,MATCH(BW102,$BI$17:$BI$237,0)) -> 18.41 | BZ102: =INDEX($BQ$17:$BQ$237,MATCH(BW102,$BP$17:$BP$237,0)) -> 19.05 | CA102: =IFERROR($D$6*BX102+$D$7*BY102+$D$8*BZ102,"vervalt") -> 18.055
A103: 45 | B103: Aanloopperiodiek_0 | C103: 16 | D103: =B103 -> Aanloopperiodiek_0 | E103: =A103&"_"&D103 -> 45_Aanloopperiodiek_0 | F103: 14.94 | H103: 45 | I103: Aanloopperiodiek_1 | J103: 18 | K103: =I103 -> Aanloopperiodiek_1 | L103: =H103&"_"&K103 -> 45_Aanloopperiodiek_1 | M103: 16.33 | O103: 45 | P103: Aanloopperiodiek_0 | Q103: 16 | R103: =P103 -> Aanloopperiodiek_0 | S103: =O103&"_"&R103 -> 45_Aanloopperiodiek_0 | T103: 15.93 | V103: 45 | W103: Aanloopperiodiek_0 | X103: 16 | Y103: =W103 -> Aanloopperiodiek_0 | Z103: =V103&"_"&Y103 -> 45_Aanloopperiodiek_0 | AA103: 16.44 | AC103: 45 | AD103: Aanloopperiodiek_0 | AE103: 16 | AF103: =AD103 -> Aanloopperiodiek_0 | AG103: =AC103&"_"&AF103 -> 45_Aanloopperiodiek_0 | AH103: 16.94 | AJ103: 45 | AK103: Aanloopperiodiek_0 | AL103: 16 | AM103: =AK103 -> Aanloopperiodiek_0 | AN103: =AJ103&"_"&AM103 -> 45_Aanloopperiodiek_0 | AO103: 17.78 | AQ103: 45 | AR103: Aanloopperiodiek_0 | AS103: 16 | AT103: =AR103 -> Aanloopperiodiek_0 | AU103: =AQ103&"_"&AT103 -> 45_Aanloopperiodiek_0 | AV103: 18.26 | AX103: 45 | AY103: Aanloopperiodiek_0 | AZ103: 16 | BA103: =AY103 -> Aanloopperiodiek_0 | BB103: =AX103&"_"&BA103 -> 45_Aanloopperiodiek_0 | BC103: 18.74 | BE103: 45 | BF103: Aanloopperiodiek_0 | BG103: 16 | BH103: =BF103 -> Aanloopperiodiek_0 | BI103: =BE103&"_"&BH103 -> 45_Aanloopperiodiek_0 | BJ103: 19.49 | BL103: 45 | BM103: Aanloopperiodiek_0 | BN103: 16 | BO103: Aanloopperiodiek_0 | BP103: 45_Aanloopperiodiek_0 | BQ103: 20.17 | BS103: 45 | BT103: Aanloopperiodiek_0 | BU103: 16 | BV103: =BT103 -> Aanloopperiodiek_0 | BW103: =BS103&"_"&BV103 -> 45_Aanloopperiodiek_0 | BX103: =INDEX($BC$17:$BC$237,MATCH(BW103,$BB$17:$BB$237,0)) -> 18.74 | BY103: =INDEX($BJ$17:$BJ$237,MATCH(BW103,$BI$17:$BI$237,0)) -> 19.49 | BZ103: =INDEX($BQ$17:$BQ$237,MATCH(BW103,$BP$17:$BP$237,0)) -> 20.17 | CA103: =IFERROR($D$6*BX103+$D$7*BY103+$D$8*BZ103,"vervalt") -> 19.115
A104: 45 | B104: Aanloopperiodiek_1 | C104: 18 | D104: =B104 -> Aanloopperiodiek_1 | E104: =A104&"_"&D104 -> 45_Aanloopperiodiek_1 | F104: 15.77 | H104: 45 | I104: 0 | J104: 20 | K104: =I104 -> 0 | L104: =H104&"_"&K104 -> 45_0 | M104: 17.21 | O104: 45 | P104: Aanloopperiodiek_1 | Q104: 18 | R104: =P104 -> Aanloopperiodiek_1 | S104: =O104&"_"&R104 -> 45_Aanloopperiodiek_1 | T104: 16.82 | V104: 45 | W104: Aanloopperiodiek_1 | X104: 18 | Y104: =W104 -> Aanloopperiodiek_1 | Z104: =V104&"_"&Y104 -> 45_Aanloopperiodiek_1 | AA104: 17.36 | AC104: 45 | AD104: Aanloopperiodiek_1 | AE104: 18 | AF104: =AD104 -> Aanloopperiodiek_1 | AG104: =AC104&"_"&AF104 -> 45_Aanloopperiodiek_1 | AH104: 17.88 | AJ104: 45 | AK104: Aanloopperiodiek_1 | AL104: 18 | AM104: =AK104 -> Aanloopperiodiek_1 | AN104: =AJ104&"_"&AM104 -> 45_Aanloopperiodiek_1 | AO104: 18.78 | AQ104: 45 | AR104: Aanloopperiodiek_1 | AS104: 18 | AT104: =AR104 -> Aanloopperiodiek_1 | AU104: =AQ104&"_"&AT104 -> 45_Aanloopperiodiek_1 | AV104: 19.26 | AX104: 45 | AY104: Aanloopperiodiek_1 | AZ104: 18 | BA104: =AY104 -> Aanloopperiodiek_1 | BB104: =AX104&"_"&BA104 -> 45_Aanloopperiodiek_1 | BC104: 19.74 | BE104: 45 | BF104: Aanloopperiodiek_1 | BG104: 18 | BH104: =BF104 -> Aanloopperiodiek_1 | BI104: =BE104&"_"&BH104 -> 45_Aanloopperiodiek_1 | BJ104: 20.53 | BL104: 45 | BM104: Aanloopperiodiek_1 | BN104: 18 | BO104: Aanloopperiodiek_1 | BP104: 45_Aanloopperiodiek_1 | BQ104: 21.25 | BS104: 45 | BT104: Aanloopperiodiek_1 | BU104: 18 | BV104: =BT104 -> Aanloopperiodiek_1 | BW104: =BS104&"_"&BV104 -> 45_Aanloopperiodiek_1 | BX104: =INDEX($BC$17:$BC$237,MATCH(BW104,$BB$17:$BB$237,0)) -> 19.74 | BY104: =INDEX($BJ$17:$BJ$237,MATCH(BW104,$BI$17:$BI$237,0)) -> 20.53 | BZ104: =INDEX($BQ$17:$BQ$237,MATCH(BW104,$BP$17:$BP$237,0)) -> 21.25 | CA104: =IFERROR($D$6*BX104+$D$7*BY104+$D$8*BZ104,"vervalt") -> 20.135
...

Sheet Data_overig
A1: Data overig
A4: Dropdown
A6: Dropdown | B6: Pensioen dropdown | C6: Productiviteit drop down
A7: Ja | B7: Opslag | C7: Totaalniveau
A8: Nee | B8: Berekening | C8: Opsplitsing
A10: Data
A12: Sociale lasten
A13: Sociale lasten | B13: Premiepercentage | C13: Bron
A14: WAO / WIA (IVA en WGA) | B14: =7.03%+0.5% -> 0.0753 | C14: https://www.uwv.nl/werkgevers/bedragen-en-premies/detail/ww-premie; WIA bestaat uit IVA en WGA
A15: WW | B15: 0.027 | C15: https://www.uwv.nl/werkgevers/bedragen-en-premies/detail/ww-premie; premie voor vaste krachten; voor flexibele krachten is deze 7,94%
A16: Sectorfonds | C16: Vervallen in 2020 als gevolg van WAB
A17: ZVW | B17: 0.07 | C17: https://zoek.officielebekendmakingen.nl/stcrt-2020-60019.pdf, https://www.belastingdienst.nl/wps/wcm/connect/bldcontentnl/belastingdienst/prive/werk_en_inkomen/zorgverzekeringswet/bijdrage_zorgverzekeringswet/tabel_werkgeversheffing_zvw_of_bijdrage_zvw/
A18: WHK | C18: Premie is afhankelijk van grote van werkgever obv premieplichtig loon een inschatting kan berekend worden via https://www.uwv.nl/werkgevers/eigenrisicodrager/eigenrisicodrager-wga/premiewijzer-gedifferentieerde-premie-werkhervattingskas.aspx
A19: WGA eigen risico; herverzekerd | C19: Eigenrisico dragenschrap; keuze van werkgever
A20: Algemeen | C20: https://www.belastingdienst.nl/bibliotheek/handboeken/html/boeken/HL/stappenplan-stap_5_premies_werknemersverzekeringen.html
A21: Algemeen | C21: https://www.rendement.nl/premies-werknemersverzekeringen/nieuws/nieuwe-ww-premie-wab-in-2020-294-en-794.html
A24: Pensioenpremies VVT
A25: Onderwerp | B25: EUR/% | C25: Bron
A26: Premiepercentage (werkgevers- + werknemersdeel) | B26: 0.25 | C26: https://www.pfzw.nl/werkgevers/premie-en-factuur/premiepercentages-en-franchises/premiepercentages.html
A27: AOW franchise 2022 | B27: 13343 | C27: https://www.pfzw.nl/werkgevers/premie-en-factuur/premiepercentages-en-franchises/franchises.html
A28: Deelwerkgever OP | B28: 0.5 | C28: Op basis van artikel 3.12, lid 2, cao VVT 2019-2021
A29: Premiepercentage (werkgevers- + werknemersdeel) | B29: 0.005 | C29: https://www.pfzw.nl/werkgevers/premie-en-factuur/premiepercentages-en-franchises/premiepercentages.html
A30: AP franchise 2022 | B30: 22356 | C30: https://www.pfzw.nl/werkgevers/premie-en-factuur/premiepercentages-en-franchises/franchises.html
A31: Deelwerkgever AP | B31: 0.5 | C31: Op basis van artikel 3.12, lid 2, cao VVT 2019-2021
